Workbook

Sheet Long-Term Debt Mng RR
A1: TRANSMISSION LONG-TERM RATE FORECAST - Revenue Requirement
B2: Received: | C2: n/a | K2: Return to Index
B3: Updated: | C3: n/a | E3: INSTRUCTIONS:
B4: Origination Date: | E4: Input data in thousands
A5: Source: | E5: FS fill in | G5: cells
A6: Scenario: | E6: Link to Separate Model | G6: cells
A7: Analysis By: | C7: Stephanie Adams | E7: Auto-Calculate | G7: cells
A8: QC By:
A9: Reserves for Rate Relief | C9: $40 Million in FY 2014-15/Even Distribution
A10: Capitalization Adj. | C10: -18968 | E10: Scenario Notes:
B11: AC Intertie Rev: | C11: -6853
A12: Capitalized Bond Premium | C12: 561
A13: Timeperiod - Start: | C13: 2014
A14: End: | C14: 2023
A16: SUMMARY DATA | D16: NEAR-TERM SUMMARY DATA
D17: =C13 -> 2014 | E17: =D17+1 -> 2015 | F17: =E17+1 -> 2016 | G17: =F17+1 -> 2017 | H17: =G17+1 -> 2018 | I17: =H17+1 -> 2019 | J17: =I17+1 -> 2020 | K17: =J17+1 -> 2021 | L17: =K17+1 -> 2022 | ... AH17: =AG17+1 -> 2044
A18: REPAYMENT STUDY OUTPUT
B19: NON-FEDERAL INTEREST | D19: ='Repayment Inputs'!C24-'Repayment Inputs'!C20-'Repayment Inputs'!C21 -> 0 | E19: ='Repayment Inputs'!#REF!-'Repayment Inputs'!#REF!-'Repayment Inputs'!#REF! -> #REF! | F19: ='Repayment Inputs'!#REF!-'Repayment Inputs'!#REF!-'Repayment Inputs'!#REF! -> #REF! | G19: ='Repayment Inputs'!#REF!-'Repayment Inputs'!#REF!-'Repayment Inputs'!#REF! -> #REF! | H19: ='Repayment Inputs'!D24-'Repayment Inputs'!D20-'Repayment Inputs'!D21 -> 66066.429 | I19: ='Repayment Inputs'!E24-'Repayment Inputs'!E20-'Repayment Inputs'!E21 -> 63367.246 | J19: ='Repayment Inputs'!F24-'Repayment Inputs'!F20-'Repayment Inputs'!F21 -> 57523.93 | K19: ='Repayment Inputs'!G24-'Repayment Inputs'!G20-'Repayment Inputs'!G21 -> 60208.293 | L19: ='Repayment Inputs'!H24-'Repayment Inputs'!H20-'Repayment Inputs'!H21 -> 56860.135 | M19: ='Repayment Inputs'!I24-'Repayment Inputs'!I20-'Repayment Inputs'!I21 -> 53858.711 | N19: ='Repayment Inputs'!J24-'Repayment Inputs'!J20-'Repayment Inputs'!J21 -> 50727.553 | O19: ='Repayment Inputs'!#REF!-'Repayment Inputs'!#REF!-'Repayment Inputs'!#REF! -> #REF! | P19: ='Repayment Inputs'!#REF!-'Repayment Inputs'!#REF!-'Repayment Inputs'!#REF! -> #REF! | Q19: ='Repayment Inputs'!#REF!-'Repayment Inputs'!#REF!-'Repayment Inputs'!#REF! -> #REF! | R19: ='Repayment Inputs'!#REF!-'Repayment Inputs'!#REF!-'Repayment Inputs'!#REF! -> #REF! | S19: ='Repayment Inputs'!#REF!-'Repayment Inputs'!#REF!-'Repayment Inputs'!#REF! -> #REF! | T19: ='Repayment Inputs'!#REF!-'Repayment Inputs'!#REF!-'Repayment Inputs'!#REF! -> #REF! | U19: ='Repayment Inputs'!#REF!-'Repayment Inputs'!#REF!-'Repayment Inputs'!#REF! -> #REF! | V19: ='Repayment Inputs'!#REF!-'Repayment Inputs'!#REF!-'Repayment Inputs'!#REF! -> #REF! | ... AH19: ='Repayment Inputs'!#REF!-'Repayment Inputs'!#REF!-'Repayment Inputs'!#REF! -> #REF!
B20: NON-FEDERAL PRINCIPLE | D20: ='Repayment Inputs'!C43 -> 0 | E20: ='Repayment Inputs'!#REF! -> #REF! | F20: ='Repayment Inputs'!#REF! -> #REF! | G20: ='Repayment Inputs'!#REF! -> #REF! | H20: ='Repayment Inputs'!D43 -> 96074.672 | I20: ='Repayment Inputs'!E43 -> 96373.269 | J20: ='Repayment Inputs'!F43 -> 109957.68 | K20: ='Repayment Inputs'!G43 -> 110851.4 | L20: ='Repayment Inputs'!H43 -> 111497.23 | M20: ='Repayment Inputs'!I43 -> 88994.811 | N20: ='Repayment Inputs'!J43 -> 78175.566 | O20: ='Repayment Inputs'!#REF! -> #REF! | P20: ='Repayment Inputs'!#REF! -> #REF! | Q20: ='Repayment Inputs'!#REF! -> #REF! | R20: ='Repayment Inputs'!#REF! -> #REF! | S20: ='Repayment Inputs'!#REF! -> #REF! | T20: ='Repayment Inputs'!#REF! -> #REF! | U20: ='Repayment Inputs'!#REF! -> #REF! | V20: ='Repayment Inputs'!#REF! -> #REF! | ... AH20: ='Repayment Inputs'!#REF! -> #REF!
B21: FEDERAL INTEREST (EXCLUDING INTEREST INCOME) | D21: ='Repayment Inputs'!C12-'Repayment Inputs'!C9 -> 0 | E21: ='Repayment Inputs'!#REF!-'Repayment Inputs'!#REF! -> #REF! | F21: ='Repayment Inputs'!#REF!-'Repayment Inputs'!#REF! -> #REF! | G21: ='Repayment Inputs'!#REF!-'Repayment Inputs'!#REF! -> #REF! | H21: ='Repayment Inputs'!D12-'Repayment Inputs'!D9 -> 108123.83 | I21: ='Repayment Inputs'!E12-'Repayment Inputs'!E9 -> 114971.42 | J21: ='Repayment Inputs'!F12-'Repayment Inputs'!F9 -> 130463 | K21: ='Repayment Inputs'!G12-'Repayment Inputs'!G9 -> 176329 | L21: ='Repayment Inputs'!H12-'Repayment Inputs'!H9 -> 211540 | M21: ='Repayment Inputs'!I12-'Repayment Inputs'!I9 -> 256953 | N21: ='Repayment Inputs'!J12-'Repayment Inputs'!J9 -> 303917 | O21: ='Repayment Inputs'!#REF!-'Repayment Inputs'!#REF! -> #REF! | P21: ='Repayment Inputs'!#REF!-'Repayment Inputs'!#REF! -> #REF! | Q21: ='Repayment Inputs'!#REF!-'Repayment Inputs'!#REF! -> #REF! | R21: ='Repayment Inputs'!#REF!-'Repayment Inputs'!#REF! -> #REF! | S21: ='Repayment Inputs'!#REF!-'Repayment Inputs'!#REF! -> #REF! | T21: ='Repayment Inputs'!#REF!-'Repayment Inputs'!#REF! -> #REF! | U21: ='Repayment Inputs'!#REF!-'Repayment Inputs'!#REF! -> #REF! | V21: ='Repayment Inputs'!#REF!-'Repayment Inputs'!#REF! -> #REF! | ... AH21: ='Repayment Inputs'!#REF!-'Repayment Inputs'!#REF! -> #REF!
B22: FEDERAL PRINCIPLE (NO DISCOUNTS/PREMIUMS) | D22: ='Repayment Inputs'!C31 -> 0 | E22: ='Repayment Inputs'!#REF! -> #REF! | F22: ='Repayment Inputs'!#REF! -> #REF! | G22: ='Repayment Inputs'!#REF! -> #REF! | H22: ='Repayment Inputs'!D31 -> 204197 | I22: ='Repayment Inputs'!E31 -> 209379 | J22: ='Repayment Inputs'!F31 -> 0 | K22: ='Repayment Inputs'!G31 -> 187438 | L22: ='Repayment Inputs'!H31 -> 256615.08 | M22: ='Repayment Inputs'!I31 -> 256044.15 | N22: ='Repayment Inputs'!J31 -> 316899.06 | O22: ='Repayment Inputs'!#REF! -> #REF! | P22: ='Repayment Inputs'!#REF! -> #REF! | Q22: ='Repayment Inputs'!#REF! -> #REF! | R22: ='Repayment Inputs'!#REF! -> #REF! | S22: ='Repayment Inputs'!#REF! -> #REF! | T22: ='Repayment Inputs'!#REF! -> #REF! | U22: ='Repayment Inputs'!#REF! -> #REF! | V22: ='Repayment Inputs'!#REF! -> #REF! | ... AH22: ='Repayment Inputs'!#REF! -> #REF!
A24: REVENUE REQUIREMENT
B25: DEPRECIATION & AMORTIZATION
B26: NON-FEDERAL INTEREST | D26: =D20+D21+D22+#REF!+D23+#REF!+D25 -> #REF! | E26: =E20+E21+E22+E23+E24+#REF!+E25 -> #REF! | F26: =F20+F21+F22+F23+F24+#REF!+F25 -> #REF! | G26: =G20+G21+G22+G23+G24+#REF!+G25 -> #REF! | H26: =H20+H21+H22+H23+H24+#REF!+H25 -> #REF! | I26: =I20+I21+I22+I23+I24+#REF!+I25 -> #REF! | J26: =J20+J21+J22+J23+J24+#REF!+J25 -> #REF! | K26: =K20+K21+K22+K23+K24+#REF!+K25 -> #REF! | L26: =L20+L21+L22+L23+L24+#REF!+L25 -> #REF! | M26: =M20+M21+M22+M23+M24+#REF!+M25 -> #REF!
B27: FEDERAL NET INTEREST 1/
B28: MRNR
A30: 2 YEAR AVERAGE REVENUE REQUIREMENT | D30: 14/15 | E30: 16/17 | F30: 18/19 | G30: 20/21 | H30: 22/23 | I30: 24/25 | J30: 26/27 | K30: 28/29 | L30: 30/31 | M30: 32/33 | N30: 34/35 | O30: 36/37 | P30: 38/39 | Q30: 40/41 | R30: 42/43
B32: CASH FLOW GENERATED
B33: CASH FLOW
B35: CASH FROM CURRENT OPERATIONS
B36: DRAWDOWN OF CASH RESERVES FOR CAPITAL FUNDING
B37: CAPITAL INVESTMENTS
B38: CASH FROM BORROWING
B39: INCREASE IN LONG TERM DEBT
B41: NON-CASH REVENUES
B42: LGIA CREDITS
B43: COI CREDITS
B44: TRANSMISSION CREDIT PROJECTS NET INTEREST
B46: 1/ INTEREST COMPONENTS
... B51: LGIA INTEREST

Sheet Crosswalk
B1: Superseded by Rates Crosswalk Tab? | C1: A | D1: B | F1: C | G1: D | I1: E | J1: F | L1: G | M1: H | O1: I | P1: J | R1: K | S1: L | U1: M | V1: N
C2: Change from BP-14 to FY 16/17 | F2: Change from FY 16/17 to FY 18/19 | I2: Change from FY 18/19 to FY 20/21 | L2: Change from FY 20/21 to FY 22/23 | O2: Change from FY 22/23 to FY 24/25 | R2: Change from FY 24/25 to FY 26/27 | U2: Change from FY 26/27 to FY 28/29
B5: Expenses | C5: $ (Million) | D5: % Change in Rates | F5: $ (Million) | G5: % Change in Rates | I5: $ (Million) | J5: % Change in Rates | L5: $ (Million) | M5: % Change in Rates | O5: $ (Million) | P5: % Change in Rates | R5: $ (Million) | S5: % Change in Rates | U5: $ (Million) | V5: % Change in Rates
A8: 1 | B8: Operations | C8: =(M35-I35)/1000 -> 15.499958 | D8: =(C8/C20)*D20 -> 0.010735193 | F8: =(O35-M35)/1000 -> 40.029382 | G8: =(F8/F20)*G20 -> #REF! | I8: =(P35-O35)/1000 -> 31.016639 | J8: =(I8/I20)*J20 -> #REF! | L8: =(R35-P35)/1000 -> 24.693077 | M8: =(L8/L20)*M20 -> #REF! | O8: =(S35-R35)/1000 -> #REF! | P8: =(O8/O20)*P20 -> #REF! | R8: =(U35-S35)/1000 -> #REF! | S8: =(R8/R20)*S20 -> #REF! | U8: =(V35-U35)/1000 -> #REF! | V8: =(U8/U20)*V20 -> #REF!
A9: 2 | B9: Maintenance | C9: =(M37-I37)/1000 -> 7.3484065 | D9: =(C9/C20)*D20 -> 0.0050894693 | F9: =(O37-M37)/1000 -> 33.42505 | G9: =(F9/F20)*G20 -> #REF! | I9: =(P37-O37)/1000 -> 35.255823 | J9: =(I9/I20)*J20 -> #REF! | L9: =(R37-P37)/1000 -> 20.905208 | M9: =(L9/L20)*M20 -> #REF! | O9: =(S37-R37)/1000 -> #REF! | P9: =(O9/O20)*P20 -> #REF! | R9: =(U37-S37)/1000 -> #REF! | S9: =(R9/R20)*S20 -> #REF! | U9: =(V37-U37)/1000 -> #REF! | V9: =(U9/U20)*V20 -> #REF!
A10: 3 | B10: Engineering | C10: =(M36-I36)/1000 -> 7.2429975 | D10: =(C10/C20)*D20 -> 0.0050164636 | F10: =(O36-M36)/1000 -> 9.6335943 | G10: =(F10/F20)*G20 -> #REF! | I10: =(P36-O36)/1000 -> 17.014632 | J10: =(I10/I20)*J20 -> #REF! | L10: =(R36-P36)/1000 -> 5.1977935 | M10: =(L10/L20)*M20 -> #REF! | O10: =(S36-R36)/1000 -> #REF! | P10: =(O10/O20)*P20 -> #REF! | R10: =(U36-S36)/1000 -> #REF! | S10: =(R10/R20)*S20 -> #REF! | U10: =(V36-U36)/1000 -> #REF! | V10: =(U10/U20)*V20 -> #REF!
A11: 4 | B11: Internal Support & Undistributed Reduction | C11: =((M39-I39)+M40)/1000 -> 4.245398 | D11: =(C11/C20)*D20 -> 0.0029403413 | F11: =((O39-M39)+(O40-M40))/1000 -> 54.070937 | G11: =(F11/F20)*G20 -> #REF! | I11: =((P39-O39)+P40)/1000 -> 73.353495 | J11: =(I11/I20)*J20 -> #REF! | L11: =((R39-P39)+R40)/1000 -> 19.241635 | M11: =(L11/L20)*M20 -> #REF! | O11: =((S39-R39))/1000 -> #REF! | P11: =(O11/O20)*P20 -> #REF! | R11: =((U39-S39))/1000 -> #REF! | S11: =(R11/R20)*S20 -> #REF! | U11: =((V39-U39))/1000 -> #REF! | V11: =(U11/U20)*V20 -> #REF!
A12: 5 | B12: IPR Sub-total | C12: =SUM(C8:C11) -> 34.33676 | D12: =SUM(D8:D11) -> 0.023781467 | F12: =SUM(F8:F11) -> 137.15896 | G12: =SUM(G8:G11) -> #REF! | I12: =SUM(I8:I11) -> 156.64059 | J12: =SUM(J8:J11) -> #REF! | L12: =SUM(L8:L11) -> 70.037713 | M12: =SUM(M8:M11) -> #REF! | O12: =SUM(O8:O11) -> #REF! | P12: =SUM(P8:P11) -> #REF! | R12: =SUM(R8:R11) -> #REF! | S12: =SUM(S8:S11) -> #REF! | U12: =SUM(U8:U11) -> #REF! | V12: =SUM(V8:V11) -> #REF!
A14: 6 | B14: Ancillary Services 1/ | C14: =(M38-I38)/1000 -> 8.0091995 | D14: =(C14/C20)*D20 -> 0.0055471312 | F14: =(O38-M38)/1000 -> -20.030377 | G14: =(F14/F20)*G20 -> #REF! | I14: =(P38-O38)/1000 -> 25.615964 | J14: =(I14/I20)*J20 -> #REF! | L14: =(R38-P38)/1000 -> -0.18083154 | M14: =(L14/L20)*M20 -> #REF! | O14: =(S38-R38)/1000 -> #REF! | P14: =(O14/O20)*P20 -> #REF! | R14: =(U38-S38)/1000 -> #REF! | S14: =(R14/R20)*S20 -> #REF! | U14: =(V38-U38)/1000 -> #REF! | V14: =(U14/U20)*V20 -> #REF!
A15: 7 | B15: Use of Reserves for Rate Relief 2/ | C15: =(M41-I41)/1000 -> 20 | D15: =(C15/C20)*D20 -> 0.013851899 | F15: =(O41-M41)/1000 -> #REF! | G15: =(F15/F20)*G20 -> #REF! | I15: =(P41-O41)/1000 -> #REF! | J15: =(I15/I20)*J20 -> #REF! | L15: =(R41-P41)/1000 -> #REF! | M15: =(L15/L20)*M20 -> #REF! | O15: =(S41-R41)/1000 -> #REF! | P15: =(O15/O20)*P20 -> #REF! | R15: =(U41-S41)/1000 -> #REF! | S15: =(R15/R20)*S20 -> #REF! | U15: =(V41-U41)/1000 -> #REF! | V15: =(U15/U20)*V20 -> #REF!
A16: 8 | B16: Non-IPR Sub-total | C16: =SUM(C14:C15) -> 28.0092 | D16: =SUM(D14:D15) -> 0.01939903 | F16: =SUM(F14:F15) -> #REF! | G16: =SUM(G14:G15) -> #REF! | I16: =SUM(I14:I15) -> #REF! | J16: =SUM(J14:J15) -> #REF! | L16: =SUM(L14:L15) -> #REF! | M16: =SUM(M14:M15) -> #REF! | O16: =SUM(O14:O15) -> #REF! | P16: =SUM(P14:P15) -> #REF! | R16: =SUM(R14:R15) -> #REF! | S16: =SUM(S14:S15) -> #REF! | U16: =SUM(U14:U15) -> #REF! | V16: =SUM(V14:V15) -> #REF!
A18: 9 | B18: Capital Related Costs 3/ | C18: =((M51-I51)/1000)-1 -> 12.733998 | D18: =(C18/C20)*D20 -> 0.0088195026 | F18: =((O51-M51)/1000) -> 30.733169 | G18: =(F18/F20)*G20 -> #REF! | I18: =((P51-O51)/1000) -> 76.476543 | J18: =(I18/I20)*J20 -> #REF! | L18: =((R51-P51)/1000) -> 48.835605 | M18: =(L18/L20)*M20 -> #REF! | O18: =((S51-R51)/1000) -> 46.477944 | P18: =(O18/O20)*P20 -> #REF! | R18: =((U51-S51)/1000) -> 39.07481 | S18: =(R18/R20)*S20 -> #REF! | U18: =((V51-U51)/1000) -> 46.898566 | V18: =(U18/U20)*V20 -> #REF!
A20: 10 | B20: Total Change in Rates (Lines 5+8+13) 4/ | C20: =C12+C16+C18 -> 75.079957 | D20: 0.052 | F20: =F12+F16+F18 -> #REF! | G20: 0.087 | I20: =I12+I16+I18 -> #REF! | J20: 0.03 | L20: =L12+L16+L18 -> #REF! | M20: 0.012 | O20: =O12+O16+O18 -> #REF! | P20: 0.027 | R20: =R12+R16+R18 -> #REF! | S20: 0.03 | U20: =U12+U16+U18 -> #REF! | V20: 0.034
A22: 11 | B22: Revenues | D22: =-0.002 -> -0.002 | G22: -0.01488 | J22: =G22-D22 -> -0.01288
A24: 12 | B24: Total Change in Rates (Row 10+11) 4/ | D24: =D22+D20 -> 0.05 | G24: =G20+G22 -> 0.07212 | J24: =G24-D24 -> 0.02212
A26: 1/ The Ancillary Services forecast has been modified to reflect levels filed in the Errata to BP-14 Final Proposal
A27: 2/ Use of reserves in BP-14 included $20 million/yr for rate mitigation.
A28: 3/ Includes Net Interest Expense, Depreciation/Amortization and Minimum Required Net Revenues
A29: 4/ Change in rates reflects average across all segments.
A32: INCOME STATEMENT | I32: AVG | M32: AVG | O32: AVG | P32: AVG | R32: AVG | S32: AVG | U32: AVG | V32: AVG | AC32: AVG | AD32: AVG | AE32: AVG | AF32: AVG | AG32: AVG | AH32: AVG | AI32: AVG | AJ32: AVG
F33: BP-14 FP | I33: BP-14 | K33: BP-16 IP | M33: BP-16 | O33: BP-18 | P33: BP-20 | R33: BP-22 | S33: BP-24 | U33: BP-26 | V33: BP-28 | X33: CAPITAL RELATED COST | AC33: BP-14 | AD33: BP-16 | AE33: BP-18 | AF33: BP-20 | AG33: BP-22 | AH33: BP-24 | AI33: BP-26 | AJ33: BP-28
A34: OPERATING EXPENSES | F34: 2014 | G34: 2015 | J34: 2016 | L34: 2017 | X34: DEPRECIATION & AMORTIZATION | AC34: =I42 -> 197303 | AD34: =M42 -> 249531.19 | AE34: =O42 -> 356029.38 | AF34: =P42 -> 390477.19 | AG34: =R42 -> 431924.68 | AH34: =S42 -> #REF! | AI34: =U42 -> #REF! | AJ34: =V42 -> #REF!
B35: TRANSMISSION OPERATIONS | F35: 140729 | G35: 144346 | I35: =AVERAGE(F35:G35) -> 142537.5 | J35: 155274.47 | L35: 160800.45 | M35: =AVERAGE(J35:L35) -> 158037.46 | O35: =AVERAGE('Revenue Requirement'!E5:F5) -> 198066.84 | P35: =AVERAGE('Revenue Requirement'!G5:H5) -> 229083.48 | R35: =AVERAGE('Revenue Requirement'!I5:I5) -> 253776.56 | S35: =AVERAGE('Revenue Requirement'!#REF!) -> #REF! | U35: =AVERAGE('Revenue Requirement'!#REF!) -> #REF! | V35: =AVERAGE('Revenue Requirement'!#REF!) -> #REF! | X35: NET INTEREST EXPENSE | AC35: =I45 -> 151868.5 | AD35: =M45 -> 154042.02 | AE35: =O45 -> #N/A | AF35: =P45 -> 222443.72 | AG35: =R45 -> 281056.3 | AH35: =S45 -> #REF! | AI35: =U45 -> #REF! | AJ35: =V45 -> #REF!
B36: TRANSMISSION ENGINEERING | F36: 41638 | G36: 41769 | I36: =AVERAGE(F36:G36) -> 41703.5 | J36: 48746.031 | L36: 49146.964 | M36: =AVERAGE(J36:L36) -> 48946.497 | O36: =AVERAGE('Revenue Requirement'!E6:F6) -> 58580.092 | P36: =AVERAGE('Revenue Requirement'!G6:H6) -> 75594.724 | R36: =AVERAGE('Revenue Requirement'!I6:I6) -> 80792.517 | S36: =AVERAGE('Revenue Requirement'!#REF!) -> #REF! | U36: =AVERAGE('Revenue Requirement'!#REF!) -> #REF! | V36: =AVERAGE('Revenue Requirement'!#REF!) -> #REF! | X36: MINIMUM REQUIRED NET REVENUE | AC36: =I49 -> 138796 | AD36: =M49 -> 98128.281 | AE36: =O49 -> -32750.799 | AF36: =P49 -> 163813.87 | AG36: =R49 -> 172910.79 | AH36: =S49 -> #REF! | AI36: =U49 -> #REF! | AJ36: =V49 -> #REF!
B37: TRANSMISSION MAINTENANCE | F37: 154234 | G37: 157893 | I37: =AVERAGE(F37:G37) -> 156063.5 | J37: 162551.64 | L37: 164272.17 | M37: =AVERAGE(J37:L37) -> 163411.91 | O37: =AVERAGE('Revenue Requirement'!E7:F7) -> 196836.96 | P37: =AVERAGE('Revenue Requirement'!G7:H7) -> 232092.78 | R37: =AVERAGE('Revenue Requirement'!I7:I7) -> 252997.99 | S37: =AVERAGE('Revenue Requirement'!#REF!) -> #REF! | U37: =AVERAGE('Revenue Requirement'!#REF!) -> #REF! | V37: =AVERAGE('Revenue Requirement'!#REF!) -> #REF! | AC37: =SUM(AC34:AC36) -> 487967.5 | AD37: =SUM(AD34:AD36) -> 501701.5 | AE37: =SUM(AE34:AE36) -> #N/A | AF37: =SUM(AF34:AF36) -> 776734.78 | AG37: =SUM(AG34:AG36) -> 885891.78 | AH37: =SUM(AH34:AH36) -> #REF! | AI37: =SUM(AI34:AI36) -> #REF! | AJ37: =SUM(AJ34:AJ36) -> #REF!
B38: TRANSMISSION ACQ & ANCILLARY SERVICES | F38: 131287 | G38: 134244 | I38: =AVERAGE(F38:G38) -> 132765.5 | J38: 140766.92 | L38: 140782.48 | M38: =AVERAGE(J38:L38) -> 140774.7 | O38: =AVERAGE('Revenue Requirement'!E8:F8) -> 120744.32 | P38: =AVERAGE('Revenue Requirement'!G8:H8) -> 146360.29 | R38: =AVERAGE('Revenue Requirement'!I8:I8) -> 146179.46 | S38: =AVERAGE('Revenue Requirement'!#REF!) -> #REF! | U38: =AVERAGE('Revenue Requirement'!#REF!) -> #REF! | V38: =AVERAGE('Revenue Requirement'!#REF!) -> #REF!
B39: BPA INTERNAL SUPPORT | F39: 78428 | G39: 80902 | I39: =AVERAGE(F39:G39) -> 79665 | J39: 85106.018 | L39: 86914.778 | M39: =AVERAGE(J39:L39) -> 86010.398 | O39: =AVERAGE('Revenue Requirement'!E9:F9) -> 137981.33 | P39: =AVERAGE('Revenue Requirement'!G9:H9) -> 211334.83 | R39: =AVERAGE('Revenue Requirement'!I9:I9) -> 230576.47 | S39: =AVERAGE('Revenue Requirement'!#REF!) -> #REF! | U39: =AVERAGE('Revenue Requirement'!#REF!) -> #REF! | V39: =AVERAGE('Revenue Requirement'!#REF!) -> #REF! | X39: CAPITAL FORECAST | AC39: =AVERAGE('Capital Input File'!C58:D58) -> 477984.25 | AD39: =AVERAGE('Capital Input File'!E58:F58) -> 511000.8 | AE39: =AVERAGE('Capital Input File'!G58:H58) -> 448476.5 | AF39: =AVERAGE('Capital Input File'!I58:J58) -> 423163.16 | AG39: =AVERAGE('Capital Input File'!K58:L58) -> 401480.43 | AH39: ='Capital Input File'!M58 -> 397945.01 | AI39: =AH39 -> 397945.01 | AJ39: =AI39 -> 397945.01
B40: OTHER INCOME, EXPENSES & ADJUSTMENTS | F40: -20000 | G40: -20000 | I40: =AVERAGE(F40:G40) -> -20000 | J40: -2100 | L40: -2100 | M40: =AVERAGE(J40:L40) -> -2100 | O40: =AVERAGE('Revenue Requirement'!E10:F10) -> 0 | P40: =AVERAGE('Revenue Requirement'!G10:H10) -> 0 | R40: =AVERAGE('Revenue Requirement'!I10:I10) -> 0 | S40: =AVERAGE('Revenue Requirement'!#REF!) -> #REF! | U40: =AVERAGE('Revenue Requirement'!#REF!) -> #REF! | V40: =AVERAGE('Revenue Requirement'!#REF!) -> #REF! | X40: PIS FORECAST | AC40: =AVERAGE(AFUDC!F18:G18) -> #DIV/0! | AD40: =AVERAGE(AFUDC!H18:I18) -> #DIV/0! | AE40: =AVERAGE(AFUDC!J18:K18) -> #DIV/0! | AF40: =AVERAGE(AFUDC!L18:M18) -> #DIV/0! | AG40: =AVERAGE(AFUDC!N18:O18) -> 522644.57 | AH40: =AVERAGE(AFUDC!P18:Q18) -> 600558.45 | AI40: =AVERAGE(AFUDC!R18:S18) -> 558546.54 | AJ40: =AVERAGE(AFUDC!T18:U18) -> 554280.12
B41: OTHER - USE OF RESERVES FOR RATE RELIEF | F41: -20000 | G41: -20000 | I41: =AVERAGE(F41:G41) -> -20000 | J41: 0 | L41: 0 | M41: =AVERAGE(J41:L41) -> 0 | O41: =AVERAGE('Revenue Requirement'!#REF!) -> #REF! | P41: =AVERAGE('Revenue Requirement'!#REF!) -> #REF! | R41: =AVERAGE('Revenue Requirement'!#REF!) -> #REF! | S41: =AVERAGE('Revenue Requirement'!#REF!) -> #REF! | U41: =AVERAGE('Revenue Requirement'!#REF!) -> #REF! | V41: =AVERAGE('Revenue Requirement'!#REF!) -> #REF!
B42: DEPRECIATION & AMORTIZATION | F42: 192141 | G42: 202465 | I42: =AVERAGE(F42:G42) -> 197303 | J42: 239852.19 | L42: 259210.19 | M42: =AVERAGE(J42:L42) -> 249531.19 | O42: =AVERAGE('Revenue Requirement'!E11:F11) -> 356029.38 | P42: =AVERAGE('Revenue Requirement'!G11:H11) -> 390477.19 | R42: =AVERAGE('Revenue Requirement'!I11:I11) -> 431924.68 | S42: =AVERAGE('Revenue Requirement'!#REF!) -> #REF! | U42: =AVERAGE('Revenue Requirement'!#REF!) -> #REF! | V42: =AVERAGE('Revenue Requirement'!#REF!) -> #REF! | AD42: Celilo | AF42: I-5 Upgrade
A43: TOTAL OPERATING EXPENSES | F43: =F35+F36+F37+F38+F39+F40+F42 -> 718457 | G43: =G35+G36+G37+G38+G39+G40+G42 -> 741619 | I43: =AVERAGE(F43:G43) -> 730038 | J43: 830197.27 | L43: 859027.04 | M43: =AVERAGE(J43:L43) -> 844612.15 | O43: =AVERAGE('Revenue Requirement'!E12:F12) -> 1068238.9 | P43: =AVERAGE('Revenue Requirement'!G12:H12) -> 1284943.3 | R43: =AVERAGE('Revenue Requirement'!I12:I12) -> 1396247.7 | S43: =AVERAGE('Revenue Requirement'!#REF!) -> #REF! | U43: =AVERAGE('Revenue Requirement'!#REF!) -> #REF! | V43: =AVERAGE('Revenue Requirement'!#REF!) -> #REF!
A45: NET INTEREST EXPENSE | F45: 143924 | G45: 159813 | I45: =AVERAGE(F45:G45) -> 151868.5 | J45: 150702.18 | L45: 157381.87 | M45: =AVERAGE(J45:L45) -> 154042.02 | O45: =AVERAGE('Revenue Requirement'!E26:F26) -> #N/A | P45: =AVERAGE('Revenue Requirement'!G26:H26) -> 222443.72 | R45: =AVERAGE('Revenue Requirement'!I26:I26) -> 281056.3 | S45: =AVERAGE('Revenue Requirement'!#REF!) -> #REF! | U45: =AVERAGE('Revenue Requirement'!#REF!) -> #REF! | V45: =AVERAGE('Revenue Requirement'!#REF!) -> #REF!
A47: TOTAL REVENUE REQUIREMENT | F47: =F45+F43 -> 862381 | G47: =G45+G43 -> 901432 | I47: =AVERAGE(F47:G47) -> 881906.5 | J47: =J45+J43+J49 -> 1090709.1 | L47: =L45+L43+L49 -> 1102855.8 | M47: =AVERAGE(J47:L47) -> 1096782.5 | O47: =O45+O43+O49 -> #N/A | P47: =P45+P43+P49 -> 1671200.9 | R47: =R45+R43+R49 -> 1850214.8 | S47: =S45+S43+S49 -> #REF! | U47: =U45+U43+U49 -> #REF! | V47: =V45+V43+V49 -> #REF!
A49: MINIMUM REQUIRED NET REVENUE 1/ | F49: 147145 | G49: 130447 | I49: =AVERAGE(F49:G49) -> 138796 | J49: 109809.67 | L49: 86446.889 | M49: =AVERAGE(J49:L49) -> 98128.281 | O49: =AVERAGE('Revenue Requirement'!E30:F30) -> -32750.799 | P49: =AVERAGE('Revenue Requirement'!G30:H30) -> 163813.87 | R49: =AVERAGE('Revenue Requirement'!I30:I30) -> 172910.79 | S49: =AVERAGE('Revenue Requirement'!#REF!) -> #REF! | U49: =AVERAGE('Revenue Requirement'!#REF!) -> #REF! | V49: =AVERAGE('Revenue Requirement'!#REF!) -> #REF!
A51: CAPITAL RELATED COST | F51: =F49+F45+F42 -> 483210 | G51: =G49+G45+G42 -> 492725 | I51: =I49+I45+I42 -> 487967.5 | J51: 500364.05 | L51: 503038.95 | M51: =M49+M45+M42 -> 501701.5 | O51: 532434.67 | P51: 608911.21 | R51: 657746.81 | S51: 704224.76 | U51: 743299.57 | V51: 790198.13
M53: =SUM(M35:M40) -> 595080.96 | O53: =SUM(O35:O40)-O38 -> 591465.22 | P53: =SUM(P35:P40)-P38 -> 748105.81 | R53: =SUM(R35:R40)-R38 -> 818143.53 | S53: =SUM(S35:S40)-S38 -> #REF! | U53: =SUM(U35:U40)-U38 -> #REF! | V53: =SUM(V35:V40)-V38 -> #REF!
O54: =(O53-M53)/O53 -> -0.0061131856 | P54: =(P53-O53)/P53 -> 0.20938293 | R54: =(R53-P53)/R53 -> 0.085605656 | S54: =(S53-R53)/S53 -> #REF! | U54: =(U53-S53)/U53 -> #REF! | V54: =(V53-U53)/V53 -> #REF!
M55: =M38 -> 140774.7 | O55: =O38 -> 120744.32 | P55: =P38 -> 146360.29 | R55: =R38 -> 146179.46 | S55: =S38 -> #REF! | U55: =U38 -> #REF! | V55: =V38 -> #REF!
O56: =(O55-M55)/O55 -> -0.16589084 | P56: =(P55-O55)/P55 -> 0.17501991 | R56: =(R55-P55)/R55 -> -0.0012370516 | S56: =(S55-R55)/S55 -> #REF! | U56: =(U55-S55)/U55 -> #REF! | V56: =(V55-U55)/V55 -> #REF!
M57: =M51 -> 501701.5 | O57: =O51 -> 532434.67 | P57: =P51 -> 608911.21 | R57: =R51 -> 657746.81 | S57: =S51 -> 704224.76 | U57: =U51 -> 743299.57 | V57: =V51 -> 790198.13
O58: =(O57-M57)/O57 -> 0.057721953 | P58: =(P57-O57)/P57 -> 0.12559556 | R58: =(R57-P57)/R57 -> 0.074246813 | S58: =(S57-R57)/S57 -> 0.065998736 | U58: =(U57-S57)/U57 -> 0.052569397 | V58: =(V57-U57)/V57 -> 0.059350388
M60: =M45 -> 154042.02 | O60: =O45 -> #N/A | P60: =P45 -> 222443.72 | R60: =R45 -> 281056.3 | S60: =S45 -> #REF! | U60: =U45 -> #REF! | V60: =V45 -> #REF!
O61: =(O60-M60)/O60 -> #N/A | P61: =(P60-O60)/P60 -> #N/A | R61: =(R60-P60)/R60 -> 0.20854391 | S61: =(S60-R60)/S60 -> #REF! | U61: =(U60-S60)/U60 -> #REF! | V61: =(V60-U60)/V60 -> #REF!

Sheet Rates Crosswalk
B1: A | C1: B | E1: C | F1: D | H1: E | I1: F | K1: G | L1: H | N1: I | O1: J
B2: Change from BP-18 to FY20/21 | E2: Change from FY20/21 to FY22/23 | H2: Change from FY22/23 to FY 24/25 | K2: Change from FY24/25 to FY26/27/28 | N2: Change from FY26/27/28 to FY29/30 | T2: HELD TO BP-18 FINAL PROPOSAL
A3: Expenses | B3: $ (Million) | C3: % Change in Rates | E3: $ (Million) | F3: % Change in Rates | H3: $ (Million) | I3: % Change in Rates | K3: $ (Million) | L3: % Change in Rates | N3: $ (Million) | O3: % Change in Rates | R3: DATA FOR CROSSWALK | T3: AVG 18/19 | U3: AVG 20/21 | V3: AVG 22/23 | W3: AVG 24/25 | X3: AVG 26/27/28 | Y3: AVG 29/30
A4: 1. Operations | B4: =(U5-T5)/1000 -> 30.538177 | C4: =(B4/B$16)*C$16 -> #REF! | E4: =(V5-U5)/1000 -> 31.016639 | F4: =(E4/E$16)*F$16 -> #REF! | H4: =(W5-V5)/1000 -> 24.693077 | I4: =(H4/H$16)*I$16 -> #REF! | K4: =(X5-W5)/1000 -> #REF! | L4: =(K4/K$16)*L$16 -> #REF! | N4: =(Y5-X5)/1000 -> #REF! | O4: =(N4/N$16)*O$16 -> #REF! | R4: OPERATING EXPENSES
A5: 2. Maintenance | B5: =(U7-T7)/1000 -> 19.484338 | C5: =(B5/B$16)*C$16 -> #REF! | E5: =(V7-U7)/1000 -> 35.255823 | F5: =(E5/E$16)*F$16 -> #REF! | H5: =(W7-V7)/1000 -> 20.905208 | I5: =(H5/H$16)*I$16 -> #REF! | K5: =(X7-W7)/1000 -> #REF! | L5: =(K5/K$16)*L$16 -> #REF! | N5: =(Y7-X7)/1000 -> #REF! | O5: =(N5/N$16)*O$16 -> #REF! | S5: TRANSMISSION OPERATIONS | T5: 167528.66 | U5: =AVERAGE('Revenue Requirement'!E5:F5) -> 198066.84 | V5: =AVERAGE('Revenue Requirement'!G5:H5) -> 229083.48 | W5: =AVERAGE('Revenue Requirement'!I5:I5) -> 253776.56 | X5: =AVERAGE('Revenue Requirement'!#REF!) -> #REF! | Y5: =AVERAGE('Revenue Requirement'!#REF!) -> #REF!
A6: 3. Engineering | B6: =(U6-T6)/1000 -> 1.5460163 | C6: =(B6/B$16)*C$16 -> #REF! | E6: =(V6-U6)/1000 -> 17.014632 | F6: =(E6/E$16)*F$16 -> #REF! | H6: =(W6-V6)/1000 -> 5.1977935 | I6: =(H6/H$16)*I$16 -> #REF! | K6: =(X6-W6)/1000 -> #REF! | L6: =(K6/K$16)*L$16 -> #REF! | N6: =(Y6-X6)/1000 -> #REF! | O6: =(N6/N$16)*O$16 -> #REF! | S6: TRANSMISSION ENGINEERING | T6: 57034.075 | U6: =AVERAGE('Revenue Requirement'!E6:F6) -> 58580.092 | V6: =AVERAGE('Revenue Requirement'!G6:H6) -> 75594.724 | W6: =AVERAGE('Revenue Requirement'!I6:I6) -> 80792.517 | X6: =AVERAGE('Revenue Requirement'!#REF!) -> #REF! | Y6: =AVERAGE('Revenue Requirement'!#REF!) -> #REF!
A7: 4. Ancillary Services (Non-Between Business Line) | B7: =(U24-T24)/1000 -> -6.067489 | C7: =(B7/B$16)*C$16 -> #REF! | E7: =(V24-U24)/1000 -> -0.32992985 | F7: =(E7/E$16)*F$16 -> #REF! | H7: =(W24-V24)/1000 -> -0.51476537 | I7: =(H7/H$16)*I$16 -> #REF! | K7: =(X24-W24)/1000 -> 0 | L7: =(K7/K$16)*L$16 -> #REF! | N7: =(Y24-X24)/1000 -> #REF! | O7: =(N7/N$16)*O$16 -> #REF! | S7: TRANSMISSION MAINTENANCE INCLUDING ENVIRONMENT | T7: 177352.62 | U7: =AVERAGE('Revenue Requirement'!E7:F7) -> 196836.96 | V7: =AVERAGE('Revenue Requirement'!G7:H7) -> 232092.78 | W7: =AVERAGE('Revenue Requirement'!I7:I7) -> 252997.99 | X7: =AVERAGE('Revenue Requirement'!#REF!) -> #REF! | Y7: =AVERAGE('Revenue Requirement'!#REF!) -> #REF!
A8: 5. Internal Support & Undistributed Reduction | B8: =((SUM(U9:U10))-(SUM(T9:T10)))/1000 -> 51.251392 | C8: =(B8/B$16)*C$16 -> #REF! | E8: =((SUM(V9:V10))-(SUM(U9:U10)))/1000 -> 73.353495 | F8: =(E8/E$16)*F$16 -> #REF! | H8: =((SUM(W9:W10))-(SUM(V9:V10)))/1000 -> 19.241635 | I8: =(H8/H$16)*I$16 -> #REF! | K8: =((SUM(X9:X10))-(SUM(W9:W10)))/1000 -> #REF! | L8: =(K8/K$16)*L$16 -> #REF! | N8: =((SUM(Y9:Y10))-(SUM(X9:X10)))/1000 -> #REF! | O8: =(N8/N$16)*O$16 -> #REF! | S8: TRANSMISSION ACQ & ANCILLARY SERVICES | T8: 115721.53 | U8: =AVERAGE('Revenue Requirement'!E8:F8) -> 120744.32 | V8: =AVERAGE('Revenue Requirement'!G8:H8) -> 146360.29 | W8: =AVERAGE('Revenue Requirement'!I8:I8) -> 146179.46 | X8: =AVERAGE('Revenue Requirement'!#REF!) -> #REF! | Y8: =AVERAGE('Revenue Requirement'!#REF!) -> #REF!
A9: 6. IPR Sub-Total | B9: =SUM(B4:B8) -> 96.752435 | C9: =SUM(C4:C8) -> #REF! | E9: =SUM(E4:E8) -> 156.31066 | F9: =SUM(F4:F8) -> #REF! | H9: =SUM(H4:H8) -> 69.522948 | I9: =SUM(I4:I8) -> #REF! | K9: =SUM(K4:K8) -> #REF! | L9: =SUM(L4:L8) -> #REF! | N9: =SUM(N4:N8) -> #REF! | O9: =SUM(O4:O8) -> #REF! | S9: BPA INTERNAL SUPPORT | T9: 94773.398 | U9: =AVERAGE('Revenue Requirement'!E9:F9) -> 137981.33 | V9: =AVERAGE('Revenue Requirement'!G9:H9) -> 211334.83 | W9: =AVERAGE('Revenue Requirement'!I9:I9) -> 230576.47 | X9: =AVERAGE('Revenue Requirement'!#REF!) -> #REF! | Y9: =AVERAGE('Revenue Requirement'!#REF!) -> #REF!
S10: OTHER INCOME, EXPENSES & ADJUSTMENTS | T10: -8043.456 | U10: =AVERAGE('Revenue Requirement'!E10:F10) -> 0 | V10: =AVERAGE('Revenue Requirement'!G10:H10) -> 0 | W10: =AVERAGE('Revenue Requirement'!I10:I10) -> 0 | X10: =AVERAGE('Revenue Requirement'!#REF!) -> #REF! | Y10: =AVERAGE('Revenue Requirement'!#REF!) -> #REF!
A11: 7. Ancillary Services (Between Business Line) | B11: =(U23-T23)/1000 -> -0.72919415 | C11: =(B11/B$16)*C$16 -> #REF! | E11: =(V23-U23)/1000 -> 7.840755 | F11: =(E11/E$16)*F$16 -> #REF! | H11: =(W23-V23)/1000 -> 29.302894 | I11: =(H11/H$16)*I$16 -> #REF! | K11: =(X23-W23)/1000 -> -0.18083154 | L11: =(K11/K$16)*L$16 -> #REF! | N11: =(Y23-X23)/1000 -> #REF! | O11: =(N11/N$16)*O$16 -> #REF!
A12: 8. Non-IPR Sub-Total | B12: =SUM(B11:B11) -> -0.72919415 | C12: =SUM(C11) -> #REF! | E12: =SUM(E11:E11) -> 7.840755 | F12: =SUM(F11) -> #REF! | H12: =SUM(H11:H11) -> 29.302894 | I12: =SUM(I11) -> #REF! | K12: =SUM(K11:K11) -> -0.18083154 | L12: =SUM(L11) -> #REF! | N12: =SUM(N11:N11) -> #REF! | O12: =SUM(O11) -> #REF! | S12: DEPRECIATION & AMORTIZATION | T12: 278792.94 | U12: =AVERAGE('Revenue Requirement'!E11:F11) -> 356029.38 | V12: =AVERAGE('Revenue Requirement'!G11:H11) -> 390477.19 | W12: =AVERAGE('Revenue Requirement'!I11:I11) -> 431924.68 | X12: =AVERAGE('Revenue Requirement'!#REF!) -> #REF! | Y12: =AVERAGE('Revenue Requirement'!#REF!) -> #REF!
R13: TOTAL OPERATING EXPENSES | T13: 883159.77 | U13: =AVERAGE('Revenue Requirement'!E12:F12) -> 1068238.9 | V13: =AVERAGE('Revenue Requirement'!G12:H12) -> 1284943.3 | W13: =AVERAGE('Revenue Requirement'!I12:I12) -> 1396247.7 | X13: =AVERAGE('Revenue Requirement'!#REF!) -> #REF! | Y13: =AVERAGE('Revenue Requirement'!#REF!) -> #REF!
A14: 9. Capital Related Costs 1/ | B14: =(U21-T21)/1000 -> #REF! | C14: =(B14/B$16)*C$16 -> #REF! | E14: =(V21-U21)/1000 -> #REF! | F14: =(E14/E$16)*F$16 -> #REF! | H14: =(W21-V21)/1000 -> #REF! | I14: =(H14/H$16)*I$16 -> #REF! | K14: =(X21-W21)/1000 -> #REF! | L14: =(K14/K$16)*L$16 -> #REF! | N14: =(Y21-X21)/1000 -> #REF! | O14: =(N14/N$16)*O$16 -> #REF!
R15: NET INTEREST EXPENSE | T15: 156196.3 | U15: =AVERAGE('Revenue Requirement'!E26:F26) -> #N/A | V15: =AVERAGE('Revenue Requirement'!G26:H26) -> 222443.72 | W15: =AVERAGE('Revenue Requirement'!I26:I26) -> 281056.3 | X15: =AVERAGE('Revenue Requirement'!#REF!) -> #REF! | Y15: =AVERAGE('Revenue Requirement'!#REF!) -> #REF!
A16: 10. Total Revenue Requirement (Lines 5+7+8) 2/ | B16: =SUM(B14,B12,B9) -> #REF! | C16: =(B16/B$20)*C$20 -> #REF! | E16: =SUM(E9,E12,E14) -> #REF! | F16: =(E16/E$20)*F$20 -> #REF! | H16: =SUM(H9,H12,H14) -> #REF! | I16: =(H16/H$20)*I$20 -> #REF! | K16: =SUM(K9,K12,K14) -> #REF! | L16: =(K16/K$20)*L$20 -> #REF! | N16: =SUM(N9,N12,N14) -> #REF! | O16: =(N16/N$20)*O$20 -> #REF!
R17: MINIMUM REQUIRED NET REVENUE 1/ | T17: 4486.9295 | U17: =AVERAGE('Revenue Requirement'!E32:F32) -> -32750.799 | V17: =AVERAGE('Revenue Requirement'!G32:H32) -> 163813.87 | W17: =AVERAGE('Revenue Requirement'!I32:I32) -> 172910.79 | X17: =AVERAGE('Revenue Requirement'!#REF!) -> #REF! | Y17: =AVERAGE('Revenue Requirement'!#REF!) -> #REF!
A18: 11. Revenues | B18: =U28 -> 0 | C18: =(-B18/B$20)*C$20 -> #REF! | E18: =U29 -> 0 | F18: =(-E18/E$20)*F$20 -> #REF! | H18: =U30 -> 0 | I18: =(-H18/H$20)*I$20 -> #REF! | K18: =U31 -> 0 | L18: =(-K18/K$20)*L$20 -> #REF! | N18: =U32 -> 0 | O18: =(-N18/N$20)*O$20 -> #REF!
R19: TOTAL REVENUE REQUIREMENT | T19: 1043843 | U19: =AVERAGE('Revenue Requirement'!E34:F34) -> #N/A | V19: =AVERAGE('Revenue Requirement'!G34:H34) -> 1671200.9 | W19: =AVERAGE('Revenue Requirement'!I34:I34) -> 1850214.8 | X19: =AVERAGE('Revenue Requirement'!#REF!) -> #REF! | Y19: =AVERAGE('Revenue Requirement'!#REF!) -> #REF!
A20: 12. Total Change (Line 10 less Line 11) | B20: =B16-B18 -> #REF! | C20: =T28 -> 0 | E20: =E16-E18 -> #REF! | F20: =T29 -> 0 | H20: =H16-H18 -> #REF! | I20: =T30 -> 0 | K20: =K16-K18 -> #REF! | L20: =T31 -> 0 | N20: =N16-N18 -> #REF! | O20: =T32 -> 0
R21: CAPITAL RELATED COSTS | T21: 439476.17 | U21: =AVERAGE('Revenue Requirement'!#REF!) -> #REF! | V21: =AVERAGE('Revenue Requirement'!#REF!) -> #REF! | W21: =AVERAGE('Revenue Requirement'!#REF!) -> #REF! | X21: =AVERAGE('Revenue Requirement'!#REF!) -> #REF! | Y21: =AVERAGE('Revenue Requirement'!#REF!) -> #REF!
A22: 1/ Includes Net Interest Expense, Depreciation/Amortization and Minimum Required Net Revenues.
A23: 2/ Change in rates reflects average across all segments. | R23: BETWEEN BUSINESS LINE ANCILLARY SERVICES | T23: 104974.45 | U23: =AVERAGE('Expense Input File'!F90:G90) -> 104245.26 | V23: =AVERAGE('Expense Input File'!H90:I90) -> 112086.01 | W23: =AVERAGE('Expense Input File'!J90:K90) -> 141388.91 | X23: =AVERAGE('Expense Input File'!L90:L90) -> 141208.08 | Y23: =AVERAGE('Expense Input File'!#REF!) -> #REF!
R24: NON-BETWEEN BUSINESS LINE ANCILLARY SERVICES | T24: 10747.074 | U24: =AVERAGE('Expense Input File'!F89:G89) -> 4679.585 | V24: =AVERAGE('Expense Input File'!H89:I89) -> 4349.6552 | W24: =AVERAGE('Expense Input File'!J89:K89) -> 3834.8898 | X24: =AVERAGE('Expense Input File'!L89:L89) -> 3834.8898 | Y24: =AVERAGE('Expense Input File'!#REF!) -> #REF!
R25: Ancillary Services Total Check | T25: =(SUM(T23:T24))=T8 -> TRUE | U25: =(SUM(U23:U24))=U8 -> FALSE | V25: =(SUM(V23:V24))=V8 -> FALSE | W25: =(SUM(W23:W24))=W8 -> FALSE | X25: =(SUM(X23:X24))=X8 -> #REF! | Y25: =(SUM(Y23:Y24))=Y8 -> #REF!
S27: Inputs from Rates | T27: Total % Change | U27: Revenues
S28: BP-18 FP to FY20/21
S29: FY20/21 to FY22/23
S30: FY22/23 to FY24/25
S31: FY24/25 to FY26/27/28
S32: FY26/27/28 to FY29/30
S34: Last Updated Rates Version:
S35: Date Updated:

Sheet Revenue Requirement
C1: BP22 FP | E1: BP24
A2: INCOME STATEMENT | C2: 2022 | D2: =C2+1 -> 2023 | E2: 2024 | F2: =E2+1 -> 2025 | G2: 2026 | H2: =G2+1 -> 2027 | I2: =H2+1 -> 2028
A4: OPERATING EXPENSES
B5: TRANSMISSION OPERATIONS | C5: 168710.53 | D5: 171594.53 | E5: =HLOOKUP(E$2,'Expense Input File'!$D$14:$L$21,2,FALSE) -> 194646.81 | F5: =HLOOKUP(F$2,'Expense Input File'!$D$14:$L$21,2,FALSE) -> 201486.87 | G5: =HLOOKUP(G$2,'Expense Input File'!$D$14:$L$21,2,FALSE) -> 220399.58 | H5: =HLOOKUP(H$2,'Expense Input File'!$D$14:$L$21,2,FALSE) -> 237767.37 | I5: =HLOOKUP(I$2,'Expense Input File'!$D$14:$L$21,2,FALSE) -> 253776.56
B6: TRANSMISSION ENGINEERING | C6: 56569.63 | D6: 57094.456 | E6: =HLOOKUP(E$2,'Expense Input File'!$D$14:$L$21,3,FALSE) -> 58098.646 | F6: =HLOOKUP(F$2,'Expense Input File'!$D$14:$L$21,3,FALSE) -> 59061.538 | G6: =HLOOKUP(G$2,'Expense Input File'!$D$14:$L$21,3,FALSE) -> 73816.91 | H6: =HLOOKUP(H$2,'Expense Input File'!$D$14:$L$21,3,FALSE) -> 77372.537 | I6: =HLOOKUP(I$2,'Expense Input File'!$D$14:$L$21,3,FALSE) -> 80792.517
B7: TRANSMISSION MAINTENANCE INCLUDING ENVIRONMENT | C7: 177560.31 | D7: 179860.31 | E7: =HLOOKUP(E$2,'Expense Input File'!$D$14:$L$21,4,FALSE) -> 193858.09 | F7: =HLOOKUP(F$2,'Expense Input File'!$D$14:$L$21,4,FALSE) -> 199815.82 | G7: =HLOOKUP(G$2,'Expense Input File'!$D$14:$L$21,4,FALSE) -> 224667.21 | H7: =HLOOKUP(H$2,'Expense Input File'!$D$14:$L$21,4,FALSE) -> 239518.35 | I7: =HLOOKUP(I$2,'Expense Input File'!$D$14:$L$21,4,FALSE) -> 252997.99
B8: TRANSMISSION ACQ & ANCILLARY SERVICES | C8: 109596.64 | D8: 110278.05 | E8: =HLOOKUP(E$2,'Expense Input File'!$D$14:$L$94,6,FALSE)+HLOOKUP(E$2,'Expense Input File'!$D$14:$L$94,70,FALSE) -> 120743.1 | F8: =HLOOKUP(F$2,'Expense Input File'!$D$14:$L$94,6,FALSE)+HLOOKUP(F$2,'Expense Input File'!$D$14:$L$94,70,FALSE) -> 120745.54 | G8: =+'Expense Input File'!J91+'Expense Input File'!J$94 -> 146541.12 | H8: =+'Expense Input File'!K91+'Expense Input File'!K$94 -> 146179.46 | I8: =+'Expense Input File'!L91+'Expense Input File'!L$94 -> 146179.46
B9: BPA INTERNAL SUPPORT | C9: 103195.5 | D9: 104681.44 | E9: =HLOOKUP(E$2,'Expense Input File'!$D$14:$L$21,7,FALSE) -> 136027.43 | F9: =HLOOKUP(F$2,'Expense Input File'!$D$14:$L$21,7,FALSE) -> 139935.24 | G9: =HLOOKUP(G$2,'Expense Input File'!$D$14:$L$21,7,FALSE) -> 202978.69 | H9: =HLOOKUP(H$2,'Expense Input File'!$D$14:$L$21,7,FALSE) -> 219690.97 | I9: =HLOOKUP(I$2,'Expense Input File'!$D$14:$L$21,7,FALSE) -> 230576.47
B10: OTHER INCOME, EXPENSES & ADJUSTMENTS | C10: 0 | D10: 0 | E10: =HLOOKUP(E$2,'Expense Input File'!$D$14:$L$21,8,FALSE) -> 0 | F10: =HLOOKUP(F$2,'Expense Input File'!$D$14:$L$21,8,FALSE) -> 0 | G10: =HLOOKUP(G$2,'Expense Input File'!$D$14:$L$21,8,FALSE) -> 0 | H10: =HLOOKUP(H$2,'Expense Input File'!$D$14:$L$21,8,FALSE) -> 0 | I10: =HLOOKUP(I$2,'Expense Input File'!$D$14:$L$21,8,FALSE) -> 0
B11: DEPRECIATION & AMORTIZATION | C11: 345302.92 | D11: 349991.26 | E11: 359415.71 | F11: 352643.05 | G11: 377162.05 | H11: 403792.33 | I11: 431924.68
A12: TOTAL OPERATING EXPENSES | C12: 960935.52 | D12: 973500.04 | E12: =SUM(E5:E10,E11) -> 1062789.8 | F12: =SUM(F5:F10,F11) -> 1073688.1 | G12: =SUM(G5:G10,G11) -> 1245565.6 | H12: =SUM(H5:H10,H11) -> 1324321 | I12: =SUM(I5:I10,I11) -> 1396247.7
A15: INTEREST EXPENSE
B16: INTEREST EXPENSE
B17: FEDERAL APPROPRIATIONS | C17: 0 | D17: 0 | E17: =HLOOKUP(E$2,'Repayment Inputs'!$D$2:$J$44,4,FALSE) -> 0 | F17: =HLOOKUP(F$2,'Repayment Inputs'!$D$2:$J$44,4,FALSE) -> 0 | G17: =HLOOKUP(G$2,'Repayment Inputs'!$D$2:$J$44,4,FALSE) -> 0 | H17: =HLOOKUP(H$2,'Repayment Inputs'!$D$2:$J$44,4,FALSE) -> 0 | I17: =HLOOKUP(I$2,'Repayment Inputs'!$D$2:$J$44,4,FALSE) -> 0
B18: CAPITALIZATION ADJUSTMENT | C18: -18968 | D18: -18968 | E18: -18968 | F18: -18968 | G18: -18968 | H18: -18968 | I18: -18968
B19: ON LONG-TERM DEBT | C19: 108188.94 | D19: 115052.02 | E19: =HLOOKUP(E$2,'Repayment Inputs'!$D$2:$J$44,5,FALSE) -> 130463 | F19: =HLOOKUP(F$2,'Repayment Inputs'!$D$2:$J$44,5,FALSE) -> 171274 | G19: =HLOOKUP(G$2,'Repayment Inputs'!$D$2:$J$44,11,FALSE) -> 212946 | H19: =HLOOKUP(H$2,'Repayment Inputs'!$D$2:$J$44,11,FALSE) -> 258415 | I19: =HLOOKUP(I$2,'Repayment Inputs'!$D$2:$J$44,11,FALSE) -> 305688
B20: AMORTIZATION OF CAPITALIZED BOND PREMIUMS | C20: 558.55198 | D20: 558.55198 | E20: 558.55198 | F20: 558.55198 | G20: 558.55198 | H20: 558.55198 | I20: 527.31601
B21: DEBT SERVICE REASSIGNMENT INTEREST | C21: 2959.694 | D21: 1927.342 | E21: =HLOOKUP(E$2,'Repayment Inputs'!$D$2:$J$44,14,FALSE) -> 843.248 | F21: =HLOOKUP(F$2,'Repayment Inputs'!$D$2:$J$44,14,FALSE) -> 0 | G21: =HLOOKUP(G$2,'Repayment Inputs'!$D$2:$J$44,14,FALSE) -> 0 | H21: =HLOOKUP(H$2,'Repayment Inputs'!$D$2:$J$44,14,FALSE) -> 0 | I21: =HLOOKUP(I$2,'Repayment Inputs'!$D$2:$J$44,14,FALSE) -> 0
B22: NON-FEDERAL INTEREST (INCL CUSTOMER FUNDED) | C22: 67410.733 | D22: 65176.244 | E22: =HLOOKUP(E$2,'Repayment Inputs'!$D$2:$J$44,23,FALSE)-HLOOKUP(E$2,'Repayment Inputs'!$D$2:$J$44,14,FALSE) -> 64239.409 | F22: =HLOOKUP(F$2,'Repayment Inputs'!$D$2:$J$44,23,FALSE)-HLOOKUP(F$2,'Repayment Inputs'!$D$2:$J$44,14,FALSE) -> 67730.053 | G22: =HLOOKUP(G$2,'Repayment Inputs'!$D$2:$J$44,23,FALSE)-HLOOKUP(G$2,'Repayment Inputs'!$D$2:$J$44,14,FALSE) -> 65494.62 | H22: =HLOOKUP(H$2,'Repayment Inputs'!$D$2:$J$44,23,FALSE)-HLOOKUP(H$2,'Repayment Inputs'!$D$2:$J$44,14,FALSE) -> 62384.971 | I22: =HLOOKUP(I$2,'Repayment Inputs'!$D$2:$J$44,23,FALSE)-HLOOKUP(I$2,'Repayment Inputs'!$D$2:$J$44,14,FALSE) -> 57781.582
B23: PREMIUMS/DISCOUNTS | C23: 0 | D23: 0 | E23: =HLOOKUP(E$2,'Repayment Inputs'!$D$2:$J$44,6,FALSE)+HLOOKUP(E$2,'Repayment Inputs'!$D$2:$J$44,7,FALSE) -> 0 | F23: =HLOOKUP(F$2,'Repayment Inputs'!$D$2:$J$44,6,FALSE)+HLOOKUP(F$2,'Repayment Inputs'!$D$2:$J$44,7,FALSE) -> 5055 | G23: =HLOOKUP(G$2,'Repayment Inputs'!$D$2:$J$44,6,FALSE)+HLOOKUP(G$2,'Repayment Inputs'!$D$2:$J$44,7,FALSE) -> 10 | H23: =HLOOKUP(H$2,'Repayment Inputs'!$D$2:$J$44,6,FALSE)+HLOOKUP(H$2,'Repayment Inputs'!$D$2:$J$44,7,FALSE) -> 15 | I23: =HLOOKUP(I$2,'Repayment Inputs'!$D$2:$J$44,6,FALSE)+HLOOKUP(I$2,'Repayment Inputs'!$D$2:$J$44,7,FALSE) -> 31
B24: AFUDC | C24: -15937.167 | D24: -16016.208 | E24: =-HLOOKUP(E$2,AFUDC!$I$13:$AJ$38,26,FALSE) -> -15100.44 | F24: =-HLOOKUP(F$2,AFUDC!$I$13:$AJ$38,26,FALSE) -> -13934.146 | G24: -45332.846 | H24: -50507.921 | I24: -52940.499
B25: INTEREST INCOME | C25: -2002.439 | D25: -1809.9139 | E25: =-HLOOKUP(E2,'Interest Income'!$A$2:$D$22,21,FALSE) -> #N/A | F25: =-HLOOKUP(F2,'Interest Income'!$A$2:$D$22,21,FALSE) -> #N/A | G25: =-HLOOKUP(G2,'Interest Income'!$A$2:$D$22,21,FALSE) -> -10979.391 | H25: =-HLOOKUP(H2,'Interest Income'!$A$2:$D$22,21,FALSE) -> -10739.094 | I25: =-HLOOKUP(I2,'Interest Income'!$A$2:$D$22,21,FALSE) -> -11063.096
A26: NET INTEREST EXPENSE | C26: 142210.31 | D26: 145920.04 | E26: =SUM(E17:E25) -> #N/A | F26: =SUM(F17:F25) -> #N/A | G26: =SUM(G17:G25) -> 203728.94 | H26: =SUM(H17:H25) -> 241158.51 | I26: =SUM(I17:I25) -> 281056.3
A28: TOTAL EXPENSES | C28: 1103145.8 | D28: 1119420.1 | E28: =SUM(E12,E26) -> #N/A | F28: =SUM(F12,F26) -> #N/A | G28: =SUM(G12,G26) -> 1449294.5 | H28: =SUM(H12,H26) -> 1565479.5 | I28: =SUM(I12,I26) -> 1677304
A30: TOTAL MINIMUM REQUIRED NET REVENUE 1/ | C30: 40022.921 | D30: 40012.201 | E30: =E40 -> -104980.14 | F30: =F40 -> 39478.546 | G30: =G40 -> 177401.27 | H30: =H40 -> 150226.48 | I30: =I40 -> 172910.79
A31: PLANNED NET REVENUES FOR RISK | C31: 0 | D31: 0 | E31: =E68 -> 0 | F31: =F68 -> 0 | G31: =G68 -> 0 | H31: =H68 -> 0 | I31: =I68 -> 0
A32: TOTAL PLANNED NET REVENUE | C32: 40022.921 | D32: 40012.201 | E32: =SUM(E30:E31) -> -104980.14 | F32: =SUM(F30:F31) -> 39478.546 | G32: =SUM(G30:G31) -> 177401.27 | H32: =SUM(H30:H31) -> 150226.48 | I32: =SUM(I30:I31) -> 172910.79
A34: TOTAL REVENUE REQUIREMENT | C34: 1143168.8 | D34: 1159432.3 | E34: =SUM(E28,E32) -> #N/A | F34: =SUM(F28,F32) -> #N/A | G34: =SUM(G28,G32) -> 1626695.8 | H34: =SUM(H28,H32) -> 1715706 | I34: =SUM(I28,I32) -> 1850214.8
A37: CASH FLOW STATEMENT | C37: =+C2 -> 2022 | D37: =+D2 -> 2023 | E37: =+E2 -> 2024 | F37: =+F2 -> 2025 | G37: =G2 -> 2026 | H37: =H2 -> 2027 | I37: =I2 -> 2028
A39: CASH FROM CURRENT OPERATIONS:
B40: TOTAL MINIMUM REQUIRED NET REVENUE | C40: 40022.921 | D40: 40012.201 | E40: =SUM(E41:E42) -> -104980.14 | F40: =SUM(F41:F42) -> 39478.546 | G40: =SUM(G41:G42) -> 177401.27 | H40: =SUM(H41:H42) -> 150226.48 | I40: =SUM(I41:I42) -> 172910.79
B41: CASH FLOW BEFORE REVENUE FINANCING | C41: 22.92133 | D41: 12.201427 | E41: =IF(E71<0,-E71,(IF((OR(E42>E71,E42=E71)),-E71,(IF((AND(E42>0,E42<E71)),-(E71-E42),0))))) -> -159980.14 | F41: =IF(F71<0,-F71,(IF((OR(F42>F71,F42=F71)),-F71,(IF((AND(F42>0,F42<F71)),-(F71-F42),0))))) -> -15521.454 | G41: =IF(G71<0,-G71,(IF((OR(G42>G71,G42=G71)),-G71,(IF((AND(G42>0,G42<G71)),-(G71-G42),0))))) -> 52401.266 | H41: =IF(H71<0,-H71,(IF((OR(H42>H71,H42=H71)),-H71,(IF((AND(H42>0,H42<H71)),-(H71-H42),0))))) -> 25226.478 | I41: =IF(I71<0,-I71,(IF((OR(I42>I71,I42=I71)),-I71,(IF((AND(I42>0,I42<I71)),-(I71-I42),0))))) -> 47910.788
B42: REVENUE FINANCING | C42: 40000 | D42: 40000 | E42: =HLOOKUP(E$37,'Capital Input File'!$D$12:$AE$14,3,FALSE) -> 55000 | F42: =HLOOKUP(F$37,'Capital Input File'!$D$12:$AE$14,3,FALSE) -> 55000 | G42: 125000 | H42: 125000 | I42: 125000
B43: RESERVE FINANCING | C43: 0 | D43: 0 | E43: =HLOOKUP(E37,'Capital Input File'!$D$12:$AE$14,2,FALSE) -> 0 | F43: =HLOOKUP(F37,'Capital Input File'!$D$12:$AE$14,2,FALSE) -> 0 | G43: =HLOOKUP(G37,'Capital Input File'!$D$12:$AE$14,2,FALSE) -> 0 | H43: =HLOOKUP(H37,'Capital Input File'!$D$12:$AE$14,2,FALSE) -> 0 | I43: =HLOOKUP(I37,'Capital Input File'!$D$12:$AE$14,2,FALSE) -> 0
B44: EXPENSES NOT REQUIRING CASH:
B45: DEPRECIATION & AMORTIZATION | C45: 345302.92 | D45: 349991.26 | E45: =E11 -> 359415.71 | F45: =F11 -> 352643.05 | G45: =G11 -> 377162.05 | H45: =H11 -> 403792.33 | I45: =I11 -> 431924.68
B46: CUSTOMER FUNDED PROJECTS NET INTEREST | C46: 4303.9978 | D46: 3736.3402 | E46: =((HLOOKUP(E$2,'Repayment Inputs'!$C$2:$J$44,19,FALSE))+(HLOOKUP(E$2,'Repayment Inputs'!$C$2:$J$44,20,FALSE)))-(HLOOKUP(E$2,AFUDC!$I$13:$AJ$38,25,FALSE)) -> 7558.7266 | F46: =((HLOOKUP(F$2,'Repayment Inputs'!$C$2:$J$44,19,FALSE))+(HLOOKUP(F$2,'Repayment Inputs'!$C$2:$J$44,20,FALSE)))-(HLOOKUP(F$2,AFUDC!$I$13:$AJ$38,25,FALSE)) -> 7521.7604 | G46: ='Repayment Inputs'!H20 -> 8634.4849 | H46: ='Repayment Inputs'!I20 -> 8526.26 | I46: ='Repayment Inputs'!J20 -> 7054.0288
B47: AMORTIZATION OF CAPITALIZED BOND PREMIUMS | C47: 558.55198 | D47: 558.55198 | E47: =E20 -> 558.55198 | F47: =F20 -> 558.55198 | G47: =G20 -> 558.55198 | H47: =H20 -> 558.55198 | I47: =I20 -> 527.31601
B48: CAPITALIZATION ADJUSTMENT | C48: -18968 | D48: -18968 | E48: =E18 -> -18968 | F48: =F18 -> -18968 | G48: =G18 -> -18968 | H48: =H18 -> -18968 | I48: =I18 -> -18968
B49: NON-CASH REVENUES
B50: CUSTOMER FUNDED | C50: -27441.719 | D50: -26071.089 | E50: =-(HLOOKUP(E$2,'Repayment Inputs'!$C$2:$J$43,38,FALSE)+HLOOKUP(E$2,'Repayment Inputs'!$C$2:$J$43,39,FALSE)) -> -19849.163 | F50: =-(HLOOKUP(F$2,'Repayment Inputs'!$C$2:$J$43,38,FALSE)+HLOOKUP(F$2,'Repayment Inputs'!$C$2:$J$43,39,FALSE)) -> -24376.5 | G50: =-'Repayment Inputs'!H39 -> -48108.044 | H50: =-'Repayment Inputs'!I39 -> -70528.665 | I50: =-'Repayment Inputs'!J39 -> -69806.194
B51: AC INTERTIE CO/FIBER | C51: -3507 | D51: -3507 | E51: -3778 | F51: -3568 | G51: -3568 | H51: -3568 | I51: -3568
B52: CASH PROVIDED BY CURRENT OPERATIONS | C52: 340271.67 | D52: 345752.27 | E52: =SUM(E41:E51) -> 219957.69 | F52: =SUM(F41:F51) -> 353289.4 | G52: =SUM(G41:G51) -> 493112.3 | H52: =SUM(H41:H51) -> 470038.96 | I52: =SUM(I41:I51) -> 520074.62
A54: CASH USED FOR CAPITAL INVESTMENTS:
B55: INVESTMENT IN:
B56: UTILITY PLANT | C56: -470869.63 | D56: -489393.04 | E56: -777000 | F56: -1001800 | G56: -1365200 | H56: -1539400 | I56: -1439400
B57: CASH USED FOR CAPITAL INVESTMENTS | C57: -470869.63 | D57: -489393.04 | E57: =E56 -> -777000 | F57: =F56 -> -1001800 | G57: =G56 -> -1365200 | H57: =H56 -> -1539400 | I57: =I56 -> -1439400
A59: CASH FROM TREASURY BORROWING AND APPROPRIATIONS:
B60: INCREASE IN LONG-TERM DEBT | C60: 430869.63 | D60: 449393.04 | E60: 722000 | F60: 946800 | G60: 1240200 | H60: 1414400 | I60: 1314400
B61: DEBT SERVICE REASSIGNMENT PRINCIPAL | C61: -21595.975 | D61: -22678.367 | E61: =-HLOOKUP(E$2,'Repayment Inputs'!$C$2:$J$44,33,FALSE) -> -17640.059 | F61: =-HLOOKUP(F$2,'Repayment Inputs'!$C$2:$J$44,33,FALSE) -> 0 | G61: =-HLOOKUP(G$2,'Repayment Inputs'!$C$2:$J$44,33,FALSE) -> 0 | H61: =-HLOOKUP(H$2,'Repayment Inputs'!$C$2:$J$44,33,FALSE) -> 0 | I61: =-HLOOKUP(I$2,'Repayment Inputs'!$C$2:$J$44,33,FALSE) -> 0
B62: REPAYMENT OF CAPITAL LEASES | C62: -74478.697 | D62: -73694.902 | E62: =HLOOKUP(E$2,'Repayment Inputs'!$C$2:$J$44,43,FALSE) -> -92317.626 | F62: =HLOOKUP(F$2,'Repayment Inputs'!$C$2:$J$44,43,FALSE) -> -110851.4 | G62: =HLOOKUP(G$2,'Repayment Inputs'!$C$2:$J$44,43,FALSE) -> -111497.23 | H62: =HLOOKUP(H$2,'Repayment Inputs'!$C$2:$J$44,43,FALSE) -> -88994.811 | I62: =HLOOKUP(I$2,'Repayment Inputs'!$C$2:$J$44,43,FALSE) -> -78175.566
B63: REPAYMENT OF LONG-TERM DEBT | C63: -204197 | D63: -209379 | E63: =-HLOOKUP(E$2,'Repayment Inputs'!$C$2:$J$44,28,FALSE) -> 0 | F63: =-HLOOKUP(F$2,'Repayment Inputs'!$C$2:$J$44,28,FALSE) -> -187438 | G63: =-HLOOKUP(G$2,'Repayment Inputs'!$C$2:$J$44,28,FALSE) -> -256615.08 | H63: =-HLOOKUP(H$2,'Repayment Inputs'!$C$2:$J$44,28,FALSE) -> -256044.15 | I63: =-HLOOKUP(I$2,'Repayment Inputs'!$C$2:$J$44,28,FALSE) -> -316899.06
B64: REPAYMENT OF CAPITAL APPROPRIATIONS | C64: 0 | D64: 0 | E64: =-HLOOKUP(E$2,'Repayment Inputs'!$C$2:$J$44,27,FALSE) -> 0 | F64: =-HLOOKUP(F$2,'Repayment Inputs'!$C$2:$J$44,27,FALSE) -> 0 | G64: =-HLOOKUP(G$2,'Repayment Inputs'!$C$2:$J$44,27,FALSE) -> 0 | H64: =-HLOOKUP(H$2,'Repayment Inputs'!$C$2:$J$44,27,FALSE) -> 0 | I64: =-HLOOKUP(I$2,'Repayment Inputs'!$C$2:$J$44,27,FALSE) -> 0
B65: CASH FROM TREASURY BORROWING AND APPROP. | C65: 130597.96 | D65: 143640.77 | E65: =SUM(E60:E64) -> 612042.31 | F65: =SUM(F60:F64) -> 648510.6 | G65: =SUM(G60:G64) -> 872087.7 | H65: =SUM(H60:H64) -> 1069361 | I65: =SUM(I60:I64) -> 919325.38
A67: ANNUAL INCREASE (DECREASE) IN CASH | C67: 0 | D67: 0 | E67: =E65+E57+E52 -> 55000 | F67: =F65+F57+F52 -> 0 | G67: =G65+G57+G52 -> 0 | H67: =H65+H57+H52 -> 0 | I67: =I65+I57+I52 -> 0
A68: PLANNED NET REVENUES FOR RISK | C68: 0 | D68: 0 | E68: 0 | F68: 0 | G68: 0 | H68: 0 | I68: 0
A69: TOTAL ANNUAL INCREASE (DECREASE) IN CASH | C69: 0 | D69: 0 | E69: =SUM(E67:E68) -> 55000 | F69: =SUM(F67:F68) -> 0 | G69: =SUM(G67:G68) -> 0 | H69: =SUM(H67:H68) -> 0 | I69: =SUM(I67:I68) -> 0
A71: MINIMUM REQUIRED NET REVENUE CALCULATION (Cash Flow) | C71: -22.92133 | D71: -12.201427 | E71: =SUM(E42:E51)+E57+E65 -> 214980.14 | F71: =SUM(F42:F51)+F57+F65 -> 15521.454 | G71: =SUM(G42:G51)+G57+G65 -> -52401.266 | H71: =SUM(H42:H51)+H57+H65 -> -25226.478 | I71: =SUM(I42:I51)+I57+I65 -> -47910.788

Sheet AFUDC
A1: TRANSMISSION LONG-TERM RATE FORECAST - AFUDC INPUT FILE
M2: External Worksheet Links (To Update) | Q2: Internal Workbook Links (No Update Required)
A3: Analysis By: | D3: Exclude/Old | M3: UPDATED | N3: LINK TO SOURCE FILE: | Q3: Capital Input
A4: AFUDC Rate Source: | B4: 0.03 | D4: Hardcoded | N4: CWIP FY21 EOY Balances (FY21 YE 1017) | Q4: Inflation Rates
A5: Corp Allocation: | B5: 0.65 | D5: Linked | N5: AFUDC Rate FY22 memo | Q5: External Worksheet Links (To Update)
D6: Auto-Calculate | Q6: UPDATED | R6: LINK TO SOURCE FILE:
N7: Plant-in-Service No LGIA/w LGIA
N8: LGIA CWIP | R8: AFUDC Balances
A9: Capital Numbers: | B9: Preliminary BP24 IPR | N9: LGIA Out Year Assumption (See notes) | Q9: Reference Documents:
Q10: Corporate Allocation
A11: Timeperiod - Start: | B11: 2024 | D11: LGIA Out Year Assumption: Per e-mail with Kathy, hold LGIA flat for years past 2032. The Trans Capital Expenditures Row is an Array Formula and is locked
A12: End: | B12: 2032
C13: 2011 | D13: 2012 | E13: 2013 | F13: 2014 | G13: 2015 | H13: 2016 | I13: 2017 | J13: 2018 | K13: 2019 | L13: 2020 | M13: 2021 | N13: 2022 | O13: 2023 | P13: 2024 | Q13: 2025 | R13: 2026 | S13: 2027 | T13: 2028 | U13: 2029 | V13: 2030 | W13: 2031 | X13: 2032 | Y13: 2033 | Z13: 2034 | AA13: 2035 | AB13: 2036 | AC13: 2037 | AD13: 2038 | AE13: 2039 | AF13: 2040 | AG13: 2041 | AH13: 2042 | AI13: 2043 | AJ13: 2044 | AK13: 2045
C14: Historical | J14: BP-18 | L14: BP-20 | N14: BP-22 | P14: Long Term Forecasting | Y14: INFLATED COSTS / COSTS PULLED FORWARD - FOR LONG-TERM VIEW
C15: 2011 | D15: =C15+1 -> 2012 | E15: =D15+1 -> 2013 | F15: =E15+1 -> 2014 | G15: =F15+1 -> 2015 | H15: =G15+1 -> 2016 | I15: =H15+1 -> 2017 | J15: =I15+1 -> 2018 | K15: =J15+1 -> 2019 | ... AK15: =AJ15+1 -> 2045
A16: TREASURY & LEASE FINANCING | N16: <<<<<ARRAY FORMULA>>>>> | Y16: =VLOOKUP(Y$15,'GI Forecast(Tbls 4 & 9)'!$B$51:$M$95,5,0) -> 0.023076461 | Z16: =VLOOKUP(Z$15,'GI Forecast(Tbls 4 & 9)'!$B$51:$M$95,5,0) -> 0.022917153 | AA16: =VLOOKUP(AA$15,'GI Forecast(Tbls 4 & 9)'!$B$51:$M$95,5,0) -> 0.022406324 | AB16: =VLOOKUP(AB$15,'GI Forecast(Tbls 4 & 9)'!$B$51:$M$95,5,0) -> 0.021846856 | AC16: =VLOOKUP(AC$15,'GI Forecast(Tbls 4 & 9)'!$B$51:$M$95,5,0) -> 0.02141804 | AD16: =VLOOKUP(AD$15,'GI Forecast(Tbls 4 & 9)'!$B$51:$M$95,5,0) -> 0.021253626 | AE16: =VLOOKUP(AE$15,'GI Forecast(Tbls 4 & 9)'!$B$51:$M$95,5,0) -> 0.021018422 | AF16: =VLOOKUP(AF$15,'GI Forecast(Tbls 4 & 9)'!$B$51:$M$95,5,0) -> 0.021082762 | ... AK16: =VLOOKUP(AK$15,'GI Forecast(Tbls 4 & 9)'!$B$51:$M$95,5,0) -> 0.020791213
A17: TRANS CAPITAL EXPENDITURES | N17: {=SUM(HLOOKUP(N15,'Capital Input File'!$C$28:$ZZ$44,{2,3,4,5,6},0))} -> 442589 | O17: {=SUM(HLOOKUP(O15,'Capital Input File'!$C$28:$ZZ$44,{2,3,4,5,6},0))} -> 494611.35 | P17: {=SUM(HLOOKUP(P15,'Capital Input File'!$C$28:$ZZ$44,{2,3,4,5,6},0))} -> 547897.09 | Q17: {=SUM(HLOOKUP(Q15,'Capital Input File'!$C$28:$ZZ$44,{2,3,4,5,6},0))} -> 531745.32 | R17: {=SUM(HLOOKUP(R15,'Capital Input File'!$C$28:$ZZ$44,{2,3,4,5,6},0))} -> 505380.6 | S17: {=SUM(HLOOKUP(S15,'Capital Input File'!$C$28:$ZZ$44,{2,3,4,5,6},0))} -> 483314.2 | T17: {=SUM(HLOOKUP(T15,'Capital Input File'!$C$28:$ZZ$44,{2,3,4,5,6},0))} -> 493268.65 | U17: {=SUM(HLOOKUP(U15,'Capital Input File'!$C$28:$ZZ$44,{2,3,4,5,6},0))} -> 481208.18 | ... AK17: {=SUM(HLOOKUP(AK15,'Capital Input File'!$C$28:$ZZ$44,{2,3,4,5,6},0))} -> 629857.44
A18: PLANT-IN-SERVICE | N18: 556213.56 | O18: 489075.57 | P18: 604926.55 | Q18: 596190.35 | R18: 568759.95 | S18: 548333.14 | T18: 559552.59 | U18: 549007.64 | V18: 552779.71 | W18: 552093.8 | X18: 553282 | Y18: 557193.35 | Z18: 621729.64 | AA18: =Z18*(1+AA16) -> 635660.31 | AB18: =AA18*(1+AB16) -> 649547.49 | AC18: =AB18*(1+AC16) -> 663459.53 | AD18: =AC18*(1+AD16) -> 677560.45 | AE18: =AD18*(1+AE16) -> 691801.7 | AF18: =AE18*(1+AF16) -> 706386.79 | AG18: =AF18*(1+AG16) -> 721262.29 | AH18: =AG18*(1+AH16) -> 736346.31 | ... AK18: =AJ18*(1+AK16) -> 783213.62
A19: SOY CWIP BALANCE | N19: =M20 -> 738620.77 | O19: =N20 -> 624996.21 | P19: =O20 -> 630531.99 | Q19: =P20 -> 573502.53 | R19: =Q20 -> 509057.5 | S19: =R20 -> 445678.15 | T19: =S20 -> 380659.21 | U19: =T20 -> 314375.26 | ... AK19: =AJ20 -> -1520866.6
A20: EOY CWIP BALANCE | M20: =738620772.682/1000 -> 738620.77 | N20: =N17-N18+N19 -> 624996.21 | O20: =O17-O18+O19 -> 630531.99 | P20: =P17-P18+P19 -> 573502.53 | Q20: =Q17-Q18+Q19 -> 509057.5 | R20: =R17-R18+R19 -> 445678.15 | S20: =S17-S18+S19 -> 380659.21 | T20: =T17-T18+T19 -> 314375.26 | U20: =U17-U18+U19 -> 246575.8 | ... AK20: =AK17-AK18+AK19 -> -1674222.8
A21: AVERAGE CWIP BALANCE | N21: =AVERAGE(N19:N20) -> 681808.49 | O21: =AVERAGE(O19:O20) -> 627764.1 | P21: =AVERAGE(P19:P20) -> 602017.26 | Q21: =AVERAGE(Q19:Q20) -> 541280.02 | R21: =AVERAGE(R19:R20) -> 477367.82 | S21: =AVERAGE(S19:S20) -> 413168.68 | T21: =AVERAGE(T19:T20) -> 347517.24 | U21: =AVERAGE(U19:U20) -> 280475.53 | ... AK21: =AVERAGE(AK19:AK20) -> -1597544.7
A23: AFUDC RATE | M23: 0.0256 | N23: 0.0237 | O23: =N23+O24 -> 0.0242 | P23: =O23+P24 -> 0.0247 | Q23: =P23+Q24 -> 0.0252 | R23: =Q23+R24 -> 0.0257 | S23: =R23+S24 -> 0.0262 | T23: =S23+T24 -> 0.0267 | U23: =T23+U24 -> 0.0272 | V23: =U23+V24 -> 0.0277 | ... AK23: =AJ23+AK24 -> 0.0352
A24: AFUDC Adjustment Factor | O24: 0.0005 | P24: 0.0005 | Q24: 0.0005 | R24: 0.0005 | S24: 0.0005 | T24: 0.0005 | U24: 0.0005 | V24: 0.0005 | W24: 0.0005 | X24: 0.0005 | Y24: 0.0005 | Z24: 0.0005 | AA24: 0.0005 | AB24: 0.0005 | AC24: 0.0005 | AD24: 0.0005 | AE24: 0.0005 | AF24: 0.0005 | AG24: 0.0005 | AH24: 0.0005 | AI24: 0.0005 | AJ24: 0.0005 | AK24: 0.0005
A25: AFUDC | N25: =(N21)*N23 -> 16158.861 | O25: =(O21)*O23 -> 15191.891 | P25: =(P21)*P23 -> 14869.826 | Q25: =(Q21)*Q23 -> 13640.256 | R25: =(R21)*R23 -> 12268.353 | S25: =(S21)*S23 -> 10825.019 | T25: =(T21)*T23 -> 9278.7102 | U25: =(U21)*U23 -> 7628.9344 | ... AK25: =(AK21)*AK23 -> -56233.572
A27: CORPORATE CAPITAL (Allocation of Total) | N27: =+'Capital Input File'!C50 -> 11292.45 | O27: =HLOOKUP(O$15,'Capital Input File'!$D$48:$AE$74,3,FALSE) -> 7948.2 | P27: =HLOOKUP(P$15,'Capital Input File'!$D$48:$AE$74,3,FALSE) -> 10725 | Q27: =HLOOKUP(Q$15,'Capital Input File'!$D$48:$AE$74,3,FALSE) -> 12599.6 | R27: =HLOOKUP(R$15,'Capital Input File'!$D$48:$AE$74,3,FALSE) -> 12025 | S27: =HLOOKUP(S$15,'Capital Input File'!$D$48:$AE$74,3,FALSE) -> 12502.1 | T27: =HLOOKUP(T$15,'Capital Input File'!$D$48:$AE$74,3,FALSE) -> 12025 | U27: =HLOOKUP(U$15,'Capital Input File'!$D$48:$AE$74,3,FALSE) -> 12259.156 | V27: =HLOOKUP(V$15,'Capital Input File'!$D$48:$AE$74,3,FALSE) -> 12543.568 | ... AK27: =HLOOKUP(AK$15,'Capital Input File'!$D$48:$AE$74,3,FALSE) -> 17284.529
A28: CORPORATE AFUDC (IT AFUDC) | N28: =(AVERAGE(M27:N27))*N23 -> 267.63106 | O28: =(AVERAGE(N27:O27))*O23 -> 232.81187 | P28: =(AVERAGE(O27:P27))*P23 -> 230.61402 | Q28: =(AVERAGE(P27:Q27))*Q23 -> 293.88996 | R28: =(AVERAGE(Q27:R27))*R23 -> 316.42611 | S28: =(AVERAGE(R27:S27))*S23 -> 321.30501 | T28: =(AVERAGE(S27:T27))*T23 -> 327.43678 | U28: =(AVERAGE(T27:U27))*U23 -> 330.26452 | ... AK28: =(AVERAGE(AJ27:AK27))*AK23 -> 602.21939
A29: TOTAL TREASURY AND LEASE FINANCING TRANS AFUDC | N29: =N28+N25 -> 16426.492 | O29: =O28+O25 -> 15424.703 | P29: =P28+P25 -> 15100.44 | Q29: =Q28+Q25 -> 13934.146 | R29: =R28+R25 -> 12584.779 | S29: =S28+S25 -> 11146.324 | T29: =T28+T25 -> 9606.147 | U29: =U28+U25 -> 7959.1989 | ... AK29: =AK28+AK25 -> -55631.353
N30: 0
A31: CUSTOMER FUNDED AFUDC (Includes LGIA & LLIP)
A32: CUSTOMER FUNDED CAPITAL EXPENDITURES | M32: 46883.853 | O32: =HLOOKUP(O$15,'Capital Input File'!$D$76:$AE$77,2,FALSE) -> 0 | P32: =HLOOKUP(P$15,'Capital Input File'!$D$76:$AE$77,2,FALSE) -> 0 | Q32: =HLOOKUP(Q$15,'Capital Input File'!$D$76:$AE$77,2,FALSE) -> 0 | R32: =HLOOKUP(R$15,'Capital Input File'!$D$76:$AE$77,2,FALSE) -> 0 | S32: =HLOOKUP(S$15,'Capital Input File'!$D$76:$AE$77,2,FALSE) -> 0 | T32: =HLOOKUP(T$15,'Capital Input File'!$D$76:$AE$77,2,FALSE) -> 0 | U32: =HLOOKUP(U$15,'Capital Input File'!$D$76:$AE$77,2,FALSE) -> 0 | V32: =HLOOKUP(V$15,'Capital Input File'!$D$76:$AE$77,2,FALSE) -> 0 | ... X32: =HLOOKUP(X$15,'Capital Input File'!$D$76:$AE$77,2,FALSE) -> 0 | Y32: =HLOOKUP(Y$13,'Capital Input File'!$D$76:$AE$77,2,FALSE) -> 0 | Z32: =HLOOKUP(Z$13,'Capital Input File'!$D$76:$AE$77,2,FALSE) -> 0 | AA32: =HLOOKUP(AA$13,'Capital Input File'!$D$76:$AE$77,2,FALSE) -> 0 | AB32: =HLOOKUP(AB$13,'Capital Input File'!$D$76:$AE$77,2,FALSE) -> 0 | AC32: =HLOOKUP(AC$13,'Capital Input File'!$D$76:$AE$77,2,FALSE) -> 0 | AD32: =HLOOKUP(AD$13,'Capital Input File'!$D$76:$AE$77,2,FALSE) -> 0 | AE32: =HLOOKUP(AE$13,'Capital Input File'!$D$76:$AE$77,2,FALSE) -> 0 | AF32: =HLOOKUP(AF$13,'Capital Input File'!$D$76:$AE$77,2,FALSE) -> 0 | ... AK32: =HLOOKUP(AK$13,'Capital Input File'!$D$76:$AE$77,2,FALSE) -> 0
A33: CUSTOMER FUNDED PLANT-IN-SERVICE | M33: 46883.853 | N33: 0 | O33: 0 | P33: 0 | Q33: 0 | R33: 0 | S33: 0 | T33: 0 | U33: 0 | V33: 0 | W33: 0 | X33: 0 | Y33: =X33 -> 0 | Z33: =Y33 -> 0 | AA33: =Z33 -> 0 | AB33: =AA33 -> 0 | AC33: =AB33 -> 0 | AD33: =AC33 -> 0 | AE33: =AD33 -> 0 | AF33: =AE33 -> 0 | ... AK33: =AJ33 -> 0
A34: SOY CWIP BALANCE | N34: =M35 -> 0 | O34: =N35 -> 0 | P34: =O35 -> 0 | Q34: =P35 -> 0 | R34: =Q35 -> 0 | S34: =R35 -> 0 | T34: =S35 -> 0 | U34: =T35 -> 0 | ... AK34: =AJ35 -> 0
A35: EOY CWIP BALANCE | M35: 0 | N35: =N32-N33+N34 -> 0 | O35: =O32-O33+O34 -> 0 | P35: =P32-P33+P34 -> 0 | Q35: =Q32-Q33+Q34 -> 0 | R35: =R32-R33+R34 -> 0 | S35: =S32-S33+S34 -> 0 | T35: =T32-T33+T34 -> 0 | U35: =U32-U33+U34 -> 0 | ... AK35: =AK32-AK33+AK34 -> 0
A36: AVERAGE CWIP BALANCE | N36: =AVERAGE(N34:N35) -> 0 | O36: =AVERAGE(O34:O35) -> 0 | P36: =AVERAGE(P34:P35) -> 0 | Q36: =AVERAGE(Q34:Q35) -> 0 | R36: =AVERAGE(R34:R35) -> 0 | S36: =AVERAGE(S34:S35) -> 0 | T36: =AVERAGE(T34:T35) -> 0 | U36: =AVERAGE(U34:U35) -> 0 | ... AK36: =AVERAGE(AK34:AK35) -> 0
A37: TOTAL CUSTOMER FUNDED AFUDC | C37: 2409 | D37: 2298 | E37: 5852 | F37: 366.75888 | G37: 287.96033 | H37: 43.94149 | I37: =I45 -> 49.99001 | J37: 272.28201 | K37: 985.98041 | L37: 985.98041 | M37: 985.98041 | N37: =N36*N23 -> 0 | O37: =O36*O23 -> 0 | P37: =P36*P23 -> 0 | Q37: =Q36*Q23 -> 0 | R37: =R36*R23 -> 0 | S37: =S36*S23 -> 0 | T37: =T36*T23 -> 0 | U37: =U36*U23 -> 0 | ... AK37: =AK36*AK23 -> 0
A38: TOTAL AFUDC | C38: =C37+C29 -> 2409 | D38: =D37+D29 -> 2298 | E38: =E37+E29 -> 5852 | F38: =F37+F29 -> 366.75888 | G38: =G37+G29 -> 287.96033 | H38: =H37+H29 -> 43.94149 | I38: =I37+I29 -> 49.99001 | J38: 16778.379 | K38: 17224.213 | L38: 14211.272 | M38: 14635.248 | N38: =N37+N29 -> 16426.492 | O38: =O37+O29 -> 15424.703 | P38: =P37+P29 -> 15100.44 | Q38: =Q37+Q29 -> 13934.146 | R38: =R37+R29 -> 12584.779 | S38: =S37+S29 -> 11146.324 | T38: =T37+T29 -> 9606.147 | U38: =U37+U29 -> 7959.1989 | ... AK38: =AK37+AK29 -> -55631.353
C40: =C15 -> 2011 | D40: =D15 -> 2012 | E40: =E15 -> 2013 | F40: =E40+1 -> 2014 | G40: 2015 | H40: 2016 | I40: 2017 | J40: 2018 | K40: 2018
B41: AFUDC (ACTUALS) | C41: =SUM(C43:C45) -> 27832.999 | D41: =SUM(D43:D45) -> 37009.956 | E41: =SUM(E43:E45) -> 26855.157 | F41: =SUM(F43:F45) -> 40861.327 | G41: =SUM(G43:G45) -> 44553.035 | H41: =SUM(H43:H45) -> 31041.645 | I41: =SUM(I43:I45) -> 21576.933 | J41: 16778.379 | K41: =SUM(K43:K45) -> 15723.454
C42: =C41/C38 -> 11.553756 | D42: =D41/D38 -> 16.10529 | E42: =E41/E38 -> 4.5890561 | F42: =F41/F38 -> 111.41196 | G42: =G41/G38 -> 154.71935 | H42: =H41/H38 -> 706.43133 | I42: =I41/I38 -> 431.6249 | J42: 1 | K42: =K41/K38 -> 0.91286925
B43: REGULAR | C43: 18144.965 | D43: 20666.412 | E43: 9382.1069 | F43: 19565.447 | G43: 22845.466 | H43: 17028.255 | I43: 11590.565 | J43: 10886.261 | K43: 10499.936
B44: LEASE FINANCING | C44: 4692.8798 | D44: 10875.917 | E44: 12886.248 | F44: 20929.12 | G44: 21419.609 | H44: 13969.448 | I44: 9936.3778 | J44: 5619.8361 | K44: 3748.8131
B45: CUSTOMER FUNDED | C45: 4995.1544 | D45: 5467.6263 | E45: 4586.8012 | F45: 366.75888 | G45: 287.96033 | H45: 43.94149 | I45: 49.99001 | J45: 272.28201 | K45: 1474.705
O46: `

Sheet Leverage
A3: Analysis By: | B3: Quay Rubin | F3: Internal Workbook Links
F4: Revenue Requirement & Repayment Input
A5: Scenario: | B5: ='Revenue Requirement'!#REF! -> #REF! | F5: Capital Input File
F7: Inflation Rates
A9: Timeperiod - Start: | B9: 2026 | R9: Change title, double check links after updating GI Forecast
A10: End: | B10: ='Revenue Requirement'!#REF! -> #REF!
E11: Data used in other tab | G11: updated
N12: =VLOOKUP(N$13,'GI Forecast(Tbls 4 & 9)'!$B$51:$M$95,5,0) -> 0.022406324 | O12: =VLOOKUP(O$13,'GI Forecast(Tbls 4 & 9)'!$B$51:$M$95,5,0) -> 0.021846856 | P12: =VLOOKUP(P$13,'GI Forecast(Tbls 4 & 9)'!$B$51:$M$95,5,0) -> 0.02141804 | Q12: =VLOOKUP(Q$13,'GI Forecast(Tbls 4 & 9)'!$B$51:$M$95,5,0) -> 0.021253626 | R12: =VLOOKUP(R$13,'GI Forecast(Tbls 4 & 9)'!$B$51:$M$95,5,0) -> 0.021018422 | S12: =VLOOKUP(S$13,'GI Forecast(Tbls 4 & 9)'!$B$51:$M$95,5,0) -> 0.021082762
A13: NOT OFFICIAL LEVERAGE POLICY CALC | B13: Debt to Asset Ratio Calculation | C13: 2024 | D13: =+C13+1 -> 2025 | E13: =+D13+1 -> 2026 | F13: =+E13+1 -> 2027 | G13: =+F13+1 -> 2028 | H13: =+G13+1 -> 2029 | I13: =+H13+1 -> 2030 | J13: =+I13+1 -> 2031 | K13: =+J13+1 -> 2032 | ... S13: =+R13+1 -> 2040
B14: DEBT (Fed + NF) | C14: =SUM(C15:C19) -> 6687083 | D14: =SUM(D15:D19) -> 7335593.6 | E14: =SUM(E15:E19) -> 8207681.3 | F14: =SUM(F15:F19) -> 9277042.3 | G14: =SUM(G15:G19) -> 10196368 | H14: =SUM(H15:H19) -> 10817796 | I14: =SUM(I15:I19) -> 11406423 | J14: =SUM(J15:J19) -> 11984500 | ... S14: =SUM(S15:S19) -> 14228683
B15: PRIOR YEAR NET DEBT OUTSTANDING | C15: 6319398 | D15: =+C14 -> 6687083 | E15: =+D14 -> 7335593.6 | F15: =+E14 -> 8207681.3 | G15: =+F14 -> 9277042.3 | H15: =+G14 -> 10196368 | I15: =+H14 -> 10817796 | J15: =+I14 -> 11406423 | K15: =+J14 -> 11984500 | ... S15: =+R14 -> 13926526
A16: Revenue Requirement tab | B16: NEW FEDERAL BORROWING | C16: 0 | D16: =HLOOKUP(D$13,'Revenue Requirement'!$C$37:$I$72,24,FALSE) -> 946800 | E16: =HLOOKUP(E$13,'Revenue Requirement'!$C$37:$I$72,24,FALSE) -> 1240200 | F16: =HLOOKUP(F$13,'Revenue Requirement'!$C$37:$I$72,24,FALSE) -> 1414400 | G16: =HLOOKUP(G$13,'Revenue Requirement'!$C$37:$I$72,24,FALSE) -> 1314400 | H16: 993600 | I16: 983300 | J16: 1002700 | K16: 699500 | L16: 711100 | M16: 740600 | N16: 749100 | O16: 767400 | P16: 777500 | Q16: 797100 | R16: 809200 | S16: 829500
B17: NEW NON-FEDERAL BORROWING
B18: DEFERRED BORROWING | C18: 367685
A19: DSR Gapped Ungapped | B19: LESS: PRINCIPAL REPAYMENT | C19: 0 | D19: =SUM('Revenue Requirement'!F$62:F$64) -> -298289.4 | E19: =SUM('Revenue Requirement'!G$62:G$64) -> -368112.3 | F19: =SUM('Revenue Requirement'!H$62:H$64) -> -345038.96 | G19: =SUM('Revenue Requirement'!I$62:I$64) -> -395074.62 | H19: -372171.31 | I19: -394673.38 | J19: -424622.65 | K19: -465316.86 | L19: -510278.17 | M19: -536065.84 | N19: -556652.54 | O19: -524022.28 | P19: -495079.48 | Q19: -505677.61 | R19: -516381.27 | S19: -527343.14
B21: ASSETS (INCLUDE CORP ALLOCATION) | C21: =SUM(C22:C29) -> 8896371 | D21: =SUM(D22:D29) -> 9634634.3 | E21: =SUM(E22:E29) -> 10716952 | F21: =SUM(F22:F29) -> 11952014 | G21: =SUM(G22:G29) -> 13061377 | H21: =SUM(H22:H29) -> 13839066 | I21: =SUM(I22:I29) -> 14574471 | J21: =SUM(J22:J29) -> 15324501 | ... S21: =SUM(S22:S29) -> 19507303
B22: PRIOR YEAR COMPLETED PLANT BALANCE | C22: 11689709 | D22: =+C22+C24+C25+C26 -> 11689709 | E22: =+D22+D24+D25+D26 -> 12623169 | F22: =+E22+E24+E25+E26 -> 13925202 | G22: =+F22+F24+F25+F26 -> 15406610 | H22: =+G22+G24+G25+G26 -> 16790450 | I22: =+H22+H24+H25+H26 -> 17861348 | J22: =+I22+I24+I25+I26 -> 18916756 | K22: =+J22+J24+J25+J26 -> 20008963 | ... S22: =+R22+R24+R25+R26 -> 27019977
B23: CWIP | C23: 1526252 | D23: =+C23 -> 1526252 | E23: =+D23 -> 1526252 | F23: =+E23 -> 1526252 | G23: =+F23 -> 1526252 | H23: =+G23 -> 1526252 | I23: =+H23 -> 1526252 | J23: =+I23 -> 1526252 | K23: =+J23 -> 1526252 | ... S23: =+R23 -> 1526252
A24: Revenue Requirement tab | B24: NEW BPA-FINANCED INVESTMENT | D24: =-HLOOKUP(D$13,'Revenue Requirement'!$C$37:$I$72,21,FALSE) -> 1001800 | E24: =-HLOOKUP(E$13,'Revenue Requirement'!$C$37:$I$72,21,FALSE) -> 1365200 | F24: =-HLOOKUP(F$13,'Revenue Requirement'!$C$37:$I$72,21,FALSE) -> 1539400 | G24: =-HLOOKUP(G$13,'Revenue Requirement'!$C$37:$I$72,21,FALSE) -> 1439400 | H24: 1133600 | I24: 1123300 | J24: 1157700 | K24: 854500 | L24: 881100 | M24: 910600 | N24: 934100 | O24: 952400 | P24: 971900 | Q24: 991500 | R24: 1011500 | S24: 1031800
A25: AFUDC | B25: NEW NONBPA FINANCED INVESTMENT | D25: 40159.649 | E25: 45332.846 | F25: 50507.921 | G25: 52940.499 | H25: 45797.591 | I25: 40608.095 | J25: 43007.201 | K25: 44648.035 | L25: 45944.257 | M25: 47331.714 | N25: 47487.785 | O25: 46453.474 | P25: 46484.272 | Q25: 46515.828 | R25: 46548.083 | S25: 46581.337
A26: external | B26: ASSET RETIREMENT & Amortization of Assets | D26: -108499.92 | E26: =+D26 -> -108499.92 | F26: =+E26 -> -108499.92 | G26: =+F26 -> -108499.92 | H26: =+G26 -> -108499.92 | I26: =+H26 -> -108499.92 | J26: =+I26 -> -108499.92 | K26: =+J26 -> -108499.92 | L26: =+K26 -> -108499.92 | ... S26: =+R26 -> -108499.92
B27: LESS: PRIOR YEAR ACCUMULATED DEPRECIATION* | C27: -4319590 | D27: =+C27+C28+C29 -> -4319590 | E27: =+D27+D28+D29 -> -4514786.4 | F27: =+E27+E28+E29 -> -4734501.8 | G27: =+F27+F28+F29 -> -4980847.5 | H27: =+G27+G28+G29 -> -5255325.5 | I27: =+H27+H28+H29 -> -5548534.3 | J27: =+I27+I28+I29 -> -5868536.7 | K27: =+J27+J28+J29 -> -6210714.3 | ... S27: =+R27+R28+R29 -> -9534009.1
A28: Revenue Requirement tab | B28: LESS: CURRENT YEAR DEPRECIATION* | D28: -357586.61 | E28: -382105.61 | F28: -408735.9 | G28: -436868.25 | H28: -455599.05 | I28: -482392.58 | J28: -504567.8 | K28: -525189.36 | L28: -543406.21 | M28: -560825.11 | N28: =+M28*(1+N12) -> -573391.14 | O28: =+N28*(1+O12) -> -585917.93 | P28: =+O28*(1+P12) -> -598467.14 | Q28: =+P28*(1+Q12) -> -611186.74 | R28: =+Q28*(1+R12) -> -624032.92 | S28: =+R28*(1+S12) -> -637189.26
A29: external | B29: ADJUSTMENTS TO DEPRECIATION | D29: 162390.22 | E29: =+D29 -> 162390.22 | F29: =+E29 -> 162390.22 | G29: =+F29 -> 162390.22 | H29: =+G29 -> 162390.22 | I29: =+H29 -> 162390.22 | J29: =+I29 -> 162390.22 | K29: =+J29 -> 162390.22 | L29: =+K29 -> 162390.22 | ... S29: =+R29 -> 162390.22
B30: DEBT TO ASSET RATIO | C30: =+C14/C21 -> 0.75166413 | D30: =+D14/D21 -> 0.76137748 | E30: =+E14/E21 -> 0.76585968 | F30: =+F14/F21 -> 0.77619071 | G30: =+G14/G21 -> 0.7806503 | H30: =+H14/H21 -> 0.78168547 | I30: =+I14/I21 -> 0.78263031 | J30: =+J14/J21 -> 0.78204832 | ... S30: =+S14/S21 -> 0.7294029
B31: *Excludes regulatory assets and includes PFIA
S32: 11769702
S33: =+S32-S14 -> -2458980.7

Sheet Capital Input File
A1: TRANSMISSION LONG-TERM RATE FORECAST - CAPITAL INPUT FILE
H2: External Worksheet Links (To Update)
A3: Analysis By: | B3: Tracy Carlson | D3: INSTRUCTIONS: | H3: UPDATED | I3: LINKS | K3: Internal Workbook Links (No Update Required)
D4: Exclude/Old | F4: Exclude/Old | I4: 0027FY22_Capital Expenditures FY22_2022-03-31 EOY Forecast | K4: TS AFUDC | N4: REFERENCE:
D5: Hardcoded | F5: Hardcoded | H5: using Bp22 source file | I5: PIS With LGIA | K5: Inflation Rates | N5: Leverage Phase In
A6: Scenario: | B6: ='Revenue Requirement'!#REF! -> #REF! | D6: Linked | F6: Linked | I6: Power AFUDC
D7: Auto-Calculate | F7: Auto-Calculate | H7: Capital input file w capital fin policy rates | I7: Capital Input File | P7: used in other tabs
A8: Corp Allocation: | B8: 0.65 | I8: LGIA Assumption (see notes) | L8: Checked to Capital input (alex's tab)-good
D9: NOTES: LGIA Out Year Assumption: Per e-mail with Kathy, hold LGIA flat for years past 2032. Customer Funded Capital Forecast is straightlined 2033 onward. Per GWEN, new PIS file not avail until end of May - using BP22FP file source with GP added
A10: Timeperiod - Start: | B10: 2019
A11: End: | B11: 2047
A12: Assumptions: | B12: FINANCING ASSUMPTIONS | D12: 2022 | E12: 2023 | F12: =E12+1 -> 2024 | G12: =F12+1 -> 2025 | H12: =G12+1 -> 2026 | I12: =H12+1 -> 2027 | J12: =I12+1 -> 2028 | K12: =J12+1 -> 2029 | L12: =K12+1 -> 2030 | M12: =L12+1 -> 2031 | ... AE12: =AD12+1 -> 2049
B13: RESERVE FINANCING | F13: 0 | G13: 0 | H13: 0 | I13: 0 | J13: 0 | K13: 0 | L13: 0 | M13: 0 | N13: 0 | O13: 0 | P13: 0 | Q13: 0 | R13: 0 | S13: 0 | T13: 0 | U13: 0 | V13: 0 | W13: 0 | X13: 0 | Y13: 0 | Z13: 0 | AA13: 0 | AB13: 0 | AC13: 0 | AD13: 0 | AE13: 0
B14: REVENUE FINANCING | D14: 40000 | E14: 40000 | F14: 55000 | G14: 55000 | H14: 70000 | I14: 70000 | J14: 85000 | K14: 85000 | L14: 100000 | M14: 100000 | N14: 102362.64 | O14: 103246.39 | P14: 105574.52 | Q14: 107964.69 | R14: 110409.03 | S14: 112911.52 | T14: 115474.55 | U14: 118098.27 | V14: 120791.96 | W14: 123536.33 | X14: 126356.86 | Y14: 129259.64 | Z14: 132234.29 | AA14: 0 | AB14: 0 | AC14: 0 | AD14: 0 | AE14: 0
C15: Use possible borrowing plan
A16: SUMMARY DATA | P16: INFLATED COSTS / COSTS PULLED FORWARD - FOR LONG-TERM VIEW
A17: PROJ ID (LEVEL 4) | B17: PROGRAM DESCRIPTION | C17: 2022 | D17: =C17+1 -> 2023 | E17: =D17+1 -> 2024 | F17: =E17+1 -> 2025 | G17: =F17+1 -> 2026 | H17: =G17+1 -> 2027 | I17: =H17+1 -> 2028 | J17: =I17+1 -> 2029 | K17: =J17+1 -> 2030 | ... AE17: =AD17+1 -> 2050 | AG17: Input Drivers
B18: Power | D18: correct to remove corp split | O18: =VLOOKUP(O$17,'GI Forecast(Tbls 4 & 9)'!$B$51:$M$95,5,0) -> 0.022917153 | P18: =VLOOKUP(P$17,'GI Forecast(Tbls 4 & 9)'!$B$51:$M$95,5,0) -> 0.022406324 | Q18: =VLOOKUP(Q$17,'GI Forecast(Tbls 4 & 9)'!$B$51:$M$95,5,0) -> 0.021846856 | R18: =VLOOKUP(R$17,'GI Forecast(Tbls 4 & 9)'!$B$51:$M$95,5,0) -> 0.02141804 | S18: =VLOOKUP(S$17,'GI Forecast(Tbls 4 & 9)'!$B$51:$M$95,5,0) -> 0.021253626 | T18: =VLOOKUP(T$17,'GI Forecast(Tbls 4 & 9)'!$B$51:$M$95,5,0) -> 0.021018422 | U18: =VLOOKUP(U$17,'GI Forecast(Tbls 4 & 9)'!$B$51:$M$95,5,0) -> 0.021082762 | V18: =VLOOKUP(V$17,'GI Forecast(Tbls 4 & 9)'!$B$51:$M$95,5,0) -> 0.021058577 | ... AE18: =VLOOKUP(AE$17,'GI Forecast(Tbls 4 & 9)'!$B$51:$M$95,5,0) -> 0.021161843 | AG18: Capital Input File Dates row need to be checked, and Match function has to start on the same row
A19: DO NOT USE - FOR CALCULATION PURPOSES | B19: Fish & Wildlife | C19: 22500 | D19: 43000 | E19: 41335 | F19: 41300 | G19: 29000 | H19: 15700 | I19: 15000 | J19: 15000 | K19: 15000 | L19: 15000 | M19: 15000 | N19: 15000 | O19: =N19*(1+O$18) -> 15343.757 | P19: =O19*(1+P$18) -> 15687.554 | Q19: =P19*(1+Q$18) -> 16030.278 | R19: =Q19*(1+R$18) -> 16373.615 | S19: =R19*(1+S$18) -> 16721.614 | T19: =S19*(1+T$18) -> 17073.076 | U19: =T19*(1+U$18) -> 17433.024 | V19: =U19*(1+V$18) -> 17800.138 | ... AE19: =AD19*(1+AE$18) -> 21436.374 | AG19: (P)F&W borrowing
B20: Bureau of Reclamation | C20: 45437 | D20: 51974 | E20: 68924.7 | F20: 47615.4 | G20: 23007.6 | H20: 20065.5 | I20: 18601.2 | J20: 30359.7 | K20: 35820.9 | L20: 38827.8 | M20: 56546.1 | N20: 66683.7 | O20: =N20*(1+O$18) -> 68211.901 | P20: =O20*(1+P$18) -> 69740.279 | Q20: =P20*(1+Q$18) -> 71263.884 | R20: =Q20*(1+R$18) -> 72790.217 | S20: =R20*(1+S$18) -> 74337.273 | T20: =S20*(1+T$18) -> 75899.725 | U20: =T20*(1+U$18) -> 77499.901 | V20: =U20*(1+V$18) -> 79131.939 | ... AE20: =AD20*(1+AE$18) -> 95297.117 | AG20: (P)Reclamation spending | AH20: (P)less revenue financing (BOR)
B21: Corps of Engineers | C21: 189035 | D21: 229286 | E21: 201075.3 | F21: 228059.1 | G21: 258611.4 | H21: 267934.5 | I21: 276192.9 | J21: 271472.4 | K21: 273259.8 | L21: 277452.9 | M21: 266985.9 | N21: 264237.3 | O21: =N21*(1+O$18) -> 270292.87 | P21: =O21*(1+P$18) -> 276349.14 | Q21: =P21*(1+Q$18) -> 282386.5 | R21: =Q21*(1+R$18) -> 288434.66 | S21: =R21*(1+S$18) -> 294564.94 | T21: =S21*(1+T$18) -> 300756.23 | U21: =T21*(1+U$18) -> 307097.01 | V21: =U21*(1+V$18) -> 313564.03 | ... AE21: =AD21*(1+AE$18) -> 377619.31 | AG21: (P)Corps spending | AH21: (P)less revenue financing (Corps)
B22: Power Information Technology | C22: =1555+650 -> 2205 | D22: 2600 | E22: 2500 | F22: 1000 | G22: 1700 | H22: 1700 | I22: 1700 | J22: 1760.764 | K22: 1801.6137 | L22: 1842.8707 | M22: 1884.151 | N22: 1926.5444 | O22: =N22*(1+O$18) -> 1970.6953 | P22: =O22*(1+P$18) -> 2014.8513 | Q22: =P22*(1+Q$18) -> 2058.8695 | R22: =Q22*(1+R$18) -> 2102.9664 | S22: =R22*(1+S$18) -> 2147.6621 | T22: =S22*(1+T$18) -> 2192.8026 | U22: =T22*(1+U$18) -> 2239.0329 | V22: =U22*(1+V$18) -> 2286.1838 | ... AE22: =AD22*(1+AE$18) -> 2753.2084 | AG22: (P)IT/Agency Srvcs spending
B23: Conservation Aquisition / EE - No longer capitalized
B24: Power: Direct Funding AFUDC | D24: 16548 | E24: 17617 | F24: 17941 | G24: 17921 | H24: 17695 | I24: 17372 | J24: 17014 | K24: 16629 | L24: 16213 | M24: 15760 | N24: 15266 | O24: =N24*(1+O18) -> 15615.853 | P24: =O24*(1+P18) -> 15965.747 | Q24: =P24*(1+Q18) -> 16314.548 | R24: =Q24*(1+R18) -> 16663.974 | S24: =R24*(1+S18) -> 17018.144 | T24: =S24*(1+T18) -> 17375.839 | U24: =T24*(1+U18) -> 17742.169 | V24: =U24*(1+V18) -> 18115.794 | ... AE24: =AD24*(1+AE18) -> 21816.513 | AG24: (P)plus AFUDC (BOR) | AH24: (P)plus AFUDC (Corp)
B25: Power: Capital Equip. AFUDC (IT & Corporate) | D25: 166.49116 | E25: 204.3925 | F25: 196.16688 | G25: 210.0975 | H25: 220.91578 | I25: 218.2725 | J25: 227.44226 | K25: 236.99684 | L25: 246.79995 | M25: 256.80218 | N25: 264.21544 | O25: =N25*(1+O18) -> 270.27051 | P25: =O25*(1+P18) -> 276.32627 | Q25: =P25*(1+Q18) -> 282.36313 | R25: =Q25*(1+R18) -> 288.4108 | S25: =R25*(1+S18) -> 294.54057 | T25: =S25*(1+T18) -> 300.73135 | U25: =T25*(1+U18) -> 307.0716 | V25: =U25*(1+V18) -> 313.53809 | ... AE25: =AD25*(1+AE18) -> 377.58807 | AG25: (P)plus AFUDC (IT)
B26: Power Total | C26: =SUM(C19:C25) -> 259177 | D26: =SUM(D19:D25) -> 343574.49 | E26: =SUM(E19:E25) -> 331656.39 | F26: =SUM(F19:F25) -> 336111.67 | G26: =SUM(G19:G25) -> 330450.1 | H26: =SUM(H19:H25) -> 323315.92 | I26: =SUM(I19:I25) -> 329084.37 | J26: =SUM(J19:J25) -> 335834.31 | ... AE26: =SUM(AE19:AE25) -> 519300.11
B28: TRANSMISSION | C28: =+C17 -> 2022 | D28: =+D17 -> 2023 | E28: =+E17 -> 2024 | F28: =+F17 -> 2025 | G28: =+G17 -> 2026 | H28: =+H17 -> 2027 | I28: =+I17 -> 2028 | J28: =+J17 -> 2029 | ... AE28: =+AE17 -> 2050
B29: Main Grid | C29: 20874 | D29: 5545.0946 | E29: 35028.939 | F29: 35107.161 | G29: 40368.215 | H29: 35524.873 | I29: 25335.21 | J29: 20341.112 | K29: 22887.79 | L29: 20697.256 | M29: 15345.353 | N29: 20464.146 | O29: =N29*(1+O$18) -> 20933.125 | P29: =O29*(1+P$18) -> 21402.16 | Q29: =P29*(1+Q$18) -> 21869.73 | R29: =Q29*(1+R$18) -> 22338.137 | S29: =R29*(1+S$18) -> 22812.903 | T29: =S29*(1+T$18) -> 23292.394 | U29: =T29*(1+U$18) -> 23783.462 | V29: =U29*(1+V$18) -> 24284.308 | ... AE29: =AD29*(1+AE$18) -> 29245.139 | AG29: MAIN GRID Direct & Indirects
B30: Area & Customer Service | C30: 45385 | D30: 66541.136 | E30: 35028.939 | F30: 40122.47 | G30: 35322.188 | H30: 40599.854 | I30: 46616.786 | J30: 43479.127 | K30: 45775.581 | L30: 40883.469 | M30: 33759.776 | N30: 35812.255 | O30: =N30*(1+O$18) -> 36632.97 | P30: =O30*(1+P$18) -> 37453.78 | Q30: =P30*(1+Q$18) -> 38272.027 | R30: =Q30*(1+R$18) -> 39091.739 | S30: =R30*(1+S$18) -> 39922.58 | T30: =S30*(1+T$18) -> 40761.69 | U30: =T30*(1+U$18) -> 41621.059 | V30: =U30*(1+V$18) -> 42497.539 | ... AE30: =AD30*(1+AE$18) -> 51178.993 | AG30: AREA & CUSTOMER SERVICE Direct & Indirects
B31: System Replacements | C31: 306138 | D31: 271598.74 | E31: 328827.21 | F31: 314515.58 | G31: 328860.79 | H31: 361519.15 | I31: 369376.66 | J31: 356145.75 | K31: 360779.39 | L31: 365679.91 | M31: 369152.36 | N31: 378026.2 | O31: =N31*(1+O$18) -> 386689.49 | P31: =O31*(1+P$18) -> 395353.78 | Q31: =P31*(1+Q$18) -> 403991.01 | R31: =Q31*(1+R$18) -> 412643.71 | S31: =R31*(1+S$18) -> 421413.88 | T31: =S31*(1+T$18) -> 430271.34 | U31: =T31*(1+U$18) -> 439342.65 | V31: =U31*(1+V$18) -> 448594.58 | ... AE31: =AD31*(1+AE$18) -> 540234.08 | AG31: SYSTEM REPLACEMENTS Direct & Indirects
B32: Upgrades & Additions | C32: 64431 | D32: 144726.97 | E32: 142784.63 | F32: 135747.69 | G32: 94528.904 | H32: 39320.959 | I32: 45589.302 | J32: 54857.34 | K32: 47826.189 | L32: 49611.629 | M32: 59968.448 | N32: 48019.383 | O32: =N32*(1+O$18) -> 49119.851 | P32: =O32*(1+P$18) -> 50220.446 | Q32: =P32*(1+Q$18) -> 51317.605 | R32: =Q32*(1+R$18) -> 52416.727 | S32: =R32*(1+S$18) -> 53530.773 | T32: =S32*(1+T$18) -> 54655.905 | U32: =T32*(1+U$18) -> 55808.203 | V32: =U32*(1+V$18) -> 56983.444 | ... AE32: =AD32*(1+AE$18) -> 68624.098 | AG32: UPGRADES & ADDITIONS Direct & Indirects
B33: Environmental Capital | C33: 5761 | D33: 6199.4158 | E33: 6227.3669 | F33: 6252.4182 | G33: 6300.5017 | H33: 6349.3661 | I33: 6350.6925 | J33: 6384.849 | K33: 6397.2787 | L33: 6439.1463 | M33: 6456.4151 | N33: 6468.9438 | O33: =N33*(1+O$18) -> 6617.1936 | P33: =O33*(1+P$18) -> 6765.4605 | Q33: =P33*(1+Q$18) -> 6913.2646 | R33: =Q33*(1+R$18) -> 7061.3332 | S33: =R33*(1+S$18) -> 7211.4121 | T33: =S33*(1+T$18) -> 7362.9846 | U33: =T33*(1+U$18) -> 7518.2167 | V33: =U33*(1+V$18) -> 7676.5396 | ... AE33: =AD33*(1+AE$18) -> 9244.7133 | AG33: ENVIRONMENT CAPITAL Direct & Indirects
B34: PFIA | C34: =3522+27312+1346 -> 32180 | D34: 55450.946 | E34: 42034.727 | F34: 50153.087 | G34: 50460.269 | H34: 50749.818 | I34: 50670.419 | J34: 50852.78 | K34: 50861.757 | L34: 35517.513 | M34: 33759.776 | N34: 32077.548 | O34: =N34*(1+O$18) -> 32812.674 | P34: =O34*(1+P$18) -> 33547.886 | Q34: =P34*(1+Q$18) -> 34280.801 | R34: =Q34*(1+R$18) -> 35015.029 | S34: =R34*(1+S$18) -> 35759.225 | T34: =S34*(1+T$18) -> 36510.828 | U34: =T34*(1+U$18) -> 37280.577 | V34: =U34*(1+V$18) -> 38065.653 | ... AE34: =AD34*(1+AE$18) -> 45841.755 | AG34: PFIA Direct & Indirects
B35: Lapse Factor | D35: 0 | E35: 0 | F35: 0 | G35: 0 | H35: 0 | I35: 0 | J35: 0 | K35: 0 | L35: 0 | M35: 0 | N35: 0 | O35: 0 | AG35: Trans Lapse Factor
B36: TS AFUDC - Construction | C36: =HLOOKUP(C$28,AFUDC!$J$13:$AK$38,26,FALSE)-C$37 -> 16158.861 | D36: =HLOOKUP(D$28,AFUDC!$J$13:$AK$38,26,FALSE)-D$37 -> 15191.891 | E36: =HLOOKUP(E$28,AFUDC!$J$13:$AK$38,26,FALSE)-E$37 -> 14869.826 | F36: =HLOOKUP(F$28,AFUDC!$J$13:$AK$38,26,FALSE)-F$37 -> 13640.256 | G36: =HLOOKUP(G$28,AFUDC!$J$13:$AK$38,26,FALSE)-G$37 -> 12268.353 | H36: =HLOOKUP(H$28,AFUDC!$J$13:$AK$38,26,FALSE)-H$37 -> 10825.019 | I36: =HLOOKUP(I$28,AFUDC!$J$13:$AK$38,26,FALSE)-I$37 -> 9278.7102 | J36: =HLOOKUP(J$28,AFUDC!$J$13:$AK$38,26,FALSE)-J$37 -> 7628.9344 | ... AE36: =HLOOKUP(AE$28,AFUDC!$J$13:$AK$38,26,FALSE)-AE$37 -> #N/A
B37: TS AFUDC - Corporate/IT | C37: =HLOOKUP(C$28,AFUDC!$J$13:$AK$38,16,FALSE) -> 267.63106 | D37: =HLOOKUP(D$28,AFUDC!$J$13:$AK$38,16,FALSE) -> 232.81187 | E37: =HLOOKUP(E$28,AFUDC!$J$13:$AK$38,16,FALSE) -> 230.61402 | F37: =HLOOKUP(F$28,AFUDC!$J$13:$AK$38,16,FALSE) -> 293.88996 | G37: =HLOOKUP(G$28,AFUDC!$J$13:$AK$38,16,FALSE) -> 316.42611 | H37: =HLOOKUP(H$28,AFUDC!$J$13:$AK$38,16,FALSE) -> 321.30501 | I37: =HLOOKUP(I$28,AFUDC!$J$13:$AK$38,16,FALSE) -> 327.43678 | J37: =HLOOKUP(J$28,AFUDC!$J$13:$AK$38,16,FALSE) -> 330.26452 | ... AE37: =HLOOKUP(AE$28,AFUDC!$J$13:$AK$38,16,FALSE) -> #N/A
B38: Transmission Total | C38: =SUM(C29:C37) -> 491195.49 | D38: =SUM(D29:D37) -> 565487 | E38: =SUM(E29:E37) -> 605032.25 | F38: =SUM(F29:F37) -> 595832.55 | G38: =SUM(G29:G37) -> 568425.64 | H38: =SUM(H29:H37) -> 545210.34 | I38: =SUM(I29:I37) -> 553545.21 | J38: =SUM(J29:J37) -> 540020.16 | ... AE38: =SUM(AE29:AE37) -> #N/A
G39: =+G38-G34+G36+G37 -> 530550.15
B40: CORPORATE | C40: =+C28 -> 2022 | D40: =+D28 -> 2023 | E40: =+E28 -> 2024 | F40: =E40+1 -> 2025 | G40: =F40+1 -> 2026 | H40: =G40+1 -> 2027 | I40: =H40+1 -> 2028 | J40: =I40+1 -> 2029 | K40: =J40+1 -> 2030 | L40: =K40+1 -> 2031 | M40: =L40+1 -> 2032 | ... AE40: =AD40+1 -> 2050
B41: Facilities Management | D41: 0 | E41: 0 | F41: 0 | G41: 0 | H41: 0 | I41: 0 | J41: 0 | K41: 0 | L41: 0 | M41: 0 | N41: 0 | O41: =N41*(1+O$18) -> 0 | P41: =O41*(1+P$18) -> 0 | Q41: =P41*(1+Q$18) -> 0 | R41: =Q41*(1+R$18) -> 0 | S41: =R41*(1+S$18) -> 0 | T41: =S41*(1+T$18) -> 0 | U41: =T41*(1+U$18) -> 0 | V41: =U41*(1+V$18) -> 0 | ... AE41: =AD41*(1+AE$18) -> 0 | AG41: Facilities Management Direct
B42: IT Infrastructure Projects (Hardware / Equipment) | C42: 17373 | D42: 12228 | E42: 16500 | F42: 19384 | G42: 18500 | H42: 19234 | I42: 18500 | J42: 18860.239 | K42: 19297.797 | L42: 19739.716 | M42: 20181.886 | N42: 20635.979 | O42: =N42*(1+O$18) -> 21108.896 | P42: =O42*(1+P$18) -> 21581.869 | Q42: =P42*(1+Q$18) -> 22053.365 | R42: =Q42*(1+R$18) -> 22525.705 | S42: =R42*(1+S$18) -> 23004.458 | T42: =S42*(1+T$18) -> 23487.975 | U42: =T42*(1+U$18) -> 23983.167 | V42: =U42*(1+V$18) -> 24488.218 | ... AE42: =AD42*(1+AE$18) -> 29490.704 | AG42: IT INFRASTRUCTURE PROJECTS | AH42: IT INFRASTRUCTURE PROJECTS Direct
B43: IT Application/System Support (Software) - IT CORPT PROJECTS | D43: 0 | E43: 0 | F43: 0 | G43: 0 | H43: 0 | I43: 0 | J43: 0 | K43: 0 | L43: 0 | M43: 0 | N43: 0 | O43: =N43*(1+O$18) -> 0 | P43: =O43*(1+P$18) -> 0 | Q43: =P43*(1+Q$18) -> 0 | R43: =Q43*(1+R$18) -> 0 | S43: =R43*(1+S$18) -> 0 | T43: =S43*(1+T$18) -> 0 | U43: =T43*(1+U$18) -> 0 | V43: =U43*(1+V$18) -> 0 | ... AE43: =AD43*(1+AE$18) -> 0 | AG43: IT CORPT PROJECTS CAP Direct
B44: IT Power Application Systems (Charge 100% to Power)
B45: Corporate Total | C45: =SUM(C41:C43) -> 17373 | D45: =SUM(D41:D43) -> 12228 | E45: =SUM(E41:E43) -> 16500 | F45: =SUM(F41:F43) -> 19384 | G45: =SUM(G41:G43) -> 18500 | H45: =SUM(H41:H43) -> 19234 | I45: =SUM(I41:I43) -> 18500 | J45: =SUM(J41:J43) -> 18860.239 | ... AE45: =SUM(AE41:AE43) -> 29490.704
A47: CONVERSION FOR RATE ANALYSIS | S47: INFLATED COSTS / COSTS PULLED FORWARD - FOR LONG-TERM VIEW
A48: PROJ ID (LEVEL 4) | B48: PROGRAM DESCRIPTION | C48: =C17 -> 2022 | D48: =D17 -> 2023 | E48: =D48+1 -> 2024 | F48: =E48+1 -> 2025 | G48: =F48+1 -> 2026 | H48: =G48+1 -> 2027 | I48: =H48+1 -> 2028 | J48: =I48+1 -> 2029 | K48: =J48+1 -> 2030 | L48: =K48+1 -> 2031 | ... AE48: =AD48+1 -> 2050
B49: Transmission | S49: 0.021476051 | T49: 0.021117067 | U49: 0.020998778 | V49: 0.020877914 | W49: 0.02085053 | X49: 0.020878202 | Y49: 0.020787414 | Z49: 0.020749723 | AA49: 0.020841294 | AB49: 0.021027594 | AC49: 0.021166278 | AD49: 0.021267563 | AE49: 0.021443531
A50: USE FOR BORROWING PLAN & REPAYMENT MODEL [for BP-24 use Capital Input file for Treasury 50622 (Alex w-AFuDC) for Repayment Fed Projections] | B50: Corporate Allocation to Trans | C50: =HLOOKUP(C$48,$C$40:$AE$45,6,FALSE)*$B$8 -> 11292.45 | D50: =HLOOKUP(D$48,$C$40:$AE$45,6,FALSE)*$B$8 -> 7948.2 | E50: =HLOOKUP(E$48,$C$40:$AE$45,6,FALSE)*$B$8 -> 10725 | F50: =HLOOKUP(F$48,$C$40:$AE$45,6,FALSE)*$B$8 -> 12599.6 | G50: =HLOOKUP(G$48,$C$40:$AE$45,6,FALSE)*$B$8 -> 12025 | H50: =HLOOKUP(H$48,$C$40:$AE$45,6,FALSE)*$B$8 -> 12502.1 | I50: =HLOOKUP(I$48,$C$40:$AE$45,6,FALSE)*$B$8 -> 12025 | J50: =HLOOKUP(J$48,$C$40:$AE$45,6,FALSE)*$B$8 -> 12259.156 | ... AE50: =HLOOKUP(AE$48,$C$40:$AE$45,6,FALSE)*$B$8 -> 19168.958
B51: Corporate AFUDC for Trans | D51: =HLOOKUP(D$48,$C$28:$AE$38,10,FALSE) -> 232.81187 | E51: =HLOOKUP(E$48,$C$28:$AE$38,10,FALSE) -> 230.61402 | F51: =HLOOKUP(F$48,$C$28:$AE$38,10,FALSE) -> 293.88996 | G51: =HLOOKUP(G$48,$C$28:$AE$38,10,FALSE) -> 316.42611 | H51: =HLOOKUP(H$48,$C$28:$AE$38,10,FALSE) -> 321.30501 | I51: =HLOOKUP(I$48,$C$28:$AE$38,10,FALSE) -> 327.43678 | J51: =HLOOKUP(J$48,$C$28:$AE$38,10,FALSE) -> 330.26452 | K51: =HLOOKUP(K$48,$C$28:$AE$38,10,FALSE) -> 343.51772 | ... AE51: =HLOOKUP(AE$48,$C$28:$AE$38,10,FALSE) -> #N/A
B52: TS CORPORATE W/AFUDC (For Borrowing) | D52: =SUM(D50:D51) -> 8181.0119 | E52: =SUM(E50:E51) -> 10955.614 | F52: =SUM(F50:F51) -> 12893.49 | G52: =SUM(G50:G51) -> 12341.426 | H52: =SUM(H50:H51) -> 12823.405 | I52: =SUM(I50:I51) -> 12352.437 | J52: =SUM(J50:J51) -> 12589.42 | K52: =SUM(K50:K51) -> 12887.086 | ... AE52: =SUM(AE50:AE51) -> #N/A
B53: ENVIRONMENT (For Borrowing) | D53: =HLOOKUP(D$48,$C$28:$AE$38,6,FALSE) -> 6199.4158 | E53: =HLOOKUP(E$48,$C$28:$AE$38,6,FALSE) -> 6227.3669 | F53: =HLOOKUP(F$48,$C$28:$AE$38,6,FALSE) -> 6252.4182 | G53: =HLOOKUP(G$48,$C$28:$AE$38,6,FALSE) -> 6300.5017 | H53: =HLOOKUP(H$48,$C$28:$AE$38,6,FALSE) -> 6349.3661 | I53: =HLOOKUP(I$48,$C$28:$AE$38,6,FALSE) -> 6350.6925 | J53: =HLOOKUP(J$48,$C$28:$AE$38,6,FALSE) -> 6384.849 | K53: =HLOOKUP(K$48,$C$28:$AE$38,6,FALSE) -> 6397.2787 | ... AE53: =HLOOKUP(AE$48,$C$28:$AE$38,6,FALSE) -> 9244.7133
B54: TS CONST (W/AFUDC) | D54: =(SUM(HLOOKUP(D$48,$C$28:$AE$38,2,FALSE),HLOOKUP(D$48,$C$28:$AE$38,3,FALSE),HLOOKUP(D$48,$C$28:$AE$38,4,FALSE),HLOOKUP(D$48,$C$28:$AE$38,5,FALSE)))+(HLOOKUP(D$48,$C$28:$AE$38,9,FALSE)) -> 503603.83 | E54: =(SUM(HLOOKUP(E$48,$C$28:$AE$38,2,FALSE),HLOOKUP(E$48,$C$28:$AE$38,3,FALSE),HLOOKUP(E$48,$C$28:$AE$38,4,FALSE),HLOOKUP(E$48,$C$28:$AE$38,5,FALSE)))+(HLOOKUP(E$48,$C$28:$AE$38,9,FALSE)) -> 556539.55 | F54: =(SUM(HLOOKUP(F$48,$C$28:$AE$38,2,FALSE),HLOOKUP(F$48,$C$28:$AE$38,3,FALSE),HLOOKUP(F$48,$C$28:$AE$38,4,FALSE),HLOOKUP(F$48,$C$28:$AE$38,5,FALSE)))+(HLOOKUP(F$48,$C$28:$AE$38,9,FALSE)) -> 539133.16 | G54: =(SUM(HLOOKUP(G$48,$C$28:$AE$38,2,FALSE),HLOOKUP(G$48,$C$28:$AE$38,3,FALSE),HLOOKUP(G$48,$C$28:$AE$38,4,FALSE),HLOOKUP(G$48,$C$28:$AE$38,5,FALSE)))+(HLOOKUP(G$48,$C$28:$AE$38,9,FALSE)) -> 511348.45 | H54: =(SUM(HLOOKUP(H$48,$C$28:$AE$38,2,FALSE),HLOOKUP(H$48,$C$28:$AE$38,3,FALSE),HLOOKUP(H$48,$C$28:$AE$38,4,FALSE),HLOOKUP(H$48,$C$28:$AE$38,5,FALSE)))+(HLOOKUP(H$48,$C$28:$AE$38,9,FALSE)) -> 487789.85 | I54: =(SUM(HLOOKUP(I$48,$C$28:$AE$38,2,FALSE),HLOOKUP(I$48,$C$28:$AE$38,3,FALSE),HLOOKUP(I$48,$C$28:$AE$38,4,FALSE),HLOOKUP(I$48,$C$28:$AE$38,5,FALSE)))+(HLOOKUP(I$48,$C$28:$AE$38,9,FALSE)) -> 496196.66 | J54: =(SUM(HLOOKUP(J$48,$C$28:$AE$38,2,FALSE),HLOOKUP(J$48,$C$28:$AE$38,3,FALSE),HLOOKUP(J$48,$C$28:$AE$38,4,FALSE),HLOOKUP(J$48,$C$28:$AE$38,5,FALSE)))+(HLOOKUP(J$48,$C$28:$AE$38,9,FALSE)) -> 482452.26 | K54: =(SUM(HLOOKUP(K$48,$C$28:$AE$38,2,FALSE),HLOOKUP(K$48,$C$28:$AE$38,3,FALSE),HLOOKUP(K$48,$C$28:$AE$38,4,FALSE),HLOOKUP(K$48,$C$28:$AE$38,5,FALSE)))+(HLOOKUP(K$48,$C$28:$AE$38,9,FALSE)) -> 483141.88 | ... AE54: =(SUM(HLOOKUP(AE$48,$C$28:$AE$38,2,FALSE),HLOOKUP(AE$48,$C$28:$AE$38,3,FALSE),HLOOKUP(AE$48,$C$28:$AE$38,4,FALSE),HLOOKUP(AE$48,$C$28:$AE$38,5,FALSE)))+(HLOOKUP(AE$48,$C$28:$AE$38,9,FALSE)) -> #N/A
B55: RESERVE FINANCING (Reduces Borrowings) | D55: =-HLOOKUP(D$48,$D$12:$AE$14,2,FALSE) -> 0 | E55: =-HLOOKUP(E$48,$D$12:$AE$14,2,FALSE) -> 0 | F55: =-HLOOKUP(F$48,$D$12:$AE$14,2,FALSE) -> 0 | G55: =-HLOOKUP(G$48,$D$12:$AE$14,2,FALSE) -> 0 | H55: =-HLOOKUP(H$48,$D$12:$AE$14,2,FALSE) -> 0 | I55: =-HLOOKUP(I$48,$D$12:$AE$14,2,FALSE) -> 0 | J55: =-HLOOKUP(J$48,$D$12:$AE$14,2,FALSE) -> 0 | K55: =-HLOOKUP(K$48,$D$12:$AE$14,2,FALSE) -> 0 | ... AE55: =-HLOOKUP(AE$48,$D$12:$AE$14,2,FALSE) -> #N/A
B56: REVENUE FINANCING (Reduces Borrowings) | D56: =-HLOOKUP(D$48,$D$12:$AE$14,3,FALSE) -> -40000 | E56: =-HLOOKUP(E$48,$D$12:$AE$14,3,FALSE) -> -55000 | F56: =-HLOOKUP(F$48,$D$12:$AE$14,3,FALSE) -> -55000 | G56: =-HLOOKUP(G$48,$D$12:$AE$14,3,FALSE) -> -70000 | H56: =-HLOOKUP(H$48,$D$12:$AE$14,3,FALSE) -> -70000 | I56: =-HLOOKUP(I$48,$D$12:$AE$14,3,FALSE) -> -85000 | J56: =-HLOOKUP(J$48,$D$12:$AE$14,3,FALSE) -> -85000 | K56: =-HLOOKUP(K$48,$D$12:$AE$14,3,FALSE) -> -100000 | ... AE56: =-HLOOKUP(AE$48,$D$12:$AE$14,3,FALSE) -> #N/A
B57: TRANSMISSION CONSTRUCTION BONDS (For Borrowing) | D57: =SUM(D54:D56) -> 463603.83 | E57: =SUM(E54:E56) -> 501539.55 | F57: =SUM(F54:F56) -> 484133.16 | G57: =SUM(G54:G56) -> 441348.45 | H57: =SUM(H54:H56) -> 417789.85 | I57: =SUM(I54:I56) -> 411196.66 | J57: =SUM(J54:J56) -> 397452.26 | K57: =SUM(K54:K56) -> 383141.88 | ... AE57: =SUM(AE54:AE56) -> #N/A
B58: TOTAL TRANSMISSION BONDS (Corp+Envir+Const) | D58: =D57+D53+D52 -> 477984.25 | E58: =E57+E53+E52 -> 518722.53 | F58: =F57+F53+F52 -> 503279.06 | G58: =G57+G53+G52 -> 459990.37 | H58: =H57+H53+H52 -> 436962.62 | I58: =I57+I53+I52 -> 429899.79 | J58: =J57+J53+J52 -> 416426.53 | K58: =K57+K53+K52 -> 402426.25 | ... AE58: =AE57+AE53+AE52 -> #N/A
B59: =B34&" (Excluded from Rate Case)" -> PFIA (Excluded from Rate Case) | D59: =HLOOKUP(D$48,$C$28:$AE$38,7,FALSE) -> 55450.946 | E59: =HLOOKUP(E$48,$C$28:$AE$38,7,FALSE) -> 42034.727 | F59: =HLOOKUP(F$48,$C$28:$AE$38,7,FALSE) -> 50153.087 | G59: =HLOOKUP(G$48,$C$28:$AE$38,7,FALSE) -> 50460.269 | H59: =HLOOKUP(H$48,$C$28:$AE$38,7,FALSE) -> 50749.818 | I59: =HLOOKUP(I$48,$C$28:$AE$38,7,FALSE) -> 50670.419 | J59: =HLOOKUP(J$48,$C$28:$AE$38,7,FALSE) -> 50852.78 | K59: =HLOOKUP(K$48,$C$28:$AE$38,7,FALSE) -> 50861.757 | ... AE59: =HLOOKUP(AE$48,$C$28:$AE$38,7,FALSE) -> 45841.755
B60: =B55 -> RESERVE FINANCING (Reduces Borrowings) | D60: =HLOOKUP(D$48,$D$12:$AE$14,2,FALSE) -> 0 | E60: =HLOOKUP(E$48,$D$12:$AE$14,2,FALSE) -> 0 | F60: =HLOOKUP(F$48,$D$12:$AE$14,2,FALSE) -> 0 | G60: =HLOOKUP(G$48,$D$12:$AE$14,2,FALSE) -> 0 | H60: =HLOOKUP(H$48,$D$12:$AE$14,2,FALSE) -> 0 | I60: =HLOOKUP(I$48,$D$12:$AE$14,2,FALSE) -> 0 | J60: =HLOOKUP(J$48,$D$12:$AE$14,2,FALSE) -> 0 | K60: =HLOOKUP(K$48,$D$12:$AE$14,2,FALSE) -> 0 | ... AE60: =HLOOKUP(AE$48,$D$12:$AE$14,2,FALSE) -> #N/A
B61: REVENUE FINANCING (Reduces Borrowings) | D61: =HLOOKUP(D$48,$D$12:$AE$14,3,FALSE) -> 40000 | E61: =HLOOKUP(E$48,$D$12:$AE$14,3,FALSE) -> 55000 | F61: =HLOOKUP(F$48,$D$12:$AE$14,3,FALSE) -> 55000 | G61: =HLOOKUP(G$48,$D$12:$AE$14,3,FALSE) -> 70000 | H61: =HLOOKUP(H$48,$D$12:$AE$14,3,FALSE) -> 70000 | I61: =HLOOKUP(I$48,$D$12:$AE$14,3,FALSE) -> 85000 | J61: =HLOOKUP(J$48,$D$12:$AE$14,3,FALSE) -> 85000 | K61: =HLOOKUP(K$48,$D$12:$AE$14,3,FALSE) -> 100000 | ... AE61: =HLOOKUP(AE$48,$D$12:$AE$14,3,FALSE) -> #N/A
B62: TOTAL TS CAPITAL (THIS INCLUDES PFIA - NOT FOR BORROWING OR REV REQ) | D62: =SUM(D58:D61) -> 573435.2 | E62: =SUM(E58:E61) -> 615757.25 | F62: =SUM(F58:F61) -> 608432.15 | G62: =SUM(G58:G61) -> 580450.64 | H62: =SUM(H58:H61) -> 557712.44 | I62: =SUM(I58:I61) -> 565570.21 | J62: =SUM(J58:J61) -> 552279.31 | K62: =SUM(K58:K61) -> 553288 | ... AE62: =SUM(AE58:AE61) -> #N/A
B64: Power
B65: FISH & WILDLIFE (For Borrowing) | D65: =HLOOKUP(D$48,$C$17:$AE$26,3,FALSE) -> 43000 | E65: =HLOOKUP(E$48,$C$17:$AE$26,3,FALSE) -> 41335 | F65: =HLOOKUP(F$48,$C$17:$AE$26,3,FALSE) -> 41300 | G65: =HLOOKUP(G$48,$C$17:$AE$26,3,FALSE) -> 29000 | H65: =HLOOKUP(H$48,$C$17:$AE$26,3,FALSE) -> 15700 | I65: =HLOOKUP(I$48,$C$17:$AE$26,3,FALSE) -> 15000 | J65: =HLOOKUP(J$48,$C$17:$AE$26,3,FALSE) -> 15000 | K65: =HLOOKUP(K$48,$C$17:$AE$26,3,FALSE) -> 15000 | ... AE65: =HLOOKUP(AE$48,$C$17:$AE$26,3,FALSE) -> 21436.374
B66: EE/CONSERVATION (For Borrowing) - No longer capitalized
B67: BUREAU OF RECLAMATION + AFUDC (For Borrowing) | D67: =HLOOKUP(D$48,$C$17:$AE$26,4,FALSE)+HLOOKUP(D$48,$D$80:$AE$82,2,FALSE)-5000 -> 50031.903 | E67: =HLOOKUP(E$48,$C$17:$AE$26,4,FALSE)+HLOOKUP(E$48,$D$80:$AE$82,2,FALSE) -> 73421.909 | F67: =HLOOKUP(F$48,$C$17:$AE$26,4,FALSE)+HLOOKUP(F$48,$D$80:$AE$82,2,FALSE) -> 50714.228 | G67: =HLOOKUP(G$48,$C$17:$AE$26,4,FALSE)+HLOOKUP(G$48,$D$80:$AE$82,2,FALSE) -> 24471.703 | H67: =HLOOKUP(H$48,$C$17:$AE$26,4,FALSE)+HLOOKUP(H$48,$D$80:$AE$82,2,FALSE) -> 21298.344 | I67: =HLOOKUP(I$48,$C$17:$AE$26,4,FALSE)+HLOOKUP(I$48,$D$80:$AE$82,2,FALSE) -> 19697.355 | J67: =HLOOKUP(J$48,$C$17:$AE$26,4,FALSE)+HLOOKUP(J$48,$D$80:$AE$82,2,FALSE) -> 32071.049 | K67: =HLOOKUP(K$48,$C$17:$AE$26,4,FALSE)+HLOOKUP(K$48,$D$80:$AE$82,2,FALSE) -> 37748.118 | L67: =HLOOKUP(L$48,$C$17:$AE$26,4,FALSE)+HLOOKUP(L$48,$D$80:$AE$82,2,FALSE) -> 40818.168 | ... AE67: =HLOOKUP(AE$48,$C$17:$AE$26,4,FALSE)+HLOOKUP(AE$48,$D$80:$AE$82,2,FALSE) -> 99693.35
B68: CORPS OF ENGINEERS + AFUDC | D68: =HLOOKUP(D$48,$C$17:$AE$26,5,FALSE)+HLOOKUP(D$48,$D$80:$AE$82,3,FALSE) -> 242776.1 | E68: =HLOOKUP(E$48,$C$17:$AE$26,5,FALSE)+HLOOKUP(E$48,$D$80:$AE$82,3,FALSE) -> 214195.09 | F68: =HLOOKUP(F$48,$C$17:$AE$26,5,FALSE)+HLOOKUP(F$48,$D$80:$AE$82,3,FALSE) -> 242901.27 | G68: =HLOOKUP(G$48,$C$17:$AE$26,5,FALSE)+HLOOKUP(G$48,$D$80:$AE$82,3,FALSE) -> 275068.3 | H68: =HLOOKUP(H$48,$C$17:$AE$26,5,FALSE)+HLOOKUP(H$48,$D$80:$AE$82,3,FALSE) -> 284396.66 | I68: =HLOOKUP(I$48,$C$17:$AE$26,5,FALSE)+HLOOKUP(I$48,$D$80:$AE$82,3,FALSE) -> 292468.74 | J68: =HLOOKUP(J$48,$C$17:$AE$26,5,FALSE)+HLOOKUP(J$48,$D$80:$AE$82,3,FALSE) -> 286775.05 | K68: =HLOOKUP(K$48,$C$17:$AE$26,5,FALSE)+HLOOKUP(K$48,$D$80:$AE$82,3,FALSE) -> 287961.58 | ... AE68: =HLOOKUP(AE$48,$C$17:$AE$26,5,FALSE)+HLOOKUP(AE$48,$D$80:$AE$82,3,FALSE) -> 395039.59
B69: Revenue Financing (reduces borrowings) | D69: -35000
B70: CORPS OF ENGINEERS + AFUDC (For Borrowing) | D70: =+D69+D68 -> 207776.1 | E70: =+E69+E68 -> 214195.09 | F70: =+F69+F68 -> 242901.27 | G70: =+G69+G68 -> 275068.3 | H70: =+H69+H68 -> 284396.66 | I70: =+I69+I68 -> 292468.74 | J70: =+J69+J68 -> 286775.05 | K70: =+K69+K68 -> 287961.58 | ... AE70: =+AE69+AE68 -> 395039.59
B71: Power IT + Corporate/IT AFUDC | D71: =SUM(HLOOKUP(D$48,$C$17:$AE$26,6,FALSE),HLOOKUP(D$48,$C$40:$AE$45,5,FALSE),HLOOKUP(D$48,$C$17:$AE$26,9,FALSE)) -> 2766.4912 | E71: =SUM(HLOOKUP(E$48,$C$17:$AE$26,6,FALSE),HLOOKUP(E$48,$C$40:$AE$45,5,FALSE),HLOOKUP(E$48,$C$17:$AE$26,9,FALSE)) -> 2704.3925 | F71: =SUM(HLOOKUP(F$48,$C$17:$AE$26,6,FALSE),HLOOKUP(F$48,$C$40:$AE$45,5,FALSE),HLOOKUP(F$48,$C$17:$AE$26,9,FALSE)) -> 1196.1669 | G71: =SUM(HLOOKUP(G$48,$C$17:$AE$26,6,FALSE),HLOOKUP(G$48,$C$40:$AE$45,5,FALSE),HLOOKUP(G$48,$C$17:$AE$26,9,FALSE)) -> 1910.0975 | H71: =SUM(HLOOKUP(H$48,$C$17:$AE$26,6,FALSE),HLOOKUP(H$48,$C$40:$AE$45,5,FALSE),HLOOKUP(H$48,$C$17:$AE$26,9,FALSE)) -> 1920.9158 | I71: =SUM(HLOOKUP(I$48,$C$17:$AE$26,6,FALSE),HLOOKUP(I$48,$C$40:$AE$45,5,FALSE),HLOOKUP(I$48,$C$17:$AE$26,9,FALSE)) -> 1918.2725 | J71: =SUM(HLOOKUP(J$48,$C$17:$AE$26,6,FALSE),HLOOKUP(J$48,$C$40:$AE$45,5,FALSE),HLOOKUP(J$48,$C$17:$AE$26,9,FALSE)) -> 1988.2063 | K71: =SUM(HLOOKUP(K$48,$C$17:$AE$26,6,FALSE),HLOOKUP(K$48,$C$40:$AE$45,5,FALSE),HLOOKUP(K$48,$C$17:$AE$26,9,FALSE)) -> 2038.6106 | ... AE71: =SUM(HLOOKUP(AE$48,$C$17:$AE$26,6,FALSE),HLOOKUP(AE$48,$C$40:$AE$45,5,FALSE),HLOOKUP(AE$48,$C$17:$AE$26,9,FALSE)) -> 3130.7965
B72: Corporate Allocation to Power | D72: =HLOOKUP(D$48,$C$40:$AE$45,6,FALSE)*(1-$B$8) -> 4279.8 | E72: =HLOOKUP(E$48,$C$40:$AE$45,6,FALSE)*(1-$B$8) -> 5775 | F72: =HLOOKUP(F$48,$C$40:$AE$45,6,FALSE)*(1-$B$8) -> 6784.4 | G72: =HLOOKUP(G$48,$C$40:$AE$45,6,FALSE)*(1-$B$8) -> 6475 | H72: =HLOOKUP(H$48,$C$40:$AE$45,6,FALSE)*(1-$B$8) -> 6731.9 | I72: =HLOOKUP(I$48,$C$40:$AE$45,6,FALSE)*(1-$B$8) -> 6475 | J72: =HLOOKUP(J$48,$C$40:$AE$45,6,FALSE)*(1-$B$8) -> 6601.0838 | K72: =HLOOKUP(K$48,$C$40:$AE$45,6,FALSE)*(1-$B$8) -> 6754.2289 | ... AE72: =HLOOKUP(AE$48,$C$40:$AE$45,6,FALSE)*(1-$B$8) -> 10321.746
B73: TOTAL CORPORATE - POWER (For Borrowing) | D73: =SUM(D71:D72) -> 7046.2912 | E73: =SUM(E71:E72) -> 8479.3925 | F73: =SUM(F71:F72) -> 7980.5669 | G73: =SUM(G71:G72) -> 8385.0975 | H73: =SUM(H71:H72) -> 8652.8158 | I73: =SUM(I71:I72) -> 8393.2725 | J73: =SUM(J71:J72) -> 8589.29 | K73: =SUM(K71:K72) -> 8792.8395 | ... AE73: =SUM(AE71:AE72) -> 13452.543
B74: TOTAL POWER BONDS (Corp+AFUDC+Direct for Rev. Req) | D74: =SUM(D65,D67:D69,D73) -> 307854.29 | E74: =SUM(E65,E67:E69,E73) -> 337431.39 | F74: =SUM(F65,F67:F69,F73) -> 342896.07 | G74: =SUM(G65,G67:G69,G73) -> 336925.1 | H74: =SUM(H65,H67:H69,H73) -> 330047.82 | I74: =SUM(I65,I67:I69,I73) -> 335559.37 | J74: =SUM(J65,J67:J69,J73) -> 342435.39 | K74: =SUM(K65,K67:K69,K73) -> 349502.54 | ... AE74: =SUM(AE65,AE67:AE69,AE73) -> 529621.86
Q75: Straightlined forward for long term view
A76: CUSTOMER FUNDED CAPITAL FORECAST | D76: =D17 -> 2023 | E76: =E17 -> 2024 | F76: =F17 -> 2025 | G76: =G17 -> 2026 | H76: =H17 -> 2027 | I76: =I17 -> 2028 | J76: =J17 -> 2029 | K76: =K17 -> 2030 | ... Q76: =Q17 -> 2036 | R76: =Q76+1 -> 2037 | S76: =R76+1 -> 2038 | T76: =S76+1 -> 2039 | U76: =T76+1 -> 2040 | V76: =U76+1 -> 2041 | W76: =V76+1 -> 2042 | X76: =W76+1 -> 2043 | Y76: =X76+1 -> 2044 | ... AE76: =AD76+1 -> 2050
D77: 0 | E77: 0 | F77: 0 | G77: 0 | H77: 0 | I77: 0 | J77: 0 | K77: 0 | L77: 0 | M77: 0 | N77: 0 | O77: 0 | P77: =+O77 -> 0 | Q77: =P77 -> 0 | R77: =Q77 -> 0 | S77: =R77 -> 0 | T77: =S77 -> 0 | U77: =T77 -> 0 | V77: =U77 -> 0 | W77: =V77 -> 0 | X77: =W77 -> 0 | ... AE77: =AD77 -> 0
D78: ="FY"&(D48) -> FY2023 | E78: ="FY"&(E48) -> FY2024 | F78: ="FY"&(F48) -> FY2025 | G78: ="FY"&(G48) -> FY2026 | H78: ="FY"&(H48) -> FY2027 | I78: ="FY"&(I48) -> FY2028 | J78: ="FY"&(J48) -> FY2029 | K78: ="FY"&(K48) -> FY2030 | ... AE78: ="FY"&(AE48) -> FY2050
A80: FOR CALCULATION ONLY | B80: Power AFUDC Allocated Between Bureau & Corps | D80: =D48 -> 2023 | E80: =E48 -> 2024 | F80: =F48 -> 2025 | G80: =G48 -> 2026 | H80: =H48 -> 2027 | I80: =I48 -> 2028 | J80: =J48 -> 2029 | K80: =K48 -> 2030 | ... AE80: =AE48 -> 2050
B81: Bureau of Reclamation | D81: =(HLOOKUP(D$80,$C$17:$AE$26,8,FALSE))*(((HLOOKUP(D$80,$C$17:$AE$26,4,FALSE))/(SUM((HLOOKUP(D$80,$C$17:$AE$26,4,FALSE)),(HLOOKUP(D$80,$C$17:$AE$26,5,FALSE)))))) -> 3057.9028 | E81: =(HLOOKUP(E$80,$C$17:$AE$26,8,FALSE))*(((HLOOKUP(E$80,$C$17:$AE$26,4,FALSE))/(SUM((HLOOKUP(E$80,$C$17:$AE$26,4,FALSE)),(HLOOKUP(E$80,$C$17:$AE$26,5,FALSE)))))) -> 4497.209 | F81: =(HLOOKUP(F$80,$C$17:$AE$26,8,FALSE))*(((HLOOKUP(F$80,$C$17:$AE$26,4,FALSE))/(SUM((HLOOKUP(F$80,$C$17:$AE$26,4,FALSE)),(HLOOKUP(F$80,$C$17:$AE$26,5,FALSE)))))) -> 3098.8281 | G81: =(HLOOKUP(G$80,$C$17:$AE$26,8,FALSE))*(((HLOOKUP(G$80,$C$17:$AE$26,4,FALSE))/(SUM((HLOOKUP(G$80,$C$17:$AE$26,4,FALSE)),(HLOOKUP(G$80,$C$17:$AE$26,5,FALSE)))))) -> 1464.1029 | H81: =(HLOOKUP(H$80,$C$17:$AE$26,8,FALSE))*(((HLOOKUP(H$80,$C$17:$AE$26,4,FALSE))/(SUM((HLOOKUP(H$80,$C$17:$AE$26,4,FALSE)),(HLOOKUP(H$80,$C$17:$AE$26,5,FALSE)))))) -> 1232.8438 | I81: =(HLOOKUP(I$80,$C$17:$AE$26,8,FALSE))*(((HLOOKUP(I$80,$C$17:$AE$26,4,FALSE))/(SUM((HLOOKUP(I$80,$C$17:$AE$26,4,FALSE)),(HLOOKUP(I$80,$C$17:$AE$26,5,FALSE)))))) -> 1096.1551 | J81: =(HLOOKUP(J$80,$C$17:$AE$26,8,FALSE))*(((HLOOKUP(J$80,$C$17:$AE$26,4,FALSE))/(SUM((HLOOKUP(J$80,$C$17:$AE$26,4,FALSE)),(HLOOKUP(J$80,$C$17:$AE$26,5,FALSE)))))) -> 1711.3486 | K81: =(HLOOKUP(K$80,$C$17:$AE$26,8,FALSE))*(((HLOOKUP(K$80,$C$17:$AE$26,4,FALSE))/(SUM((HLOOKUP(K$80,$C$17:$AE$26,4,FALSE)),(HLOOKUP(K$80,$C$17:$AE$26,5,FALSE)))))) -> 1927.2175 | ... AE81: =(HLOOKUP(AE$80,$C$17:$AE$26,8,FALSE))*(((HLOOKUP(AE$80,$C$17:$AE$26,4,FALSE))/(SUM((HLOOKUP(AE$80,$C$17:$AE$26,4,FALSE)),(HLOOKUP(AE$80,$C$17:$AE$26,5,FALSE)))))) -> 4396.2329
B82: Corps of Engineers | D82: =(HLOOKUP(D$80,$C$17:$AE$26,8,FALSE))*(((HLOOKUP(D$80,$C$17:$AE$26,5,FALSE))/(SUM((HLOOKUP(D$80,$C$17:$AE$26,4,FALSE)),(HLOOKUP(D$80,$C$17:$AE$26,5,FALSE)))))) -> 13490.097 | E82: =(HLOOKUP(E$80,$C$17:$AE$26,8,FALSE))*(((HLOOKUP(E$80,$C$17:$AE$26,5,FALSE))/(SUM((HLOOKUP(E$80,$C$17:$AE$26,4,FALSE)),(HLOOKUP(E$80,$C$17:$AE$26,5,FALSE)))))) -> 13119.791 | F82: =(HLOOKUP(F$80,$C$17:$AE$26,8,FALSE))*(((HLOOKUP(F$80,$C$17:$AE$26,5,FALSE))/(SUM((HLOOKUP(F$80,$C$17:$AE$26,4,FALSE)),(HLOOKUP(F$80,$C$17:$AE$26,5,FALSE)))))) -> 14842.172 | G82: =(HLOOKUP(G$80,$C$17:$AE$26,8,FALSE))*(((HLOOKUP(G$80,$C$17:$AE$26,5,FALSE))/(SUM((HLOOKUP(G$80,$C$17:$AE$26,4,FALSE)),(HLOOKUP(G$80,$C$17:$AE$26,5,FALSE)))))) -> 16456.897 | H82: =(HLOOKUP(H$80,$C$17:$AE$26,8,FALSE))*(((HLOOKUP(H$80,$C$17:$AE$26,5,FALSE))/(SUM((HLOOKUP(H$80,$C$17:$AE$26,4,FALSE)),(HLOOKUP(H$80,$C$17:$AE$26,5,FALSE)))))) -> 16462.156 | I82: =(HLOOKUP(I$80,$C$17:$AE$26,8,FALSE))*(((HLOOKUP(I$80,$C$17:$AE$26,5,FALSE))/(SUM((HLOOKUP(I$80,$C$17:$AE$26,4,FALSE)),(HLOOKUP(I$80,$C$17:$AE$26,5,FALSE)))))) -> 16275.845 | J82: =(HLOOKUP(J$80,$C$17:$AE$26,8,FALSE))*(((HLOOKUP(J$80,$C$17:$AE$26,5,FALSE))/(SUM((HLOOKUP(J$80,$C$17:$AE$26,4,FALSE)),(HLOOKUP(J$80,$C$17:$AE$26,5,FALSE)))))) -> 15302.651 | K82: =(HLOOKUP(K$80,$C$17:$AE$26,8,FALSE))*(((HLOOKUP(K$80,$C$17:$AE$26,5,FALSE))/(SUM((HLOOKUP(K$80,$C$17:$AE$26,4,FALSE)),(HLOOKUP(K$80,$C$17:$AE$26,5,FALSE)))))) -> 14701.782 | ... AE82: =(HLOOKUP(AE$80,$C$17:$AE$26,8,FALSE))*(((HLOOKUP(AE$80,$C$17:$AE$26,5,FALSE))/(SUM((HLOOKUP(AE$80,$C$17:$AE$26,4,FALSE)),(HLOOKUP(AE$80,$C$17:$AE$26,5,FALSE)))))) -> 17420.28
B83: Total | D83: =SUM(D81:D82) -> 16548 | E83: =SUM(E81:E82) -> 17617 | F83: =SUM(F81:F82) -> 17941 | G83: =SUM(G81:G82) -> 17921 | H83: =SUM(H81:H82) -> 17695 | I83: =SUM(I81:I82) -> 17372 | J83: =SUM(J81:J82) -> 17014 | K83: =SUM(K81:K82) -> 16629 | ... AE83: =SUM(AE81:AE82) -> 21816.513
D84: =HLOOKUP(D$80,$C$17:$AE$26,8,FALSE) -> 16548 | E84: =HLOOKUP(E$80,$C$17:$AE$26,8,FALSE) -> 17617 | F84: =HLOOKUP(F$80,$C$17:$AE$26,8,FALSE) -> 17941 | G84: =HLOOKUP(G$80,$C$17:$AE$26,8,FALSE) -> 17921 | H84: =HLOOKUP(H$80,$C$17:$AE$26,8,FALSE) -> 17695 | I84: =HLOOKUP(I$80,$C$17:$AE$26,8,FALSE) -> 17372 | J84: =HLOOKUP(J$80,$C$17:$AE$26,8,FALSE) -> 17014 | K84: =HLOOKUP(K$80,$C$17:$AE$26,8,FALSE) -> 16629 | ... AE84: =HLOOKUP(AE$80,$C$17:$AE$26,8,FALSE) -> 21816.513
C85: QC | D85: =D84=D83 -> TRUE | E85: =E84=E83 -> TRUE | F85: =F84=F83 -> TRUE | G85: =G84=G83 -> TRUE | H85: =H84=H83 -> TRUE | I85: =I84=I83 -> TRUE | J85: =J84=J83 -> TRUE | K85: =K84=K83 -> TRUE | ... AE85: =AE84=AE83 -> TRUE

Sheet Repayment Inputs
D1: BP22 FP (T3339)
D2: 2022 | E2: 2023 | F2: =E2+1 -> 2024 | G2: =F2+1 -> 2025 | H2: =G2+1 -> 2026 | I2: =H2+1 -> 2027 | J2: =I2+1 -> 2028
A3: INTEREST
A4: FEDERAL
B5: APPROPRIATION INTEREST | D5: 0 | E5: 0 | F5: 0 | G5: 0 | H5: 0 | I5: 0 | J5: 0
B6: BOND INTEREST | D6: 108254.05 | E6: 115052.02 | F6: 130463 | G6: 171274 | H6: 211530 | I6: 256938 | J6: 303886
B7: DISCOUNTS | D7: 0 | E7: 0 | F7: 0 | G7: 0 | H7: 0 | I7: 0 | J7: 0
B8: PREMIUMS | D8: 0 | E8: 0 | F8: 0 | G8: 5055 | H8: 10 | I8: 15 | J8: 31
B9: INTEREST INCOME | D9: 65.107 | E9: 80.599 | F9: 1551 | G9: 1305 | H9: 1406 | I9: 1462 | J9: 1771
B12: FEDERAL SUB-TOTAL (SANS INTEREST INCOME) | D12: =SUM(D5:D8)-D9 -> 108188.94 | E12: =SUM(E5:E9)-E9 -> 115052.02 | F12: =SUM(F5:F9) -> 132014 | G12: =SUM(G5:G9) -> 177634 | H12: =SUM(H5:H9) -> 212946 | I12: =SUM(I5:I9) -> 258415 | J12: =SUM(J5:J9) -> 305688
A13: NON-FEDERAL
B14: CAPITAL LEASES | D14: 5625.912 | E14: 5524.182 | F14: 5745.571 | G14: 5661.672 | H14: 5533.62 | I14: 5399.629 | J14: 5264.374
B15: DEBT SERVICE REASSIGNMENT | D15: 2959.694 | E15: 1927.342 | F15: 843.248 | G15: 0 | H15: 0 | I15: 0 | J15: 0
B16: DSR Adjustments | D16: -4756 | E16: -4753 | F16: -3564.413 | G16: 0 | H16: 0 | I16: 0 | J16: 0
B17: Lease Purchase (POM, IERA) | D17: 63095.72 | E17: 6432.478 | F17: 55231.142 | G17: 55340.048 | H17: 52137.022 | I17: 49264.374 | J17: 46310.67
B18: NIFC Adj (int Income) | D18: -1068 | E18: -1065 | F18: -1064.701 | G18: -1062.257 | H18: -1059.716 | I18: -1057.072 | J18: -1054.323
B19: LP Adj (Lease Op Exp) | D19: 209 | E19: 209 | F19: 333.083 | G19: 268.83 | H19: 249.209 | I19: 251.78 | J19: 206.832
B20: LGIA (Includes LLIP) | D20: 4303.9978 | E20: 3736.3402 | F20: 7558.7266 | G20: 7521.7604 | H20: 8634.4849 | I20: 8526.26 | J20: 7054.0288
B21: COI - REPAID IN 2018
B24: NON FEDERAL SUB-TOTAL + LGIA | D24: 70370.427 | E24: 67103.586 | F24: =SUM(F14:F23) -> 65082.657 | G24: =SUM(G14:G23) -> 67730.053 | H24: =SUM(H14:H23) -> 65494.62 | I24: =SUM(I14:I23) -> 62384.971 | J24: =SUM(J14:J23) -> 57781.582
B25: NON FEDERAL SUB-TOTAL Minus DSR | D25: =D24-D15-D16 -> 72166.733 | E25: =E24-E15-E16 -> 69929.244 | F25: =F24-F15-F16 -> 67803.822 | G25: =G24-G15-G16 -> 67730.053 | H25: =H24-H15-H16 -> 65494.62 | I25: =I24-I15-I16 -> 62384.971 | J25: =J24-J15-J16 -> 57781.582
A26: PRINCIPAL | C26: Subtot-LGIA | D26: =D24-D20 -> 66066.429 | E26: =E24-E20 -> 63367.246 | F26: =F24-F20 -> 57523.93 | G26: =G24-G20 -> 60208.293 | H26: =H24-H20 -> 56860.135 | I26: =I24-I20 -> 53858.711 | J26: =J24-J20 -> 50727.553
A27: FEDERAL
B28: APPROPRIATIONS | D28: 0 | E28: 0 | F28: 0 | G28: 0 | H28: 0 | I28: 0 | J28: 0
B29: BONDS | D29: 204197 | E29: 209379 | F29: 0 | G29: 187438 | H29: 256615.08 | I29: 256044.15 | J29: 316899.06
B31: FEDERAL SUB-TOTAL | D31: 204197 | E31: 209379 | F31: =SUM(F28:F29) -> 0 | G31: =SUM(G28:G29) -> 187438 | H31: =SUM(H28:H29) -> 256615.08 | I31: =SUM(I28:I29) -> 256044.15 | J31: =SUM(J28:J29) -> 316899.06
A32: NON-FEDERAL
B33: CAPITAL LEASES | D33: 2378.697 | E33: 1974.902 | F33: 2812.626 | G33: 3081.404 | H33: 3212.228 | I33: 3279.811 | J33: 3175.566
B34: DEBT SERVICE REASSIGNMENT | D34: 21595.975 | E34: 22678.367 | F34: 17640.059 | G34: 0 | H34: 0 | I34: 0 | J34: 0
B35: Lease Purchase Bond | D35: 72100 | E35: 71720 | F35: 89505 | G35: 107770 | H35: 108285 | I35: 85715 | J35: 75000
B36: Lease Purchase LOC | D36: 0 | E36: 0
B39: LGIA REVENUES/CREDITS (Includes LLIP) | D39: 27441.719 | E39: 26071.089 | F39: 19849.163 | G39: 24376.5 | H39: 48108.044 | I39: 70528.665 | J39: 69806.194
B40: COI REVENUES/CREDITS - REPAID IN 2018
B42: IDAHO ENERGY RESOURCE AUTHORITY | D42: 0 | E42: 0 | F42: 0 | G42: 0 | H42: 0 | I42: 0 | J42: 0
B43: NON FEDERAL SUB-TOTAL | D43: 96074.672 | E43: 96373.269 | F43: =SUM(F33:F38)+F41+F42 -> 109957.68 | G43: =SUM(G33:G38)+G41+G42 -> 110851.4 | H43: =SUM(H33:H38)+H41+H42 -> 111497.23 | I43: =SUM(I33:I38)+I41+I42 -> 88994.811 | J43: =SUM(J33:J38)+J41+J42 -> 78175.566
B44: NF w/out DSR and LGIA/COI credits | D44: -74478.697 | E44: -73694.902 | F44: =-(F33+F35+F36+F37+F38+F41+F42) -> -92317.626 | G44: =-(G33+G35+G36+G37+G38+G41+G42) -> -110851.4 | H44: =-(H33+H35+H36+H37+H38+H41+H42) -> -111497.23 | I44: =-(I33+I35+I36+I37+I38+I41+I42) -> -88994.811 | J44: =-(J33+J35+J36+J37+J38+J41+J42) -> -78175.566

Sheet GI Forecast(Tbls 4 & 9)
B1: Last Update 2024.3.22
AK2: linked to other tabs
B3: Table 4 | S3: =B3 -> Table 4
B4: Appropriations Borrowing Rates | S4: =B4 -> Appropriations Borrowing Rates
B5: BPA Fiscal Years 2022-2051 | S5: =B5 -> BPA Fiscal Years 2022-2051
B6: (continued on next page)
B7: Maturity | S7: Maturity
B8: Year | D8: 1 Year | E8: 2 Year | F8: 3 Year | G8: 4 Year | H8: 5 Year | I8: 6 Year | J8: 7 Year | K8: 8 Year | L8: 9 Year | M8: 10 Year | N8: 11 Year | O8: 12 Year | P8: 13 Year | Q8: 14 Year | R8: 15 Year | S8: 16 Year | T8: 17 Year | U8: 18 Year | V8: 19 Year | W8: 20 Year | X8: 21 Year | Y8: 22 Year | Z8: 23 Year | AA8: 24 Year | AB8: 25 Year | AC8: 26 Year | AD8: 27 Year | AE8: 28 Year | AF8: 29 Year | AG8: 30 Year | AH8: 50 Year | AI8: Year
B9: 2024 | D9: 5.28125 | E9: 4.8854167 | F9: 4.65625 | G9: 4.5 | H9: 4.40625 | I9: 4.375 | J9: 4.375 | K9: 4.375 | L9: 4.2916667 | M9: 4.25 | N9: 4.375 | O9: 4.375 | P9: 4.3854167 | Q9: 4.5 | R9: 4.5 | S9: 4.5 | T9: 4.5833333 | U9: 4.625 | V9: 4.625 | W9: 4.625 | X9: 4.5520833 | Y9: 4.5 | Z9: 4.5 | AA9: 4.5 | AB9: 4.5 | AC9: 4.5 | AD9: 4.4479167 | AE9: 4.375 | AF9: 4.375 | AG9: 4.375 | AH9: 4.375 | AI9: 2022
B10: 2025 | D10: 3.5970184 | E10: 3.4093131 | F10: 3.3508226 | G10: 3.2923321 | H10: 3.2338416 | I10: 3.2732057 | J10: 3.3125698 | K10: 3.351934 | L10: 3.3912981 | M10: 3.4306623 | N10: 3.446571 | O10: 3.4624797 | P10: 3.4783884 | Q10: 3.4942972 | R10: 3.5102059 | S10: 3.5261146 | T10: 3.5420234 | U10: 3.5579321 | V10: 3.5738408 | W10: 3.5897496 | X10: 3.6056583 | Y10: 3.621567 | Z10: 3.6374758 | AA10: 3.6533845 | AB10: 3.6692932 | AC10: 3.685202 | AD10: 3.7011107 | AE10: 3.7170194 | AF10: 3.7329281 | AG10: 3.7488369 | AH10: 3.7488369 | AI10: 2023
B11: 2026 | D11: 3.0152412 | E11: 3.025538 | F11: 3.0250352 | G11: 3.0245324 | H11: 3.0240296 | I11: 3.071435 | J11: 3.1188404 | K11: 3.1662459 | L11: 3.2136513 | M11: 3.2610568 | N11: 3.2791371 | O11: 3.2972175 | P11: 3.3152978 | Q11: 3.3333782 | R11: 3.3514585 | S11: 3.3695389 | T11: 3.3876192 | U11: 3.4056996 | V11: 3.4237799 | W11: 3.4418603 | X11: 3.4599406 | Y11: 3.478021 | Z11: 3.4961013 | AA11: 3.5141817 | AB11: 3.532262 | AC11: 3.5503424 | AD11: 3.5684228 | AE11: 3.5865031 | AF11: 3.6045835 | AG11: 3.6226638 | AH11: 3.6226638 | AI11: 2024
B12: 2027 | D12: 2.9219194 | E12: 2.9770272 | F12: 2.9831035 | G12: 2.9891797 | H12: 2.9952559 | I12: 3.0399442 | J12: 3.0846326 | K12: 3.1293209 | L12: 3.1740093 | M12: 3.2186976 | N12: 3.2372329 | O12: 3.2557681 | P12: 3.2743033 | Q12: 3.2928386 | R12: 3.3113738 | S12: 3.3299091 | T12: 3.3484443 | U12: 3.3669795 | V12: 3.3855148 | W12: 3.40405 | X12: 3.4225853 | Y12: 3.4411205 | Z12: 3.4596558 | AA12: 3.478191 | AB12: 3.4967262 | AC12: 3.5152615 | AD12: 3.5337967 | AE12: 3.552332 | AF12: 3.5708672 | AG12: 3.5894024 | AH12: 3.5894024 | AI12: 2025
B13: 2028 | D13: 2.9266443 | E13: 2.9814274 | F13: 2.9844631 | G13: 2.9874989 | H13: 2.9905347 | I13: 3.033182 | J13: 3.0758292 | K13: 3.1184765 | L13: 3.1611238 | M13: 3.2037711 | N13: 3.2224655 | O13: 3.24116 | P13: 3.2598544 | Q13: 3.2785489 | R13: 3.2972433 | S13: 3.3159378 | T13: 3.3346322 | U13: 3.3533267 | V13: 3.3720211 | W13: 3.3907156 | X13: 3.40941 | Y13: 3.4281045 | Z13: 3.4467989 | AA13: 3.4654934 | AB13: 3.4841878 | AC13: 3.5028823 | AD13: 3.5215767 | AE13: 3.5402712 | AF13: 3.5589656 | AG13: 3.5776601 | AH13: 3.5776601 | AI13: 2026
B14: 2029 | D14: 2.9312021 | E14: 2.9833729 | F14: 2.9832193 | G14: 2.9830657 | H14: 2.9829122 | I14: 3.0239117 | J14: 3.0649112 | K14: 3.1059107 | L14: 3.1469102 | M14: 3.1879097 | N14: 3.2067195 | O14: 3.2255293 | P14: 3.2443391 | Q14: 3.263149 | R14: 3.2819588 | S14: 3.3007686 | T14: 3.3195784 | U14: 3.3383882 | V14: 3.3571981 | W14: 3.3760079 | X14: 3.3948177 | Y14: 3.4136275 | Z14: 3.4324373 | AA14: 3.4512471 | AB14: 3.470057 | AC14: 3.4888668 | AD14: 3.5076766 | AE14: 3.5264864 | AF14: 3.5452962 | AG14: 3.5641061 | AH14: 3.5641061 | AI14: 2027
B15: 2030 | D15: 2.9339404 | E15: 2.9838943 | F15: 2.9814147 | G15: 2.9789352 | H15: 2.9764556 | I15: 3.0163294 | J15: 3.0562032 | K15: 3.096077 | L15: 3.1359508 | M15: 3.1758246 | N15: 3.194711 | O15: 3.2135973 | P15: 3.2324837 | Q15: 3.2513701 | R15: 3.2702565 | S15: 3.2891429 | T15: 3.3080293 | U15: 3.3269157 | V15: 3.3458021 | W15: 3.3646885 | X15: 3.3835749 | Y15: 3.4024613 | Z15: 3.4213477 | AA15: 3.4402341 | AB15: 3.4591205 | AC15: 3.4780069 | AD15: 3.4968933 | AE15: 3.5157796 | AF15: 3.534666 | AG15: 3.5535524 | AH15: 3.5535524 | AI15: 2028
B16: 2031 | D16: 2.9369727 | E16: 2.9853642 | F16: 2.9813115 | G16: 2.9772588 | H16: 2.9732061 | I16: 3.0123469 | J16: 3.0514878 | K16: 3.0906287 | L16: 3.1297696 | M16: 3.1689105 | N16: 3.1878402 | O16: 3.2067699 | P16: 3.2256996 | Q16: 3.2446293 | R16: 3.2635591 | S16: 3.2824888 | T16: 3.3014185 | U16: 3.3203482 | V16: 3.3392779 | W16: 3.3582076 | X16: 3.3771373 | Y16: 3.396067 | Z16: 3.4149968 | AA16: 3.4339265 | AB16: 3.4528562 | AC16: 3.4717859 | AD16: 3.4907156 | AE16: 3.5096453 | AF16: 3.528575 | AG16: 3.5475048 | AH16: 3.5475048 | AI16: 2029
B17: 2032 | D17: 2.9382119 | E17: 2.9858664 | F17: 2.9810961 | G17: 2.9763259 | H17: 2.9715557 | I17: 3.0103726 | J17: 3.0491894 | K17: 3.0880063 | L17: 3.1268231 | M17: 3.16564 | N17: 3.1845929 | O17: 3.2035458 | P17: 3.2224988 | Q17: 3.2414517 | R17: 3.2604046 | S17: 3.2793575 | T17: 3.2983105 | U17: 3.3172634 | V17: 3.3362163 | W17: 3.3551692 | X17: 3.3741222 | Y17: 3.3930751 | Z17: 3.412028 | AA17: 3.4309809 | AB17: 3.4499339 | AC17: 3.4688868 | AD17: 3.4878397 | AE17: 3.5067926 | AF17: 3.5257456 | AG17: 3.5446985 | AH17: 3.5446985 | AI17: 2030
B18: 2033 | D18: 2.9392119 | E18: 2.9865797 | F18: 2.9815389 | G18: 2.9764981 | H18: 2.9714574 | I18: 3.0101467 | J18: 3.0488361 | K18: 3.0875255 | L18: 3.1262148 | M18: 3.1649042 | N18: 3.1838665 | O18: 3.2028288 | P18: 3.221791 | Q18: 3.2407533 | R18: 3.2597156 | S18: 3.2786779 | T18: 3.2976402 | U18: 3.3166025 | V18: 3.3355647 | W18: 3.354527 | X18: 3.3734893 | Y18: 3.3924516 | Z18: 3.4114139 | AA18: 3.4303762 | AB18: 3.4493385 | AC18: 3.4683007 | AD18: 3.487263 | AE18: 3.5062253 | AF18: 3.5251876 | AG18: 3.5441499 | AH18: 3.5441499 | AI18: 2031
B19: 2034 | D19: 2.9398119 | E19: 2.9870544 | F19: 2.9819274 | G19: 2.9768004 | H19: 2.9716734 | I19: 3.0103246 | J19: 3.0489757 | K19: 3.0876268 | L19: 3.1262779 | M19: 3.1649291 | N19: 3.1838937 | O19: 3.2028583 | P19: 3.2218229 | Q19: 3.2407876 | R19: 3.2597522 | S19: 3.2787168 | T19: 3.2976815 | U19: 3.3166461 | V19: 3.3356107 | W19: 3.3545753 | X19: 3.37354 | Y19: 3.3925046 | Z19: 3.4114692 | AA19: 3.4304339 | AB19: 3.4493985 | AC19: 3.4683631 | AD19: 3.4873277 | AE19: 3.5062924 | AF19: 3.525257 | AG19: 3.5442216 | AH19: 3.5442216 | AI19: 2032
B20: 2035 | D20: 2.9399183 | E20: 2.9871358 | F20: 2.9819965 | G20: 2.9768571 | H20: 2.9717178 | I20: 3.0103643 | J20: 3.0490108 | K20: 3.0876573 | L20: 3.1263038 | M20: 3.1649502 | N20: 3.1839152 | O20: 3.2028801 | P20: 3.221845 | Q20: 3.2408099 | R20: 3.2597748 | S20: 3.2787398 | T20: 3.2977047 | U20: 3.3166696 | V20: 3.3356345 | W20: 3.3545994 | X20: 3.3735644 | Y20: 3.3925293 | Z20: 3.4114942 | AA20: 3.4304591 | AB20: 3.449424 | AC20: 3.468389 | AD20: 3.4873539 | AE20: 3.5063188 | AF20: 3.5252837 | AG20: 3.5442486 | AH20: 3.5442486 | AI20: 2033
... B38: 2053 | D38: 2.9399174 | E38: 2.9871348 | F38: 2.9819954 | G38: 2.976856 | H38: 2.9717166 | I38: 3.010363 | J38: 3.0490095 | K38: 3.087656 | L38: 3.1263025 | M38: 3.1649489 | N38: 3.1839138 | O38: 3.2028787 | P38: 3.2218436 | Q38: 3.2408084 | R38: 3.2597733 | S38: 3.2787382 | T38: 3.297703 | U38: 3.3166679 | V38: 3.3356328 | W38: 3.3545977 | X38: 3.3735625 | Y38: 3.3925274 | Z38: 3.4114923 | AA38: 3.4304571 | AB38: 3.449422 | AC38: 3.4683869 | AD38: 3.4873518 | AE38: 3.5063166 | AF38: 3.5252815 | AG38: 3.5442464 | AH38: 3.5442464 | AI38: 2051
B40: 1/ All values represent a Bonneville Fiscal Year (October 1 - September 30). | S40: 1/ All values represent a Bonneville Fiscal Year (October 1 - September 30).
B41: 2/ FY 2022 Appropriation rates are determined in accordance with BPA Appropriations | S41: =B41 -> 2/ FY 2022 Appropriation rates are determined in accordance with BPA Appropriations
B42: Refinancing Act, 16 U.S.C. 8381 enacted on April 26, 1996, and are independent | S42: =B42 -> Refinancing Act, 16 U.S.C. 8381 enacted on April 26, 1996, and are independent
B43: of the Global Insight Treasury Yield forecasts. | S43: =B43 -> of the Global Insight Treasury Yield forecasts.
B46: Last Update: 2022.02.18
B48: Table 9 | R48: =B49 -> Inflation Forecast (GDP Deflator) and Comparison
B49: Inflation Forecast (GDP Deflator) and Comparison
B50: 0 | R50: Year | S50: Calendar Year | T50: Fiscal Year
B51: Year | D51: A 2024 Calendar Year GDP Price Deflator | F51: B 2024 Fiscal Year GDP Price Deflator | H51: C 2024 Fiscal Year Cumulative Price Deflator | J51: D 2022 Fiscal Year GDP Price Deflator | L51: E 2022 Fiscal Year Cumulative Price Deflator | N51: F Change in the GDP Price Deflator | P51: G Change in the Cumulative Price Deflator | R51: 2020 | S51: 113.74025
H52: (Base Year 2022) | L52: (Base Year 2022) | N52: (B-D) | P52: (C-E) | R52: 2021 | S52: 118.20305 | T52: 117.08735
B53: 2024 | D53: 0.025165501 | F53: 0.028051805 | H53: 1.0140259 | J53: 0.025006376 | L53: 1.0241456 | N53: 0.0030454283 | P53: -0.010119714 | R53: 2022 | S53: 122.13145 | T53: 121.14935 | V53: Get the inflation worksheet o KGW driveand update this portion
B54: 2025 | D54: 0.022936551 | F54: 0.023483466 | H54: 1.0378387 | J54: 0.024145616 | L54: 1.049431 | N54: -0.0006621506 | P54: -0.011592225 | R54: 2023 | S54: 124.86132 | T54: 124.17886
B55: 2026 | D55: 0.021751904 | F55: 0.022043057 | H55: 1.0607159 | J55: 0.024689217 | L55: 1.0747326 | N55: -0.0026461595 | P55: -0.014016746 | R55: 2024 | S55: 127.9492 | T55: 127.17723 | V55: Update Exepnse Input Tab
B56: 2027 | D56: 0.02229984 | F56: 0.022165055 | H56: 1.0842267 | J56: 0.024109885 | L56: 1.1005084 | N56: -0.0019448302 | P56: -0.016281645 | R56: 2025 | S56: 131.10645 | T56: 130.31714
B57: 2028 | D57: 0.022392213 | F57: 0.022369499 | H57: 1.1084803 | J57: 0.023983383 | L57: 1.1268348 | N57: -0.0016138839 | P57: -0.018354478 | R57: 2026 | S57: 134.24327 | T57: 133.45907
B58: 2029 | D58: 0.022336956 | F58: 0.022350542 | H58: 1.1332555 | J58: 0.023922074 | L58: 1.1535707 | N58: -0.001571532 | P58: -0.020315224 | R58: 2027 | S58: 137.4654 | T58: 136.65987
B59: 2030 | D59: 0.022497676 | F59: 0.022458158 | H59: 1.1587063 | J59: 0.023726532 | L59: 1.180352 | N59: -0.0012683741 | P59: -0.021645725 | R59: 2028 | S59: 140.75027 | T59: 139.92906
B60: 2031 | D60: 0.023022697 | F60: 0.02289362 | H60: 1.1852333 | J60: 0.023216029 | L60: 1.2073911 | N60: -0.00032240961 | P60: -0.022157817 | R60: 2029 | S60: 144.08202 | T60: 143.24909
B61: 2032 | D61: 0.023024635 | F61: 0.023024159 | H61: 1.2125223 | J61: 0.022907636 | L61: 1.2344845 | N61: 0.00011652328 | P61: -0.021962249 | R61: 2030 | S61: 147.40568 | T61: 146.57476
B62: 2033 | D62: 0.023093347 | F62: 0.023076461 | H62: 1.240503 | J62: 0.022439648 | L62: 1.2622378 | N62: 0.00063681305 | P62: -0.021734842 | R62: 2031 | S62: 150.7747 | T62: 149.93244
B63: 2034 | D63: 0.022859747 | F63: 0.022917153 | H63: 1.2689318 | J63: 0.022481704 | L63: 1.2907004 | N63: 0.00043544877 | P63: -0.02176857 | R63: 2032 | S63: 154.1376 | T63: 153.29688
B64: 2035 | D64: 0.022258561 | F64: 0.022406324 | H64: 1.2973639 | J64: 0.022549257 | L64: 1.3199215 | N64: -0.00014293231 | P64: -0.022557581 | R64: 2033 | S64: 157.6118 | T64: 156.74325
B65: 2036 | D65: 0.021712609 | F65: 0.021846856 | H65: 1.3257072 | J65: 0.02263973 | L65: 1.3498046 | N65: -0.00079287467 | P65: -0.024097417 | R65: 2034 | S65: 161.16633 | T65: 160.27769
B66: 2037 | D66: 0.021321937 | F66: 0.02141804 | H66: 1.3541013 | J66: 0.022640102 | L66: 1.3803988 | N66: -0.001222062 | P66: -0.026297594 | R66: 2035 | S66: 164.81968 | T66: 163.90634
B67: 2038 | D67: 0.021231331 | F67: 0.021253626 | H67: 1.3828808 | J67: 0.022665671 | L67: 1.4117331 | N67: -0.0014120454 | P67: -0.028852272 | R67: 2036 | S67: 168.5497 | T67: 167.61719
... B80: 2051 | D80: 0.021306375 | F80: 0.021279276 | H80: 1.8105162 | J80: 0.023260398 | L80: 1.897858 | N80: -0.0019811217 | P80: -0.087341851 | R80: 2049 | S80: 226.35567 | T80: 225.07058
B81: 2052 | D81: 0.021592278 | F81: 0.021521927 | H81: 1.849482 | R81: 2050 | S81: 231.62252 | T81: 230.30581
B82: 2053 | D82: 0.021735135 | F82: 0.02169999 | H82: 1.8896157 | R82: 2051 | S82: 237.02427 | T82: 235.67384
B84: 0
B85: Except for Column A which represents a standard Calendar Year.
B86: 2/ Fiscal Year Cumulative Price Deflator escalates to midyear dollars. The first year, 2022, is determined as follows: 1.017=(.0347*.5)+1.
B87: An example of subsequent year cumulative growth, such as in 2022, is found as: 1.043=(1+.0250)*1.01735

Sheet Interest Income
B1: Long-Term Forecast
B2: 2026 | C2: =B2+1 -> 2027 | D2: =C2+1 -> 2028
A3: RESERVES FOR RISK
A4: ANNUAL CASH SURPLUS/(DEFICIT) | B4: =+HLOOKUP(B$2,'Revenue Requirement'!$C$2:$I$72,68,FALSE) -> 0 | C4: =+HLOOKUP(C$2,'Revenue Requirement'!$C$2:$I$72,68,FALSE) -> 0 | D4: =+HLOOKUP(D$2,'Revenue Requirement'!$C$2:$I$72,68,FALSE) -> 0
A5: ADJUSTMENTS TO CASH | B5: =-HLOOKUP(B$2,'Capital Input File'!$D$12:$AE$14,2,FALSE) -> 0 | C5: =-HLOOKUP(C$2,'Capital Input File'!$D$12:$AE$14,2,FALSE) -> 0 | D5: =-HLOOKUP(D$2,'Capital Input File'!$D$12:$AE$14,2,FALSE) -> 0
A6: START OF YEAR CASH BALANCE | B6: 233000 | C6: =B7 -> 233000 | D6: =C7 -> 233000
A7: END OF YEAR CASH BALANCE | B7: =SUM(B4:B6) -> 233000 | C7: =SUM(C4:C6) -> 233000 | D7: =SUM(D4:D6) -> 233000
A8: QTRLY FORECAST - END OF YEAR CASH BALANCE
A9: AVERAGE CASH BALANCE | B9: =ROUND((AVERAGE(B6:B7)),0) -> 233000 | C9: =ROUND((AVERAGE(C6:C7)),0) -> 233000 | D9: =ROUND((AVERAGE(D6:D7)),0) -> 233000
A10: INTEREST INCOME RATE | B10: =HLOOKUP(B$2,$B$25:$D$27,3,FALSE) -> 0.030152412 | C10: =HLOOKUP(C$2,$B$25:$D$27,3,FALSE) -> 0.029219194 | D10: =HLOOKUP(D$2,$B$25:$D$27,3,FALSE) -> 0.029266443
A11: ANNUAL INTEREST INCOME | B11: =B9*B10 -> 7025.5121 | C11: =C9*C10 -> 6808.0723 | D11: =D9*D10 -> 6819.0812
A12: REPAYMENT STUDY INTEREST INCOME | B12: =HLOOKUP(B$2,'Repayment Inputs'!$D$2:$J$44,8,FALSE) -> 1406 | C12: =HLOOKUP(C$2,'Repayment Inputs'!$D$2:$J$44,8,FALSE) -> 1462 | D12: =HLOOKUP(D$2,'Repayment Inputs'!$D$2:$J$44,8,FALSE) -> 1771
A14: RESERVES NOT FOR RISK
A15: START OF YEAR CASH BALANCE | B15: 84500 | C15: =B16 -> 84500 | D15: =C16 -> 84500
A16: END OF YEAR CASH BALANCE | B16: =+B15 -> 84500 | C16: =B16 -> 84500 | D16: =C16 -> 84500
A17: QTRLY FORECAST - END OF YEAR CASH BALANCE
A18: AVERAGE CASH BALANCE | B18: =ROUND((AVERAGE(B15:B16)),0) -> 84500 | C18: =ROUND((AVERAGE(C15:C16)),0) -> 84500 | D18: =ROUND((AVERAGE(D15:D16)),0) -> 84500
A19: RNFR ANNUAL INTEREST INCOME | B19: =B18*B10 -> 2547.8789 | C19: =C18*C10 -> 2469.0219 | D19: =D18*D10 -> 2473.0144
A20: TRUSTEE INTEREST INCOME ADDER | B20: 0 | C20: 0 | D20: 0
A22: TOTAL INTEREST INCOME | B22: =B11+B12+B19+B20 -> 10979.391 | C22: =C11+C12+C19+C20 -> 10739.094 | D22: =D11+D12+D19+D20 -> 11063.096
B25: =B2 -> 2026 | C25: =C2 -> 2027 | D25: =D2 -> 2028
A26: Appropriations Borrowing Rates - 1 Year Rate | B26: 0.030152412 | C26: 0.029219194 | D26: 0.029266443
B27: 0.030152412 | C27: 0.029219194 | D27: 0.029266443

Sheet 18 Seg Dev
A1: TRANSMISSION LONG-TERM RATE FORECAST - 2018 Segmented Revenue Requirement
B2: Updated by FS: | C2: 43363 | F2: External Worksheet Links (To Update) | I2: Internal Workbook Links (No Update Required)
B3: Analysis By: | C3: M. McGraw | F3: Date Updated | G3: Linked To: | I3: Repayment Inputs
B4: Source: | C4: Multiple | F4: 43356 | G4: Plant Investment Model | I4: AFUDC
B5: Scenario: | C5: Initial Proposal | F5: 43356 | G5: Segmentation Study | I5: Revenue Requirement
B6: 1st QC: | F6: 43361 | G6: Corps/Bureau Split | I6: Expense Input
B7: 2nd QC: | F7: 43363 | G7: Synchronous Condensors Split
B8: Timeperiod | C8: 2018
A12: =C8 -> 2018 | D12: TOTAL | E12: GENERATION INTEGRATION | F12: NETWORK | G12: SOUTHERN INTERTIE | H12: EASTERN INTERTIE | I12: UTILITY DELIVERY | J12: DSI DELIVERY | K12: ANCILLARY SERVICES
A13: CAPITAL RELATED COSTS SEGMENTATION
A14: FCRTS INVESTMENT BASE | D14: =SUM(E14:K14) -> 6129285.7 | E14: 94062.494 | F14: 5015904.6 | G14: 741664.03 | H14: 75949.917 | I14: 13062.193 | J14: 5629.7673 | K14: 183012.66
A15: PERCENT ALLOCATION | D15: =SUM(E15:K15) -> 1 | E15: =E14/D14 -> 0.015346404 | F15: =F14/D14 -> 0.8183506 | G15: =G14/D14 -> 0.12100334 | H15: =H14/D14 -> 0.012391316 | I15: =I14/D14 -> 0.0021311118 | J15: =J14/D14 -> 0.000918503 | K15: =K14/D14 -> 0.029858726
A16: INTEREST EXPENSE
B17: CUSTOMER FUNDED INTEREST | D17: =SUM(E17:K17) -> 4258.7739 | F17: 4243.9426 | G17: 14.83127
B18: CUSTOMER FUNDED AFUDC | D18: =SUM(E18:K18) -> -56.360042 | F18: -56.360042
B19: CUSTOMER FUNDED NET INTEREST | D19: =SUM(E19:K19) -> 4202.4138 | F19: =SUM(F17:F18) -> 4187.5826 | G19: =SUM(G17:G18) -> 14.83127
A20: REMAINING NET INTEREST EXPENSE | D20: 136265.2 | E20: =D20*E15 -> 2091.1809 | F20: =D20*F15 -> 111512.71 | G20: =D20*G15 -> 16488.545 | H20: =D20*H15 -> 1688.5052 | I20: =D20*I15 -> 290.39638 | J20: =D20*J15 -> 125.16 | K20: =D20*K15 -> 4068.7055
A21: TOTAL NET INTEREST EXPENSE | D21: =D20+D19 -> 140467.62 | E21: =E20+E19 -> 2091.1809 | F21: =F20+F19 -> 115700.29 | G21: =G20+G19 -> 16503.376 | H21: =H20+H19 -> 1688.5052 | I21: =I20+I19 -> 290.39638 | J21: =J20+J19 -> 125.16 | K21: =K20+K19 -> 4068.7055
A22: PLANNED NET REVENUE
B23: CUSTOMER FUNDED REVENUE CREDITS | F23: 14911.587 | G23: 747.934
B24: CUSTOMER FUNDED NET INTEREST | F24: =F19 -> 4187.5826 | G24: =G19 -> 14.83127
B25: CUSTOMER FUNDED DEPRECIATION | F25: #N/A | G25: 280.25324
B26: CUSTOMER FUNDED MRNR | D26: =F26+G26 -> #N/A | F26: =F23-F24-F25 -> #N/A | G26: =G23-G24-G25 -> 452.84949
A27: REMAINING PLANNED NET REVENUE | D27: -2823.6866 | E27: =D27*E15 -> -43.333435 | F27: =D27*F15 -> -2310.7656 | G27: =D27*G15 -> -341.6755 | H27: =D27*H15 -> -34.989193 | I27: =D27*I15 -> -6.0175917 | J27: =D27*J15 -> -2.5935646 | K27: =D27*K15 -> -84.311684
A28: TOTAL MINIMUM REQUIRED NET REVENUE | D28: =D27+D26 -> #N/A | E28: =E27+E26 -> -43.333435 | F28: =F27+F26 -> #N/A | G28: =G27+G26 -> 111.17399 | H28: =H27+H26 -> -34.989193 | I28: =I27+I26 -> -6.0175917 | J28: =J27+J26 -> -2.5935646 | K28: =K27+K26 -> -84.311684
A29: DEPRECIATION
A30: DIRECT DEPRECIATION (Including Customer Funded) | D30: =SUM(E30:K30) -> #N/A | E30: #N/A | F30: #N/A | G30: #N/A | H30: #N/A | I30: #N/A | J30: #N/A | K30: #N/A
A31: PERCENTAGE OF DIRECT O&M W/OUT AS | D31: =SUM(E31:K31) -> 1 | E31: =E49/D49 -> 0.015697394 | F31: =F49/D49 -> 0.62799332 | G31: =G49/D49 -> 0.082943113 | H31: =H49/D49 -> 0.011496972 | I31: =I49/D49 -> 0.0044877262 | J31: =J49/D49 -> 0.001592364 | K31: =K49/D49 -> 0.25578911
A32: TS GENERAL PLANT DEPRECATION | D32: #N/A | E32: =D32*E31 -> #N/A | F32: =D32*F31 -> #N/A | G32: =D32*G31 -> #N/A | H32: =D32*H31 -> #N/A | I32: =D32*I31 -> #N/A | J32: =D32*J31 -> #N/A | K32: =D32*K31 -> #N/A
A33: TOTAL DEPRECIATION EXPENSE | D33: =SUM(E33:K33) -> #N/A | E33: =E32+E30 -> #N/A | F33: =F32+F30 -> #N/A | G33: =G32+G30 -> #N/A | H33: =H32+H30 -> #N/A | I33: =I32+I30 -> #N/A | J33: =J32+J30 -> #N/A | K33: =K32+K30 -> #N/A
A35: O&M SEGMENTATION
A36: 2010 - 2016 SEGMENTATION STUDY AVERAGES
A37: 7-YEAR AVERAGE O&M: LINES | D37: =SUM(E37:J37) -> 53823.006 | E37: 618.34148 | F37: 48832.75 | G37: 2251.992 | H37: 2106.6817 | I37: 13.240894 | J37: 0
A38: 7-YEAR AVERAGE O&M: SUBSTATIONS | D38: =SUM(E38:J38) -> 132737.47 | E38: 3338.1231 | F38: 108435.56 | G38: 18653.483 | H38: 791.08341 | I38: 1117.8723 | J38: 401.34889
A39: TOTAL 7-YEAR AVERAGE O&M | D39: =SUM(D37:D38) -> 186560.48
A40: SYSTEM OPERATION, MAINTENANCE, ENVIRONMENT
A41: SYSTEM OPERATION | D41: 25631.825 | F41: 1100 | K41: 58549.479 | M41: TOP CONTRACTS BACKED OUT
A42: SYSTEM MAINTENANCE | D42: 176580.17
A44: TOTAL TO SEGMENT | D44: =SUM(D41:D42) -> 202212
A45: DIRECT LINES O&M | D45: =D44-D46 -> 58338.495 | E45: =(E37/D37)*D45 -> 670.21734 | F45: =(F37/D37)*D45 -> 52929.581 | G45: =(G37/D37)*D45 -> 2440.9232 | H45: =(H37/D37)*D45 -> 2283.4221 | I45: =(I37/D37)*D45 -> 14.351741 | J45: =(J37/D37)*D45 -> 0
A46: DIRECT SUBSTATION O&M | D46: =((D38/D39)*D44) -> 143873.5 | E46: =(E38/D38)*D46 -> 3618.1755 | F46: =(F38/D38)*D46 -> 117532.78 | G46: =(G38/D38)*D46 -> 20218.42 | H46: =(H38/D38)*D46 -> 857.45148 | I46: =(I38/D38)*D46 -> 1211.6564 | J46: =(J38/D38)*D46 -> 435.02012
A47: TOTAL DIRECT TRANSMISSION O&M | D47: =SUM(E47:J47) -> 202212 | E47: =SUM(E45:E46) -> 4288.3928 | F47: =SUM(F45:F46) -> 170462.36 | G47: =SUM(G45:G46) -> 22659.344 | H47: =SUM(H45:H46) -> 3140.8735 | I47: =SUM(I45:I46) -> 1226.0081 | J47: =SUM(J45:J46) -> 435.02012
A48: SCHEDULING | D48: =K48 -> 11329.901 | K48: 11329.901
A49: TOTAL DIRECT O&M (w/AS) | D49: =SUM(E49:K49) -> 273191.38 | E49: =E47 -> 4288.3928 | F49: =F47+F41 -> 171562.36 | G49: =G47 -> 22659.344 | H49: =H47 -> 3140.8735 | I49: =I47 -> 1226.0081 | J49: =J47 -> 435.02012 | K49: =K48+K41 -> 69879.38
A50: OVERHEAD CATEGORIES
A51: MARKETING | D51: 15825.591 | E51: =(E49/D49)*D51 -> 248.42054 | F51: =(F49/D49)*D51 -> 9938.3654 | G51: =(G49/D49)*D51 -> 1312.6238 | H51: =(H49/D49)*D51 -> 181.94637 | I51: =(I49/D49)*D51 -> 71.020919 | J51: =(J49/D49)*D51 -> 25.200101 | K51: =(K49/D49)*D51 -> 4048.0138
A52: BUSINESS SUPPORT | D52: 54613.205 | E52: =(E49/D49)*D52 -> 857.28501 | F52: =(F49/D49)*D52 -> 34296.728 | G52: =(G49/D49)*D52 -> 4529.7892 | H52: =(H49/D49)*D52 -> 627.88646 | I52: =(I49/D49)*D52 -> 245.08911 | J52: =(J49/D49)*D52 -> 86.964101 | K52: =(K49/D49)*D52 -> 13969.463
A53: SYSTEM ENGINEERING | D53: 56350.643 | E53: 742.36196 | F53: 31664.625 | G53: 4233.3548 | H53: 546.45879 | I53: 184.35098 | J53: 102.31109 | K53: 18877.18
A54: CORPORATE/OTHER | D54: 86392.052 | E54: =(E49/D49)*D54 -> 1356.1301 | F54: =(F49/D49)*D54 -> 54253.632 | G54: =(G49/D49)*D54 -> 7165.6257 | H54: =(H49/D49)*D54 -> 993.24696 | I54: =(I49/D49)*D54 -> 387.70387 | J54: =(J49/D49)*D54 -> 137.56759 | K54: =(K49/D49)*D54 -> 22098.146
A55: OVERHEAD SUB-TOTAL | D55: =SUM(D51:D54) -> 213181.49 | E55: =SUM(E51:E54) -> 3204.1976 | F55: =SUM(F51:F54) -> 130153.35 | G55: =SUM(G51:G54) -> 17241.394 | H55: =SUM(H51:H54) -> 2349.5386 | I55: =SUM(I51:I54) -> 888.16488 | J55: =SUM(J51:J54) -> 352.04288 | K55: =SUM(K51:K54) -> 58992.803
A56: TOTAL O&M | D56: =D55+D49 -> 486372.87 | E56: =E55+E49 -> 7492.5904 | F56: =F55+F49 -> 301715.71 | G56: =G55+G49 -> 39900.737 | H56: =H55+H49 -> 5490.4121 | I56: =I55+I49 -> 2114.173 | J56: =J55+J49 -> 787.063 | K56: =K55+K49 -> 128872.18
A57: ANCILLARY SERVICES
A58: BBL -PAYMENTS TO POWER SERVICES
A59: CORPS/BUREAU TRANSMISSION | D59: 8867 | F59: 5533.6241 | I59: 3333.3759
A60: GEN DROPPING | D60: 589.232 | G60: =D60 -> 589.232
A61: REDISPATCH | D61: 225 | F61: =D61 -> 225
A62: SYNCHRONOUS CONDENSERS | D62: 1272.635 | F62: 682.99541 | G62: 589.63959
A63: STATION SERVICE | D63: 1996.009 | E63: =(E38/D38)*D63 -> 50.196253 | F63: =(F38/D38)*D63 -> 1630.5746 | G63: =(G38/D38)*D63 -> 280.49743 | H63: =(H38/D38)*D63 -> 11.895733 | I63: =(I38/D38)*D63 -> 16.809746 | J63: =(J38/D38)*D63 -> 6.0351909
A64: GENERATION INPUTS | D64: =K64 -> 95479.666 | K64: 95479.666
A65: BBL- SUBTOTAL | D65: =SUM(D59:D64) -> 108429.54 | E65: =SUM(E59:E64) -> 50.196253 | F65: =SUM(F59:F64) -> 8072.1941 | G65: =SUM(G59:G64) -> 1459.369 | H65: =SUM(H59:H64) -> 11.895733 | I65: =SUM(I59:I64) -> 3350.1857 | J65: =SUM(J59:J64) -> 6.0351909 | K65: =SUM(K59:K64) -> 95479.666
A66: NON-BBL - PAYMENTS TO OTHERS
A67: NON BBL ANCILLARY SERVICES (NBBL) | D67: =SUM(E67:K67) -> 96.72 | E67: 1.6745886 | F67: 78.478405 | G67: 12.126542 | H67: 1.4850597 | I67: 0.19539074 | J67: 0.11183335 | K67: 2.6481805
A68: LEASED FACILITIES (NBBL) | D68: 5746.061 | F68: =D68 -> 5746.061
A69: SETTLEMENT AGREEMENTS (NBBL) | D69: 0 | E69: =(E49/D49)*D69 -> 0 | F69: =(F49/D49)*D69 -> 0 | G69: =(G49/D49)*D69 -> 0 | H69: =(H49/D49)*D69 -> 0 | I69: =(I49/D49)*D69 -> 0 | J69: =(J49/D49)*D69 -> 0 | K69: =(K49/D49)*D69 -> 0
A70: TRANSMISSION RENEWABLES (NBBL) | D70: 5187.793 | K70: =D70 -> 5187.793
A71: NON-BBL- SUBTOTAL | D71: =SUM(D67:D70) -> 11030.574 | E71: =SUM(E67:E70) -> 1.6745886 | F71: =SUM(F67:F70) -> 5824.5394 | G71: =SUM(G67:G70) -> 12.126542 | H71: =SUM(H67:H70) -> 1.4850597 | I71: =SUM(I67:I70) -> 0.19539074 | J71: =SUM(J67:J70) -> 0.11183335 | K71: =SUM(K67:K70) -> 5190.4412
A72: TOTAL TRANS ACQ AND ANCILLARY | D72: =SUM(E72:K72) -> 119460.12 | E72: =E71+E65 -> 51.870841 | F72: =F71+F65 -> 13896.734 | G72: =G71+G65 -> 1471.4956 | H72: =H71+H65 -> 13.380793 | I72: =I71+I65 -> 3350.3811 | J72: =J71+J65 -> 6.1470243 | K72: =K71+K65 -> 100670.11

Sheet 20 Seg Dev
A1: TRANSMISSION LONG-TERM RATE FORECAST - 2020 Segmented Revenue Requirement
B2: Updated by FS: | F2: External Worksheet Links (To Update) | I2: Internal Workbook Links (No Update Required)
B3: Analysis By: | F3: Date Updated | G3: Linked To: | I3: Repayment Inputs
B4: Source: | G4: Plant Investment Model | I4: AFUDC
B5: Scenario: | G5: Segmentation Study | I5: Revenue Requirement
B6: 1st QC: | G6: Corps/Bureau Split | I6: Expense Input
B7: 2nd QC: | G7: Synchronous Condensors Split
B8: Timeperiod | C8: 2020
A12: =C8 -> 2020 | D12: TOTAL | E12: GENERATION INTEGRATION | F12: NETWORK | G12: SOUTHERN INTERTIE | H12: EASTERN INTERTIE | I12: UTILITY DELIVERY | J12: DSI DELIVERY | K12: ANCILLARY SERVICES
A13: CAPITAL RELATED COSTS SEGMENTATION | E13: 98494.796 | F13: 4688539.9 | G13: 727364.81 | H13: 87284.57 | I13: 11495.416 | J13: 6579.6533 | K13: 126861.02
A14: FCRTS INVESTMENT BASE | D14: =SUM(E14:K14) -> 6498165 | E14: 111832.98 | F14: 5358929.1 | G14: 783818.21 | H14: 91302.081 | I14: 15472.343 | J14: 6666.258 | K14: 130143.97
A15: PERCENT ALLOCATION | D15: =SUM(E15:K15) -> 1 | E15: =E14/D14 -> 0.017209932 | F15: =F14/D14 -> 0.82468345 | G15: =G14/D14 -> 0.12062147 | H15: =H14/D14 -> 0.014050441 | I15: =I14/D14 -> 0.0023810326 | J15: =J14/D14 -> 0.0010258678 | K15: =K14/D14 -> 0.020027803
A16: INTEREST EXPENSE
B17: CUSTOMER FUNDED INTEREST | D17: =SUM(E17:K17) -> #N/A | F17: =HLOOKUP($A$12,'Repayment Inputs'!$B$2:$J$24,19,FALSE) -> #N/A
B18: CUSTOMER FUNDED AFUDC | D18: =SUM(E18:K18) -> -985.98041 | F18: =-(HLOOKUP($A$12,AFUDC!$I$13:$AJ$38,25,FALSE)) -> -985.98041
B19: CUSTOMER FUNDED NET INTEREST | D19: =SUM(E19:K19) -> #N/A | F19: =SUM(F17:F18) -> #N/A
A20: REMAINING NET INTEREST EXPENSE | D20: =HLOOKUP($A$12,'Revenue Requirement'!$A$2:$I$36,25,FALSE)-$D$19 -> #N/A | E20: =D20*E15 -> #N/A | F20: =D20*F15 -> #N/A | G20: =D20*G15 -> #N/A | H20: =D20*H15 -> #N/A | I20: =D20*I15 -> #N/A | J20: =D20*J15 -> #N/A | K20: =D20*K15 -> #N/A
A21: TOTAL NET INTEREST EXPENSE | D21: =D20+D19 -> #N/A | E21: =E20+E19 -> #N/A | F21: =F20+F19 -> #N/A | G21: =G20+G19 -> #N/A | H21: =H20+H19 -> #N/A | I21: =I20+I19 -> #N/A | J21: =J20+J19 -> #N/A | K21: =K20+K19 -> #N/A
A22: PLANNED NET REVENUE
B23: CUSTOMER FUNDED REVENUE CREDITS | F23: =HLOOKUP($A$12,'Repayment Inputs'!$A$2:$J$43,38,FALSE) -> #N/A
B24: CUSTOMER FUNDED NET INTEREST | F24: =F19 -> #N/A
B25: CUSTOMER FUNDED DEPRECIATION | F25: 462.81494
B26: CUSTOMER FUNDED MRNR | D26: =F26 -> #N/A | F26: =F23-F24-F25 -> #N/A
A27: REMAINING PLANNED NET REVENUE | D27: =HLOOKUP($A$12,'Revenue Requirement'!$A$2:$I$32,31,FALSE)-$D$26 -> #N/A | E27: =D27*E15 -> #N/A | F27: =D27*F15 -> #N/A | G27: =D27*G15 -> #N/A | H27: =D27*H15 -> #N/A | I27: =D27*I15 -> #N/A | J27: =D27*J15 -> #N/A | K27: =D27*K15 -> #N/A
A28: TOTAL MINIMUM REQUIRED NET REVENUE | D28: =D27+D26 -> #N/A | E28: =E27+E26 -> #N/A | F28: =F27+F26 -> #N/A | G28: =G27+G26 -> #N/A | H28: =H27+H26 -> #N/A | I28: =I27+I26 -> #N/A | J28: =J27+J26 -> #N/A | K28: =K27+K26 -> #N/A
A29: DEPRECIATION
A30: DIRECT DEPRECIATION (Including Customer Funded) | D30: =SUM(E30:K30) -> 28250.764 | E30: 0 | F30: 28250.764 | G30: 0 | H30: 0 | I30: 0 | J30: 0 | K30: 0
A31: PERCENTAGE OF DIRECT O&M W/OUT AS | D31: =SUM(E31:K31) -> #N/A | E31: =E49/D49 -> #N/A | F31: =F49/D49 -> #N/A | G31: =G49/D49 -> #N/A | H31: =H49/D49 -> #N/A | I31: =I49/D49 -> #N/A | J31: =J49/D49 -> #N/A | K31: =K49/D49 -> #N/A
A32: TS GENERAL PLANT DEPRECATION | D32: 0 | E32: =D32*E31 -> #N/A | F32: =D32*F31 -> #N/A | G32: =D32*G31 -> #N/A | H32: =D32*H31 -> #N/A | I32: =D32*I31 -> #N/A | J32: =D32*J31 -> #N/A | K32: =D32*K31 -> #N/A
A33: TOTAL DEPRECIATION EXPENSE | D33: =SUM(E33:K33) -> #N/A | E33: =E32+E30 -> #N/A | F33: =F32+F30 -> #N/A | G33: =G32+G30 -> #N/A | H33: =H32+H30 -> #N/A | I33: =I32+I30 -> #N/A | J33: =J32+J30 -> #N/A | K33: =K32+K30 -> #N/A
A35: O&M SEGMENTATION
A36: 2010 - 2016 SEGMENTATION STUDY AVERAGES
A37: 7-YEAR AVERAGE O&M: LINES | D37: =SUM(E37:J37) -> 53823.006 | E37: 618.34148 | F37: 48832.75 | G37: 2251.992 | H37: 2106.6817 | I37: 13.240894 | J37: 0
A38: 7-YEAR AVERAGE O&M: SUBSTATIONS | D38: =SUM(E38:J38) -> 132737.47 | E38: 3338.1231 | F38: 108435.56 | G38: 18653.483 | H38: 791.08341 | I38: 1117.8723 | J38: 401.34889
A39: TOTAL 7-YEAR AVERAGE O&M | D39: =SUM(D37:D38) -> 186560.48
A40: SYSTEM OPERATION, MAINTENANCE, ENVIRONMENT
A41: SYSTEM OPERATION | D41: =SUM((HLOOKUP($A$12,'Expense Input File'!$B$27:$L$70,3,FALSE)),(HLOOKUP($A$12,'Expense Input File'!$B$27:$L$70,4,FALSE)),(HLOOKUP($A$12,'Expense Input File'!$B$27:$L$70,5,FALSE)), (HLOOKUP($A$12,'Expense Input File'!$B$27:$L$70,6,FALSE)),(HLOOKUP($A$12,'Expense Input File'!$B$27:$L$70,7,FALSE)))-$K$41 -> #N/A | F41: =(HLOOKUP($A$12,'Expense Input File'!$A$27:$L$70,33,FALSE)) -> #N/A | K41: =SUM((HLOOKUP($A$12,'Expense Input File'!$B$27:$L$70,3,FALSE)),(HLOOKUP($A$12,'Expense Input File'!$B$27:$L$70,4,FALSE)),(HLOOKUP($A$12,'Expense Input File'!$B$27:$L$70,5,FALSE)), (HLOOKUP($A$12,'Expense Input File'!$B$27:$L$70,6,FALSE)))-(HLOOKUP($A$12,'Expense Input File'!$A$27:$L$70,8,FALSE)) -> #N/A | L41: TOP CONTRACTS BACKED OUT
A42: SYSTEM MAINTENANCE | D42: =HLOOKUP($A$12,'Expense Input File'!$B$14:$L$24,4,FALSE) -> #N/A
A44: TOTAL TO SEGMENT | D44: =SUM(D41:D42) -> #N/A
A45: DIRECT LINES O&M | D45: =D44-D46 -> #N/A | E45: =(E37/D37)*D45 -> #N/A | F45: =(F37/D37)*D45 -> #N/A | G45: =(G37/D37)*D45 -> #N/A | H45: =(H37/D37)*D45 -> #N/A | I45: =(I37/D37)*D45 -> #N/A | J45: =(J37/D37)*D45 -> #N/A
A46: DIRECT SUBSTATION O&M | D46: =((D38/D39)*D44) -> #N/A | E46: =(E38/D38)*D46 -> #N/A | F46: =(F38/D38)*D46 -> #N/A | G46: =(G38/D38)*D46 -> #N/A | H46: =(H38/D38)*D46 -> #N/A | I46: =(I38/D38)*D46 -> #N/A | J46: =(J38/D38)*D46 -> #N/A
A47: TOTAL DIRECT TRANSMISSION O&M | D47: =SUM(E47:J47) -> #N/A | E47: =SUM(E45:E46) -> #N/A | F47: =SUM(F45:F46) -> #N/A | G47: =SUM(G45:G46) -> #N/A | H47: =SUM(H45:H46) -> #N/A | I47: =SUM(I45:I46) -> #N/A | J47: =SUM(J45:J46) -> #N/A
A48: SCHEDULING | D48: =K48 -> #N/A | K48: =SUM((HLOOKUP($A$12,'Expense Input File'!$A$27:$L$70,24,FALSE)),(HLOOKUP($A$12,'Expense Input File'!$A$27:$L$70,25,FALSE)),(HLOOKUP($A$12,'Expense Input File'!$A$27:$L$70,26,FALSE)),(HLOOKUP($A$12,'Expense Input File'!$A$27:$L$70,27,FALSE)),(HLOOKUP($A$12,'Expense Input File'!$A$27:$L$70,28,FALSE))) -> #N/A
A49: TOTAL DIRECT O&M (w/AS) | D49: =SUM(E49:K49) -> #N/A | E49: =E47 -> #N/A | F49: =F47+F41 -> #N/A | G49: =G47 -> #N/A | H49: =H47 -> #N/A | I49: =I47 -> #N/A | J49: =J47 -> #N/A | K49: =K48+K41 -> #N/A
A50: OVERHEAD CATEGORIES
A51: MARKETING | D51: =SUM((HLOOKUP($A$12,'Expense Input File'!$A$27:$L$70,10,FALSE)),(HLOOKUP($A$12,'Expense Input File'!$A$27:$L$70,11,FALSE)),(HLOOKUP($A$12,'Expense Input File'!$A$27:$L$70,12,FALSE)),(HLOOKUP($A$12,'Expense Input File'!$A$27:$L$70,13,FALSE))) -> #N/A | E51: =(E49/D49)*D51 -> #N/A | F51: =(F49/D49)*D51 -> #N/A | G51: =(G49/D49)*D51 -> #N/A | H51: =(H49/D49)*D51 -> #N/A | I51: =(I49/D49)*D51 -> #N/A | J51: =(J49/D49)*D51 -> #N/A | K51: =(K49/D49)*D51 -> #N/A
A52: BUSINESS SUPPORT | D52: =SUM((HLOOKUP($A$12,'Expense Input File'!$A$27:$L$70,14,FALSE)),(HLOOKUP($A$12,'Expense Input File'!$A$27:$L$70,16,FALSE)),(HLOOKUP($A$12,'Expense Input File'!$A$27:$L$70,17,FALSE)),(HLOOKUP($A$12,'Expense Input File'!$A$27:$L$70,18,FALSE)),(HLOOKUP($A$12,'Expense Input File'!$A$27:$L$70,19,FALSE)),(HLOOKUP($A$12,'Expense Input File'!$A$27:$L$70,20,FALSE)),(HLOOKUP($A$12,'Expense Input File'!$A$27:$L$70,21,FALSE)),(HLOOKUP($A$12,'Expense Input File'!$A$27:$L$70,30,FALSE)),(HLOOKUP($A$12,'Expense Input File'!$A$27:$L$70,31,FALSE)),(HLOOKUP($A$12,'Expense Input File'!$A$27:$L$70,32,FALSE))) -> #N/A | E52: =(E49/D49)*D52 -> #N/A | F52: =(F49/D49)*D52 -> #N/A | G52: =(G49/D49)*D52 -> #N/A | H52: =(H49/D49)*D52 -> #N/A | I52: =(I49/D49)*D52 -> #N/A | J52: =(J49/D49)*D52 -> #N/A | K52: =(K49/D49)*D52 -> #N/A
A53: SYSTEM ENGINEERING | D53: =HLOOKUP($A$12,'Expense Input File'!$B$14:$L$24,3,FALSE) -> #N/A | E53: =(E49/D49)*(D53-(HLOOKUP($A$12,'Expense Input File'!$A$14:$L$24,10,FALSE))) -> #N/A | F53: =(F49/D49)*(D53-(HLOOKUP($A$12,'Expense Input File'!$A$14:$L$24,10,FALSE))) -> #N/A | G53: =(G49/D49)*(D53-(HLOOKUP($A$12,'Expense Input File'!$A$14:$L$24,10,FALSE))) -> #N/A | H53: =(H49/D49)*(D53-(HLOOKUP($A$12,'Expense Input File'!$A$14:$L$24,10,FALSE))) -> #N/A | I53: =(I49/D49)*(D53-(HLOOKUP($A$12,'Expense Input File'!$A$14:$L$24,10,FALSE))) -> #N/A | J53: =(J49/D49)*(D53-(HLOOKUP($A$12,'Expense Input File'!$A$14:$L$24,10,FALSE))) -> #N/A | K53: =((K49/D49)*(D53-(HLOOKUP($A$12,'Expense Input File'!$A$14:$L$24,10,FALSE))))+(HLOOKUP($A$12,'Expense Input File'!$A$14:$L$24,10,FALSE)) -> #N/A
A54: CORPORATE/OTHER | D54: =SUM((HLOOKUP($A$12,'Expense Input File'!$A$14:$L$24,7,FALSE)),(HLOOKUP($A$12,'Expense Input File'!$A$14:$L$24,8,FALSE))) -> #N/A | E54: =(E49/D49)*D54 -> #N/A | F54: =(F49/D49)*D54 -> #N/A | G54: =(G49/D49)*D54 -> #N/A | H54: =(H49/D49)*D54 -> #N/A | I54: =(I49/D49)*D54 -> #N/A | J54: =(J49/D49)*D54 -> #N/A | K54: =(K49/D49)*D54 -> #N/A
A55: OVERHEAD SUB-TOTAL | D55: =SUM(D51:D54) -> #N/A | E55: =SUM(E51:E54) -> #N/A | F55: =SUM(F51:F54) -> #N/A | G55: =SUM(G51:G54) -> #N/A | H55: =SUM(H51:H54) -> #N/A | I55: =SUM(I51:I54) -> #N/A | J55: =SUM(J51:J54) -> #N/A | K55: =SUM(K51:K54) -> #N/A
A56: TOTAL O&M | D56: =D55+D49 -> #N/A | E56: =E55+E49 -> #N/A | F56: =F55+F49 -> #N/A | G56: =G55+G49 -> #N/A | H56: =H55+H49 -> #N/A | I56: =I55+I49 -> #N/A | J56: =J55+J49 -> #N/A | K56: =K55+K49 -> #N/A
A57: ANCILLARY SERVICES
A58: BBL -PAYMENTS TO POWER SERVICES
A59: CORPS/BUREAU TRANSMISSION | D59: =(HLOOKUP($A$12,'Expense Input File'!$A$27:$L$91,37,FALSE)) -> #N/A | F59: #N/A | I59: #N/A
A60: GEN DROPPING | D60: =(HLOOKUP($A$12,'Expense Input File'!$A$27:$L$91,38,FALSE)) -> #N/A | G60: =D60 -> #N/A
A61: REDISPATCH | D61: =(HLOOKUP($A$12,'Expense Input File'!$A$27:$L$91,41,FALSE)) -> #N/A | F61: =D61 -> #N/A
A62: SYNCHRONOUS CONDENSERS | D62: =(HLOOKUP($A$12,'Expense Input File'!$A$27:$L$91,39,FALSE)) -> #N/A | F62: #N/A | G62: #N/A
A63: STATION SERVICE | D63: =HLOOKUP($A$12,'Expense Input File'!$B$27:$L$91,42,FALSE) -> #N/A | E63: =(E38/D38)*D63 -> #N/A | F63: =(F38/D38)*D63 -> #N/A | G63: =(G38/D38)*D63 -> #N/A | H63: =(H38/D38)*D63 -> #N/A | I63: =(I38/D38)*D63 -> #N/A | J63: =(J38/D38)*D63 -> #N/A
A64: GENERATION INPUTS | D64: =K64 -> #N/A | K64: =HLOOKUP($A$12,'Expense Input File'!$A$27:$L$91,35,FALSE) -> #N/A
A65: BBL- SUBTOTAL | D65: =SUM(D59:D64) -> #N/A | E65: =SUM(E59:E64) -> #N/A | F65: =SUM(F59:F64) -> #N/A | G65: =SUM(G59:G64) -> #N/A | H65: =SUM(H59:H64) -> #N/A | I65: =SUM(I59:I64) -> #N/A | J65: =SUM(J59:J64) -> #N/A | K65: =SUM(K59:K64) -> #N/A
A66: NON-BBL - PAYMENTS TO OTHERS
A67: NON BBL ANCILLARY SERVICES (NBBL) | D67: =SUM(E67:K67) -> #N/A | E67: =(HLOOKUP($A$12,'Expense Input File'!$B$71:$L$93,22,FALSE))*E15 -> #N/A | F67: =(HLOOKUP($A$12,'Expense Input File'!$B$71:$L$93,22,FALSE))*F15 -> #N/A | G67: =(HLOOKUP($A$12,'Expense Input File'!$B$71:$L$93,22,FALSE))*G15 -> #N/A | H67: =(HLOOKUP($A$12,'Expense Input File'!$B$71:$L$93,22,FALSE))*H15 -> #N/A | I67: =(HLOOKUP($A$12,'Expense Input File'!$B$71:$L$93,22,FALSE))*I15 -> #N/A | J67: =(HLOOKUP($A$12,'Expense Input File'!$B$71:$L$93,22,FALSE))*J15 -> #N/A | K67: =((HLOOKUP($A$12,'Expense Input File'!$B$71:$L$93,22,FALSE))*K15)+(HLOOKUP($A$12,'Expense Input File'!$B$71:$L$93,23,FALSE)) -> #N/A
A68: LEASED FACILITIES (NBBL) | D68: =HLOOKUP($A$12,'Expense Input File'!$A$27:$L$91,46,FALSE) -> #N/A | F68: =D68 -> #N/A
A69: SETTLEMENT AGREEMENTS (NBBL) | D69: =HLOOKUP($A$12,'Expense Input File'!$A$27:$L$91,47,FALSE) -> #N/A | E69: =(E49/D49)*D69 -> #N/A | F69: =(F49/D49)*D69 -> #N/A | G69: =(G49/D49)*D69 -> #N/A | H69: =(H49/D49)*D69 -> #N/A | I69: =(I49/D49)*D69 -> #N/A | J69: =(J49/D49)*D69 -> #N/A | K69: =(K49/D49)*D69 -> #N/A
A70: TRANSMISSION RENEWABLES (NBBL) | D70: =HLOOKUP($A$12,'Expense Input File'!$A$27:$L$91,48,FALSE) -> #N/A | K70: =D70 -> #N/A
A71: NON-BBL- SUBTOTAL | D71: =SUM(D67:D70) -> #N/A | E71: =SUM(E67:E70) -> #N/A | F71: =SUM(F67:F70) -> #N/A | G71: =SUM(G67:G70) -> #N/A | H71: =SUM(H67:H70) -> #N/A | I71: =SUM(I67:I70) -> #N/A | J71: =SUM(J67:J70) -> #N/A | K71: =SUM(K67:K70) -> #N/A
A72: TOTAL TRANS ACQ AND ANCILLARY | D72: =SUM(E72:K72) -> #N/A | E72: =E71+E65 -> #N/A | F72: =F71+F65 -> #N/A | G72: =G71+G65 -> #N/A | H72: =H71+H65 -> #N/A | I72: =I71+I65 -> #N/A | J72: =J71+J65 -> #N/A | K72: =K71+K65 -> #N/A

Sheet 21 Seg Dev
A1: TRANSMISSION LONG-TERM RATE FORECAST - 2021 Segmented Revenue Requirement
B2: Updated: | F2: External Worksheet Links (To Update) | I2: Internal Workbook Links (No Update Required)
B3: Analysis By: | C3: ='Revenue Requirement'!#REF! -> #REF! | F3: Date Updated | G3: Linked To: | I3: Repayment Inputs
B4: Source: | F4: =IF('20 Seg Dev'!F4=0," ",'20 Seg Dev'!F4) | G4: Plant Investment Model | I4: AFUDC
B5: Scenario: | F5: =IF('20 Seg Dev'!F5=0," ",'20 Seg Dev'!F5) | G5: Segmentation Study | I5: Revenue Requirement
B6: 1st QC: | F6: =IF('20 Seg Dev'!F6=0," ",'20 Seg Dev'!F6) | G6: Corps/Bureau Split | I6: Expense Input
B7: 2nd QC: | F7: =IF('20 Seg Dev'!F7=0," ",'20 Seg Dev'!F7) | G7: Synchronous Condensors Split
B8: Timeperiod | C8: 2021
A12: =C8 -> 2021 | D12: TOTAL | E12: GENERATION INTEGRATION | F12: NETWORK | G12: SOUTHERN INTERTIE | H12: EASTERN INTERTIE | I12: UTILITY DELIVERY | J12: DSI DELIVERY | K12: ANCILLARY SERVICES
A13: CAPITAL RELATED COSTS SEGMENTATION
A14: FCRTS INVESTMENT BASE | D14: =SUM(E14:K14) -> 6487209.1 | E14: 109747.08 | F14: 5349326.3 | G14: 768438.16 | H14: 89282.274 | I14: 15201.936 | J14: 6550.4749 | K14: 148662.86
A15: PERCENT ALLOCATION | D15: =SUM(E15:K15) -> 1 | E15: =E14/D14 -> 0.016917457 | F15: =F14/D14 -> 0.82459594 | G15: =G14/D14 -> 0.11845435 | H15: =H14/D14 -> 0.013762817 | I15: =I14/D14 -> 0.0023433708 | J15: =J14/D14 -> 0.0010097524 | K15: =K14/D14 -> 0.022916305
A16: INTEREST EXPENSE
B17: CUSTOMER FUNDED INTEREST | D17: =SUM(E17:K17) -> #N/A | F17: =HLOOKUP($A$12,'Repayment Inputs'!$B$2:$J$24,19,FALSE) -> #N/A
B18: CUSTOMER FUNDED AFUDC | D18: =SUM(E18:K18) -> -985.98041 | F18: =-(HLOOKUP($A$12,AFUDC!$I$13:$AJ$38,25,FALSE)) -> -985.98041
B19: CUSTOMER FUNDED NET INTEREST | D19: =SUM(E19:K19) -> #N/A | F19: =SUM(F17:F18) -> #N/A
A20: REMAINING NET INTEREST EXPENSE | D20: =HLOOKUP($A$12,'Revenue Requirement'!$A$2:$I$36,25,FALSE)-$D$19 -> #N/A | E20: =D20*E15 -> #N/A | F20: =D20*F15 -> #N/A | G20: =D20*G15 -> #N/A | H20: =D20*H15 -> #N/A | I20: =D20*I15 -> #N/A | J20: =D20*J15 -> #N/A | K20: =D20*K15 -> #N/A
A21: TOTAL NET INTEREST EXPENSE | D21: =D20+D19 -> #N/A | E21: =E20+E19 -> #N/A | F21: =F20+F19 -> #N/A | G21: =G20+G19 -> #N/A | H21: =H20+H19 -> #N/A | I21: =I20+I19 -> #N/A | J21: =J20+J19 -> #N/A | K21: =K20+K19 -> #N/A
A22: PLANNED NET REVENUE
B23: CUSTOMER FUNDED REVENUE CREDITS | F23: =HLOOKUP($A$12,'Repayment Inputs'!$A$2:$J$43,38,FALSE) -> #N/A
B24: CUSTOMER FUNDED NET INTEREST | F24: =F19 -> #N/A
B25: CUSTOMER FUNDED DEPRECIATION | F25: 1045.7407
B26: CUSTOMER FUNDED MRNR | D26: =F26 -> #N/A | F26: =F23-F24-F25 -> #N/A
A27: REMAINING PLANNED NET REVENUE | D27: =HLOOKUP($A$12,'Revenue Requirement'!$A$2:$I$32,31,FALSE)-$D$26 -> #N/A | E27: =D27*E15 -> #N/A | F27: =D27*F15 -> #N/A | G27: =D27*G15 -> #N/A | H27: =D27*H15 -> #N/A | I27: =D27*I15 -> #N/A | J27: =D27*J15 -> #N/A | K27: =D27*K15 -> #N/A
A28: TOTAL MINIMUM REQUIRED NET REVENUE | D28: =D27+D26 -> #N/A | E28: =E27+E26 -> #N/A | F28: =F27+F26 -> #N/A | G28: =G27+G26 -> #N/A | H28: =H27+H26 -> #N/A | I28: =I27+I26 -> #N/A | J28: =J27+J26 -> #N/A | K28: =K27+K26 -> #N/A
A29: DEPRECIATION
A30: DIRECT DEPRECIATION (Including Customer Funded) | D30: =SUM(E30:K30) -> 264975.87 | E30: 3392 | F30: 214541.28 | G30: 27535 | H30: 3332 | I30: 437 | J30: 187 | K30: 15551.586
A31: PERCENTAGE OF DIRECT O&M W/OUT AS | D31: =SUM(E31:K31) -> #N/A | E31: =E49/D49 -> #N/A | F31: =F49/D49 -> #N/A | G31: =G49/D49 -> #N/A | H31: =H49/D49 -> #N/A | I31: =I49/D49 -> #N/A | J31: =J49/D49 -> #N/A | K31: =K49/D49 -> #N/A
A32: TS GENERAL PLANT DEPRECATION | D32: 76266.376 | E32: =D32*E31 -> #N/A | F32: =D32*F31 -> #N/A | G32: =D32*G31 -> #N/A | H32: =D32*H31 -> #N/A | I32: =D32*I31 -> #N/A | J32: =D32*J31 -> #N/A | K32: =D32*K31 -> #N/A
A33: TOTAL DEPRECIATION EXPENSE | D33: =SUM(E33:K33) -> #N/A | E33: =E32+E30 -> #N/A | F33: =F32+F30 -> #N/A | G33: =G32+G30 -> #N/A | H33: =H32+H30 -> #N/A | I33: =I32+I30 -> #N/A | J33: =J32+J30 -> #N/A | K33: =K32+K30 -> #N/A
A35: O&M SEGMENTATION
A36: 2010 - 2016 SEGMENTATION STUDY AVERAGES
A37: 7-YEAR AVERAGE O&M: LINES | D37: =SUM(E37:J37) -> 53823.006 | E37: 618.34148 | F37: 48832.75 | G37: 2251.992 | H37: 2106.6817 | I37: 13.240894 | J37: 0
A38: 7-YEAR AVERAGE O&M: SUBSTATIONS | D38: =SUM(E38:J38) -> 132737.47 | E38: 3338.1231 | F38: 108435.56 | G38: 18653.483 | H38: 791.08341 | I38: 1117.8723 | J38: 401.34889
A39: TOTAL 7-YEAR AVERAGE O&M | D39: =SUM(D37:D38) -> 186560.48
A40: SYSTEM OPERATION, MAINTENANCE, ENVIRONMENT
A41: SYSTEM OPERATION | D41: =SUM((HLOOKUP($A$12,'Expense Input File'!$B$27:$L$70,3,FALSE)),(HLOOKUP($A$12,'Expense Input File'!$B$27:$L$70,4,FALSE)),(HLOOKUP($A$12,'Expense Input File'!$B$27:$L$70,5,FALSE)), (HLOOKUP($A$12,'Expense Input File'!$B$27:$L$70,6,FALSE)),(HLOOKUP($A$12,'Expense Input File'!$B$27:$L$70,7,FALSE)))-$K$41 -> #N/A | F41: =(HLOOKUP($A$12,'Expense Input File'!$A$27:$L$70,33,FALSE)) -> #N/A | K41: =SUM((HLOOKUP($A$12,'Expense Input File'!$B$27:$L$70,3,FALSE)),(HLOOKUP($A$12,'Expense Input File'!$B$27:$L$70,4,FALSE)),(HLOOKUP($A$12,'Expense Input File'!$B$27:$L$70,5,FALSE)), (HLOOKUP($A$12,'Expense Input File'!$B$27:$L$70,6,FALSE)))-(HLOOKUP($A$12,'Expense Input File'!$A$27:$L$70,8,FALSE)) -> #N/A
A42: SYSTEM MAINTENANCE | D42: =HLOOKUP($A$12,'Expense Input File'!$B$14:$L$24,4,FALSE) -> #N/A
A44: TOTAL TO SEGMENT | D44: =SUM(D41:D42) -> #N/A
A45: DIRECT LINES O&M | D45: =D44-D46 -> #N/A | E45: =(E37/D37)*D45 -> #N/A | F45: =(F37/D37)*D45 -> #N/A | G45: =(G37/D37)*D45 -> #N/A | H45: =(H37/D37)*D45 -> #N/A | I45: =(I37/D37)*D45 -> #N/A | J45: =(J37/D37)*D45 -> #N/A
A46: DIRECT SUBSTATION O&M | D46: =((D38/D39)*D44) -> #N/A | E46: =(E38/D38)*D46 -> #N/A | F46: =(F38/D38)*D46 -> #N/A | G46: =(G38/D38)*D46 -> #N/A | H46: =(H38/D38)*D46 -> #N/A | I46: =(I38/D38)*D46 -> #N/A | J46: =(J38/D38)*D46 -> #N/A
A47: TOTAL DIRECT TRANSMISSION O&M | D47: =SUM(E47:J47) -> #N/A | E47: =SUM(E45:E46) -> #N/A | F47: =SUM(F45:F46) -> #N/A | G47: =SUM(G45:G46) -> #N/A | H47: =SUM(H45:H46) -> #N/A | I47: =SUM(I45:I46) -> #N/A | J47: =SUM(J45:J46) -> #N/A
A48: SCHEDULING | D48: =K48 -> #N/A | K48: =SUM((HLOOKUP($A$12,'Expense Input File'!$A$27:$L$70,24,FALSE)),(HLOOKUP($A$12,'Expense Input File'!$A$27:$L$70,25,FALSE)),(HLOOKUP($A$12,'Expense Input File'!$A$27:$L$70,26,FALSE)),(HLOOKUP($A$12,'Expense Input File'!$A$27:$L$70,27,FALSE)),(HLOOKUP($A$12,'Expense Input File'!$A$27:$L$70,28,FALSE))) -> #N/A
A49: TOTAL DIRECT O&M (w/AS) | D49: =SUM(E49:K49) -> #N/A | E49: =E47 -> #N/A | F49: =F47+F41 -> #N/A | G49: =G47 -> #N/A | H49: =H47 -> #N/A | I49: =I47 -> #N/A | J49: =J47 -> #N/A | K49: =K48+K41 -> #N/A
A50: OVERHEAD CATEGORIES
A51: MARKETING | D51: =SUM((HLOOKUP($A$12,'Expense Input File'!$A$27:$L$70,10,FALSE)),(HLOOKUP($A$12,'Expense Input File'!$A$27:$L$70,11,FALSE)),(HLOOKUP($A$12,'Expense Input File'!$A$27:$L$70,12,FALSE)),(HLOOKUP($A$12,'Expense Input File'!$A$27:$L$70,13,FALSE))) -> #N/A | E51: =(E49/D49)*D51 -> #N/A | F51: =(F49/D49)*D51 -> #N/A | G51: =(G49/D49)*D51 -> #N/A | H51: =(H49/D49)*D51 -> #N/A | I51: =(I49/D49)*D51 -> #N/A | J51: =(J49/D49)*D51 -> #N/A | K51: =(K49/D49)*D51 -> #N/A
A52: BUSINESS SUPPORT | D52: =SUM((HLOOKUP($A$12,'Expense Input File'!$A$27:$L$70,14,FALSE)),(HLOOKUP($A$12,'Expense Input File'!$A$27:$L$70,16,FALSE)),(HLOOKUP($A$12,'Expense Input File'!$A$27:$L$70,17,FALSE)),(HLOOKUP($A$12,'Expense Input File'!$A$27:$L$70,18,FALSE)),(HLOOKUP($A$12,'Expense Input File'!$A$27:$L$70,19,FALSE)),(HLOOKUP($A$12,'Expense Input File'!$A$27:$L$70,20,FALSE)),(HLOOKUP($A$12,'Expense Input File'!$A$27:$L$70,21,FALSE)),(HLOOKUP($A$12,'Expense Input File'!$A$27:$L$70,30,FALSE)),(HLOOKUP($A$12,'Expense Input File'!$A$27:$L$70,31,FALSE)),(HLOOKUP($A$12,'Expense Input File'!$A$27:$L$70,32,FALSE))) -> #N/A | E52: =(E49/D49)*D52 -> #N/A | F52: =(F49/D49)*D52 -> #N/A | G52: =(G49/D49)*D52 -> #N/A | H52: =(H49/D49)*D52 -> #N/A | I52: =(I49/D49)*D52 -> #N/A | J52: =(J49/D49)*D52 -> #N/A | K52: =(K49/D49)*D52 -> #N/A
A53: SYSTEM ENGINEERING | D53: =HLOOKUP($A$12,'Expense Input File'!$B$14:$L$24,3,FALSE) -> #N/A | E53: =(E49/D49)*(D53-(HLOOKUP($A$12,'Expense Input File'!$A$14:$L$24,10,FALSE))) -> #N/A | F53: =(F49/D49)*(D53-(HLOOKUP($A$12,'Expense Input File'!$A$14:$L$24,10,FALSE))) -> #N/A | G53: =(G49/D49)*(D53-(HLOOKUP($A$12,'Expense Input File'!$A$14:$L$24,10,FALSE))) -> #N/A | H53: =(H49/D49)*(D53-(HLOOKUP($A$12,'Expense Input File'!$A$14:$L$24,10,FALSE))) -> #N/A | I53: =(I49/D49)*(D53-(HLOOKUP($A$12,'Expense Input File'!$A$14:$L$24,10,FALSE))) -> #N/A | J53: =(J49/D49)*(D53-(HLOOKUP($A$12,'Expense Input File'!$A$14:$L$24,10,FALSE))) -> #N/A | K53: =((K49/D49)*(D53-(HLOOKUP($A$12,'Expense Input File'!$A$14:$L$24,10,FALSE))))+(HLOOKUP($A$12,'Expense Input File'!$A$14:$L$24,10,FALSE)) -> #N/A
A54: CORPORATE/OTHER | D54: =SUM((HLOOKUP($A$12,'Expense Input File'!$A$14:$L$24,7,FALSE)),(HLOOKUP($A$12,'Expense Input File'!$A$14:$L$24,8,FALSE))) -> #N/A | E54: =(E49/D49)*D54 -> #N/A | F54: =(F49/D49)*D54 -> #N/A | G54: =(G49/D49)*D54 -> #N/A | H54: =(H49/D49)*D54 -> #N/A | I54: =(I49/D49)*D54 -> #N/A | J54: =(J49/D49)*D54 -> #N/A | K54: =(K49/D49)*D54 -> #N/A
A55: OVERHEAD SUB-TOTAL | D55: =SUM(D51:D54) -> #N/A | E55: =SUM(E51:E54) -> #N/A | F55: =SUM(F51:F54) -> #N/A | G55: =SUM(G51:G54) -> #N/A | H55: =SUM(H51:H54) -> #N/A | I55: =SUM(I51:I54) -> #N/A | J55: =SUM(J51:J54) -> #N/A | K55: =SUM(K51:K54) -> #N/A
A56: TOTAL O&M | D56: =D55+D49 -> #N/A | E56: =E55+E49 -> #N/A | F56: =F55+F49 -> #N/A | G56: =G55+G49 -> #N/A | H56: =H55+H49 -> #N/A | I56: =I55+I49 -> #N/A | J56: =J55+J49 -> #N/A | K56: =K55+K49 -> #N/A
A57: ANCILLARY SERVICES
A58: BBL -PAYMENTS TO POWER SERVICES
A59: CORPS/BUREAU TRANSMISSION | D59: =(HLOOKUP($A$12,'Expense Input File'!$A$27:$L$91,37,FALSE)) -> #N/A | F59: #N/A | I59: #N/A
A60: GEN DROPPING | D60: =(HLOOKUP($A$12,'Expense Input File'!$A$27:$L$91,38,FALSE)) -> #N/A | G60: =D60 -> #N/A
A61: REDISPATCH | D61: =(HLOOKUP($A$12,'Expense Input File'!$A$27:$L$91,41,FALSE)) -> #N/A | F61: =D61 -> #N/A
A62: SYNCHRONOUS CONDENSERS | D62: =(HLOOKUP($A$12,'Expense Input File'!$A$27:$L$91,39,FALSE)) -> #N/A | F62: #N/A | G62: #N/A
A63: STATION SERVICE | D63: =HLOOKUP($A$12,'Expense Input File'!$B$27:$L$91,42,FALSE) -> #N/A | E63: =(E38/D38)*D63 -> #N/A | F63: =(F38/D38)*D63 -> #N/A | G63: =(G38/D38)*D63 -> #N/A | H63: =(H38/D38)*D63 -> #N/A | I63: =(I38/D38)*D63 -> #N/A | J63: =(J38/D38)*D63 -> #N/A
A64: GENERATION INPUTS | D64: =K64 -> #N/A | K64: =HLOOKUP($A$12,'Expense Input File'!$A$27:$L$91,35,FALSE) -> #N/A
A65: BBL- SUBTOTAL | D65: =SUM(D59:D64) -> #N/A | E65: =SUM(E59:E64) -> #N/A | F65: =SUM(F59:F64) -> #N/A | G65: =SUM(G59:G64) -> #N/A | H65: =SUM(H59:H64) -> #N/A | I65: =SUM(I59:I64) -> #N/A | J65: =SUM(J59:J64) -> #N/A | K65: =SUM(K59:K64) -> #N/A
A66: NON-BBL - PAYMENTS TO OTHERS
A67: NON BBL ANCILLARY SERVICES (NBBL) | D67: =SUM(E67:K67) -> #N/A | E67: =(HLOOKUP($A$12,'Expense Input File'!$B$71:$L$93,22,FALSE))*E15 -> #N/A | F67: =(HLOOKUP($A$12,'Expense Input File'!$B$71:$L$93,22,FALSE))*F15 -> #N/A | G67: =(HLOOKUP($A$12,'Expense Input File'!$B$71:$L$93,22,FALSE))*G15 -> #N/A | H67: =(HLOOKUP($A$12,'Expense Input File'!$B$71:$L$93,22,FALSE))*H15 -> #N/A | I67: =(HLOOKUP($A$12,'Expense Input File'!$B$71:$L$93,22,FALSE))*I15 -> #N/A | J67: =(HLOOKUP($A$12,'Expense Input File'!$B$71:$L$93,22,FALSE))*J15 -> #N/A | K67: =((HLOOKUP($A$12,'Expense Input File'!$B$71:$L$93,22,FALSE))*K15)+(HLOOKUP($A$12,'Expense Input File'!$B$71:$L$93,23,FALSE)) -> #N/A
A68: LEASED FACILITIES (NBBL) | D68: =HLOOKUP($A$12,'Expense Input File'!$A$27:$L$91,46,FALSE) -> #N/A | F68: =D68 -> #N/A
A69: SETTLEMENT AGREEMENTS (NBBL) | D69: =HLOOKUP($A$12,'Expense Input File'!$A$27:$L$91,47,FALSE) -> #N/A | E69: =(E49/D49)*D69 -> #N/A | F69: =(F49/D49)*D69 -> #N/A | G69: =(G49/D49)*D69 -> #N/A | H69: =(H49/D49)*D69 -> #N/A | I69: =(I49/D49)*D69 -> #N/A | J69: =(J49/D49)*D69 -> #N/A | K69: =(K49/D49)*D69 -> #N/A
A70: TRANSMISSION RENEWABLES (NBBL) | D70: =HLOOKUP($A$12,'Expense Input File'!$A$27:$L$91,48,FALSE) -> #N/A | K70: =D70 -> #N/A
A71: NON-BBL- SUBTOTAL | D71: =SUM(D67:D70) -> #N/A | E71: =SUM(E67:E70) -> #N/A | F71: =SUM(F67:F70) -> #N/A | G71: =SUM(G67:G70) -> #N/A | H71: =SUM(H67:H70) -> #N/A | I71: =SUM(I67:I70) -> #N/A | J71: =SUM(J67:J70) -> #N/A | K71: =SUM(K67:K70) -> #N/A
A72: TOTAL TRANS ACQ AND ANCILLARY | D72: =SUM(E72:K72) -> #N/A | E72: =E71+E65 -> #N/A | F72: =F71+F65 -> #N/A | G72: =G71+G65 -> #N/A | H72: =H71+H65 -> #N/A | I72: =I71+I65 -> #N/A | J72: =J71+J65 -> #N/A | K72: =K71+K65 -> #N/A

Sheet Expense Input File
A13: SUMMARY DATA | F13: BP-22 FP
A14: PROJ ID (LEVEL 2) | B14: PROGRAM DESCRIPTION | F14: 2022 | G14: =F14+1 -> 2023 | H14: =G14+1 -> 2024 | I14: =H14+1 -> 2025 | J14: =I14+1 -> 2026 | K14: =J14+1 -> 2027 | L14: =K14+1 -> 2028
A15: 4785 | B15: TRANSMISSION OPERATIONS TOTAL | F15: 168710.53 | G15: 171594.53 | H15: 194646.81 | I15: 201486.87 | J15: 220399.58 | K15: 237767.37 | L15: 253776.56
A16: 4786 | B16: TRANSMISSION ENGINEERING TOTAL | F16: 56569.63 | G16: 57094.456 | H16: 58098.646 | I16: 59061.538 | J16: 73816.91 | K16: 77372.537 | L16: 80792.517
A17: 4787 | B17: TRANSMISSION MAINTENANCE TOTAL | C17: Including Environment | F17: 177560.31 | G17: 179860.31 | H17: 193858.09 | I17: 199815.82 | J17: 224667.21 | K17: 239518.35 | L17: 252997.99
A18: 4879 | B18: TBL REIMBURSABLES TOTAL | F18: 9721.4181 | G18: 9757.9 | H18: 9509.5977 | I18: 9658.9859 | J18: 17028.327 | K18: 17464.815 | L18: 17913.207
A19: 4784 | B19: TBL AQUISITION & ANCILLARY | F19: 108921.64 | G19: 108928.05 | H19: 116615.06 | I19: 116616.27 | J19: 197209.72 | K19: 197209.72 | L19: 197209.72
A20: 4788 | B20: GEN & ADMIN/SHARED SERVICES TOTAL | F20: 103195.5 | G20: 104681.44 | H20: 136027.43 | I20: 139935.24 | J20: 202978.69 | K20: 219690.97 | L20: 230576.47
A21: ? | B21: OTHER INCOME AND ADJUSTMENTS | F21: 0 | G21: 0 | H21: 0 | I21: 0 | J21: 0 | K21: 0 | L21: 0
A22: ~
A23: ~ | B23: WECC/PEAK (PART OF TS ENGINEERING) | E23: Temp Hardcode PreIPR | F23: 2300 | G23: 2300 | H23: 2300 | I23: 2300 | J23: 2748.0047 | K23: 2748.0047 | L23: 2748.0047
A24: ~ | B24: regional compliance enforcement/regional coordinator (previously WECC/Peak)
A25: QC Transmission Operations Totals | F25: =(SUM(F29:F33,F36:F40,F42:F47,F61:F65,F67:F70))-F15 -> 0 | G25: =(SUM(G29:G33,G36:G40,G42:G47,G61:G65,G67:G70))-G15 -> 0 | H25: =(SUM(H29:H33,H36:H40,H42:H58,H61:H65,H67:H70))-H15+H94 -> 1.1368684e-11 | I25: =(SUM(I29:I33,I36:I40,I42:I58,I61:I65,I67:I70))-I15+I94 -> -4.6838977e-11 | J25: =(SUM(J29:J33,J36:J40,J42:J58,J61:J65,J67:J70))-J15+J94 -> 2.7057467e-11 | K25: =(SUM(K29:K33,K36:K40,K42:K58,K61:K65,K67:K70))-K15+K94 -> 2.7057467e-11 | L25: =(SUM(L29:L33,L36:L40,L42:L58,L61:L65,L67:L70))-L15+L94 -> -3.1150194e-11
A26: DETAILED DATA SUPPORTING SEGMENTATION AND ANCILLARY SERVICES ANALYSIS
A27: PROJ ID (LEVEL 4) | B27: PROGRAM DESCRIPTION | F27: =F$14 -> 2022 | G27: =G$14 -> 2023 | H27: =H$14 -> 2024 | I27: =I$14 -> 2025 | J27: =J$14 -> 2026 | K27: =K$14 -> 2027 | L27: =L$14 -> 2028
B28: SYSTEM OPERATIONS
A29: 1055 | B29: POWER SYSTEM DISPATCHING | F29: 16272.738 | G29: 16590.131 | H29: 21241.534 | I29: 22352.464 | J29: 20906.961 | K29: 21897.726 | L29: 23274.598
A30: 1072 | B30: INFORMATION TECHNOLOGY | F30: 3971.8409 | G30: 4036.9667 | H30: 14807.719 | I30: 15218.567 | J30: 10276.976 | K30: 11945.77 | L30: 13227.781
A31: 1200 | B31: CONTROL CENTER SUPPORT | F31: 34587.911 | G31: 34881.881 | H31: 33567.925 | I31: 34142.957 | J31: 39327.774 | K31: 40415.937 | L31: 41828.753
A32: 1205 | B32: TECHNICAL OPERATIONS (Includes Oversupply Admin) | F32: 7400.9288 | G32: 7547.4847 | H32: 9502.0402 | I32: 9843.2181 | J32: 8509.2125 | K32: 8715.5171 | L32: 9053.2731
A33: 1206 | B33: SUBSTATION OPERATIONS | F33: 25917.435 | G33: 26444.975 | H33: 30861.494 | I33: 32447.227 | J33: 31428.927 | K33: 32837.689 | L33: 34304.473
A34: 6060 | B34: OVERSUPPLY ADMIN - SPLIT FROM TECH. OPS | E34: Temp Hardcode PreIPR | F34: 180 | G34: 180 | H34: 180 | I34: 180 | J34: 0 | K34: 0 | L34: 0
B35: MARKETING
A36: 4443 | B36: MKTG TRANSMISSION SALES | F36: 3402.158 | G36: 3483.4421 | H36: 3695.7818 | I36: 3844.0802 | J36: 3346.776 | K36: 3416.8309 | L36: 3572.2488
A37: 4682 | B37: MKTG CONTRACT MANAGEMENT | F37: 2138.964 | G37: 2182.1047 | H37: 2653.7174 | I37: 2754.8299 | J37: 1851.9179 | K37: 1908.0348 | L37: 1963.5486
A38: 4683 | B38: MKTG TRANSMISSION BILLING | F38: 907.03598 | G38: 938.9565 | H38: 0 | I38: 0 | J38: 0 | K38: 0 | L38: 0
A39: 4684 | B39: MKTG BUSINESS STRAT & ASSESS | F39: 8042.6218 | G39: 8175.2029 | H39: 8361.8291 | I39: 8649.255 | J39: 6921.9795 | K39: 7103.4379 | L39: 7372.0436
A40: 6023 | B40: STRATEGIC INTEGRATION | C40: (Previously Energy Imbalance Market - EIM) | F40: 1340.3795 | G40: 1352.04 | H40: 0 | I40: 0 | J40: 0 | K40: 0 | L40: 0
B41: BUSINESS SUPPORT
A42: 1089 | B42: EXECUTIVE & ADMIN SERVICES | F42: 16069.371 | G42: 16313.84 | H42: 0 | I42: 0 | J42: 0 | K42: 0 | L42: 0
A43: 1074 | B43: AIRCRAFT SERVICES | F43: 947.65461 | G43: 961.77315 | H43: 773.93606 | I43: 792.26852 | J43: 748.49472 | K43: 779.85247 | L43: 825.30732
A44: 1090 | B44: TBL INTERNAL GENERAL & ADMINISTRATIVE | F44: 23326.617 | G44: 23822.895 | H44: 13550.285 | I44: 14027.592 | J44: 16089.783 | K44: 17046.119 | L44: 17794.74
A45: 1076 | B45: LOGISTICS SERVICES | F45: 5847.1817 | G45: 5901.5967 | H45: 5262.1052 | I45: 5823.3043 | J45: 2353.0567 | K45: 3033.5365 | L45: 3777.2233
A46: 4146 | B46: SECURITY ENHANCEMENTS EXPENSE | F46: 3031.295 | G46: 3031.295 | H46: 2170.5283 | I46: 2179.996 | J46: 1667.9595 | K46: 1883.6162 | L46: 2140.6593
A47: 1093 | B47: LEGAL SUPPORT - EXPENSE | F47: 2638.158 | G47: 2783.011 | H47: 2797.2189 | I47: 2912.5153 | J47: 3936.6953 | K47: 4109.0419 | L47: 4295.8159
A48: 6888 | B48: EIM INTERNAL SUPPORT | H48: 0 | I48: 0 | J48: 1591.1728 | K48: 1639.8866 | L48: 1689.4902
A49: 6506 | B49: 0006506 - ASSET MGMT ENTERPRISE SVCS | H49: 3.706968 | I49: 3.706971 | J49: 2802.2724 | K49: 2889.3259 | L49: 2978.8204
A50: 6542 | B50: 0006542 - ASSET MGMT EXEC & ADMIN SVCS | H50: 24483.527 | I50: 24922.628 | J50: 22651.489 | K50: 23606.332 | L50: 24733.689
A51: 6510 | B51: 0006510 - COMM ACTVTS ENTRPRSE SVCS | H51: 2686.1395 | I51: 2789.2727 | J51: 5750.8334 | K51: 6310.2397 | L51: 6914.13
A52: 6579 | B52: 0006579 - COMM ACT EXEC & ADMIN SVCS | H52: 3015.8832 | I52: 3127.6964 | J52: 13695.598 | K52: 15225.21 | L52: 17290.413
A53: 6507 | B53: 0006507 - OPERATIONS ENTERPRISE SVCS | H53: 579.53265 | I53: 605.16611 | J53: 1433.6378 | K53: 1482.0971 | L53: 1531.4413
A54: 6578 | B54: 0006578 - TRANS GRID MOD EXISTING | H54: 0 | I54: 0 | J54: 604.36656 | K54: 647.53884 | L54: 689.85528
A55: 6587 | B55: 0006587 - OPERATIONS EXEC & ADMIN SVCS | H55: 2421.2029 | I55: 2464.4477 | J55: 7917.0199 | K55: 8213.4746 | L55: 8573.2607
A56: 7181 | B56: IPR STRATEGIC PROJECTS AM | H56: 0 | I56: 0 | J56: 2418.7145 | K56: 3391.1029 | L56: 4333.38
A57: 7182 | B57: IPR STRATEGIC PROJECTS OPS | H57: 0 | I57: 0 | J57: 1102.4022 | K57: 5333.4241 | L57: 6762.5701
A58: 7184 | B58: IPR STRATEGIC PROJECTS CA | H58: 0 | I58: 0 | J58: 1712.3209 | K58: 2300.6848 | L58: 2877.9437
B60: SCHEDULING
A61: 1082 | B61: SCHED-RESERVATIONS | F61: 934.31558 | G61: 953.86953 | H61: 764.07695 | I61: 786.11978 | J61: 753.96 | K61: 779.44488 | L61: 805.39548
A62: 1084 | B62: SCHED-PRE-SCHEDULING | F62: 137.676 | G62: 141.11196 | H62: 0 | I62: 0 | J62: 0 | K62: 0 | L62: 0
A63: 1086 | B63: SCHED-REAL-TIME SCHEDULING | F63: 5160.853 | G63: 5273.5809 | H63: 5535.2635 | I63: 5730.9392 | J63: 5671.8971 | K63: 5853.8758 | L63: 6008.4454
A64: 1087 | B64: SCHED-TECHNICAL SUPPORT | F64: 4899.4479 | G64: 5004.1828 | H64: 4540.6614 | I64: 4697.9111 | J64: 3675.4479 | K64: 3745.8526 | L64: 3897.5786
A65: 1088 | B65: SCHED-AFTER-THE-FACT | F65: 143.79912 | G65: 147.31908 | H65: 0 | I65: 0 | J65: 0 | K65: 0 | L65: 0
B66: KSI's - PICKING UP AS BUSINESS SUPPORT
A67: 6195 | B67: KSI ASSET MANAGEMENT EXP | F67: 70.60306 | G67: 72.36793 | H67: 0 | I67: 0 | J67: 113.44596 | K67: 117.28056 | L67: 121.18524
A68: ? | B68: KSI LT FINANCE & RATES
A69: ? | B69: KSI COM OPERATIONS | F69: 1260.62 | G69: 1289.014 | H69: 0 | I69: 0 | J69: 0 | K69: 0 | L69: 0
A70: 6316 | B70: TRANSMISSION SYSTEM OPERATOR | C70: (TOP Contracts - Within System Operations Node) | F70: 260.92184 | G70: 265.48496 | H70: 9.000001 | I70: 9 | J70: 2.00268 | K70: 2.00287 | L70: 2.00299
A71: PROJ ID (LEVEL4/5) | B71: ANCILLARY SERVICES (BBL & NON-BBL) | F71: =F$14 -> 2022 | G71: =G$14 -> 2023 | H71: =H$14 -> 2024 | I71: =I$14 -> 2025 | J71: =J$14 -> 2026 | K71: =K$14 -> 2027 | L71: =L$14 -> 2028 | M71: 1
A72: 1100 | B72: ANCILLARY SERVICES PAYMENTS (BBL) "Gen Inputs" | F72: 90790.277 | G72: 90790.277 | H72: 105896 | I72: 105896 | J72: 128028.08 | K72: =J72 -> 128028.08 | L72: =K72 -> 128028.08 | M72: 2
A73: 1101 | B73: OTHER PAYMENTS TO PBL (BBL) | F73: 10789.799 | G73: 10789.799 | H73: 2551.0003 | I73: 2551.0003 | J73: =SUM(J74:J76) -> 10047.251 | K73: =SUM(K74:K76) -> 9541 | L73: =SUM(L74:L76) -> 9541 | M73: 3
B74: Corp/Bureau Network and Delivery (BBL) | F74: 9502 | G74: 9502 | H74: 706 | I74: =+$H$74 -> 706 | J74: 7696 | K74: =+J74 -> 7696 | L74: =+K74 -> 7696 | M74: 4
B75: Generation Dropping (BBL) | F75: 364.955 | G75: 364.955 | H75: 553 | I75: =+$H$75 -> 553 | J75: 714.37514 | K75: =+$H$75 -> 553 | L75: =+$H$75 -> 553 | M75: 5
B76: Synchronous Condensor (BBL) | F76: 922.844 | G76: 922.844 | H76: 1292 | I76: =+$H$76 -> 1292 | J76: 1636.8761 | K76: =+$H$76 -> 1292 | L76: =+$H$76 -> 1292 | M76: 6
A77: 1105 | B77: REDISPATCH & STATION SERVICE (BBL) | F77: 2665.181 | G77: 2665.181 | H77: 3639.024 | I77: 3639 | J77: =SUM(J78:J79) -> 3494.4118 | K77: =SUM(K78:K79) -> 3639 | L77: =SUM(L78:L79) -> 3639 | M77: 7
B78: Redispatch (BBL) | F78: 370 | G78: 370 | H78: 332 | I78: =+$H$78 -> 332 | J78: 244.88281 | K78: =+$H$78 -> 332 | L78: =+$H$78 -> 332 | M78: 8
B79: Station Service (BBL) | F79: 2295.181 | G79: 2295.181 | H79: 3307 | I79: =+$H$79 -> 3307 | J79: 3249.529 | K79: =+$H$79 -> 3307 | L79: =+$H$79 -> 3307 | M79: 9
B80: TOTAL BBL | F80: 104245.26 | G80: 104245.26 | H80: =SUM(H72,H73,H77)+H96 -> 112086.02 | I80: =SUM(I72,I73,I77)+I96 -> 112086 | J80: =SUM(J72,J73,J77)+J96 -> 141569.74 | K80: =SUM(K72,K73,K77)+K96 -> 141208.08 | L80: =SUM(L72,L73,L77)+L96 -> 141208.08 | M80: 10
M81: 11
A82: 1103 | B82: NON BBL ANCILLARY SERVICES (NBBL) | F82: 80.76 | G82: 80.76 | H82: 221 | I82: 221 | J82: 170.48782 | K82: 170.48782 | L82: 170.48782 | M82: 12
A83: 1345 | B83: LEASED FACILITIES | C83: (NBBL) | F83: 4296.4248 | G83: 4296.4248 | H83: 4128.038 | I83: 4129.2723 | J83: 3664.402 | K83: 3664.402 | L83: 3664.402 | M83: 13
A84: 4442 | B84: SETTLEMENT AGREEMENTS | C84: (NBBL) | F84: 0.98519 | G84: 0.98519 | H84: 0 | I84: 0 | J84: 0 | K84: 0 | L84: 0 | M84: 14
A85: XXXX | B85: Non BBL Balancing Reserves | C85: (NBBL) | F85: 298.21006 | G85: 304.62001 | H85: 0 | I85: 0 | J85: 0 | K85: 0 | L85: 0 | M85: 15
B86: TOTAL NBBL | F86: 4676.3801 | G86: 4682.79 | H86: =SUM(H82:H85) -> 4349.038 | I86: =SUM(I82:I85) -> 4350.2723 | J86: =SUM(J82:J85) -> 3834.8898 | K86: =SUM(K82:K85) -> 3834.8898 | L86: =SUM(L82:L85) -> 3834.8898 | M86: 16
B87: TOTAL BBL & NBBL | F87: 108921.64 | G87: 108928.05 | H87: =SUM(H80,H86) -> 116435.06 | I87: =SUM(I80,I86) -> 116436.27 | J87: =SUM(J80,J86) -> 145404.63 | K87: =SUM(K80,K86) -> 145042.97 | L87: =SUM(L80,L86) -> 145042.97 | M87: 17
M88: 18
A89: NON-BBL TRANS ACQ AND ANCILLARY SERVICES | F89: 4676.3801 | G89: 4682.79 | H89: =H86 -> 4349.038 | I89: =I86 -> 4350.2723 | J89: =J86 -> 3834.8898 | K89: =K86 -> 3834.8898 | L89: =L86 -> 3834.8898 | M89: 19
A90: BBL ANCILLARY SERVICES | F90: 104245.26 | G90: 104245.26 | H90: =H80 -> 112086.02 | I90: =I80 -> 112086 | J90: =J80 -> 141569.74 | K90: =K80 -> 141208.08 | L90: =L80 -> 141208.08 | M90: 20
A91: ANCILLARY SERVICES | F91: 108921.64 | G91: 108928.05 | H91: =SUM(H89:H90) -> 116435.06 | I91: =SUM(I89:I90) -> 116436.27 | J91: =SUM(J89:J90) -> 145404.63 | K91: =SUM(K89:K90) -> 145042.97 | L91: =SUM(L89:L90) -> 145042.97 | M91: 21
A92: For Segmentation: | B92: NON BBL ANCILLARY SERVICES LESS GEN INPUT | F92: 80.76 | G92: 80.76 | H92: =H82-H93 -> 221 | I92: =I82-I93 -> 221 | J92: =J82-J93 -> 170.48782 | K92: =K82-K93 -> 170.48782 | L92: =L82-L93 -> 170.48782 | M92: 22
B93: Gen Inputs Settlement Addition - 3PS Acquisition Expense | F93: 0 | G93: 0 | H93: 0 | I93: 0 | J93: 0 | K93: 0 | L93: 0 | M93: 23
A94: Energy Imbalance Unallocated Charges | F94: 675 | G94: 1350 | H94: 1361.705 | I94: 1361.705 | J94: 1136.4901 | K94: 1136.4901 | L94: 1136.4901 | M94: 24
B96: 168 Hr In-kind Delay Losses Service | H96: 0 | I96: 0 | J96: 0 | K96: 0 | L96: 0
G97: non IPR | H97: =H80+H18+H34 -> 121775.62 | I97: =H97-J97/1000 -> -6229.147 | J97: 1.2800477e+08 | L97: TOTAL NON-IPR
G98: IPR | I98: =H98-J98/1000 -> -504966.76 | J98: 5.0496676e+08 | L98: TOTAL IPR
I99: Difference in Highlighted yellow block Ancillary Services above
G101: not used any where, consider deleting

Sheet Ancillary Services
B8: Timeperiod - Start: | C8: 2026
B9: End: | C9: 2028
D12: Total | E12: Scheduling, | F12: Reactive | G12: Regulation | H12: Dispatchable | L12: QC
D13: Ancillary | E13: Syst Control, | F13: Supply & | G13: & Freqncy | H13: Resource | J13: Op Resrv | K13: Op Resrv
B14: =C8 -> 2026 | C14: TOP CONTRACTS BACKED OUT | D14: Services | E14: & Dispatch | F14: Volt Control | G14: Response | H14: Balnc Res | I14: VERBS | J14: Spinning | K14: Supplmtl
B15: DIRECT O&M | D15: =E15 -> 89122.228 | E15: =SUM((HLOOKUP(B14,'Expense Input File'!$A$27:$L$70,3,FALSE)),(HLOOKUP(B14,'Expense Input File'!$A$27:$L$70,4,FALSE)),(HLOOKUP(B14,'Expense Input File'!$A$27:$L$70,5,FALSE)),(HLOOKUP(B14,'Expense Input File'!$A$27:$L$70,6,FALSE)),(HLOOKUP(B14,'Expense Input File'!$A$27:$L$70,34,FALSE)),(HLOOKUP(B14,'Expense Input File'!$A$27:$L$70,35,FALSE)),(HLOOKUP(B14,'Expense Input File'!$A$27:$L$70,36,FALSE)),(HLOOKUP(B14,'Expense Input File'!$A$27:$L$70,37,FALSE)),(HLOOKUP(B14,'Expense Input File'!$A$27:$L$70,38,FALSE)))-(HLOOKUP(B14,'Expense Input File'!$A$27:$L$70,8,FALSE)) -> 89122.228 | L15: =E15-INDIRECT("'"&RIGHT($B14,2)&" Seg Dev'!"&"$K$49") -> 0 | M15: Verify Matches Seg Dev
B16: O&M OVERHEADS | D16: =SUM(INDIRECT("'"&RIGHT($B14,2)&" Seg Dev'!"&"$K$51:$K$54")) -> 98602.891 | E16: =D16 -> 98602.891 | L16: =D16-INDIRECT("'"&RIGHT($B14,2)&" Seg Dev'!"&"$K$55") -> 0 | M16: Verify Matches Seg Dev
B17: NON-BBL /Acq. & Ancillary | D17: =SUM(INDIRECT("'"& RIGHT($B14,2) & " Seg Dev'!"&"$K$68"),INDIRECT("'"& RIGHT($B14,2) & " Seg Dev'!"&"$K$70:$K$71")) -> 8.4215918 | E17: =D17-(HLOOKUP(B14,'Expense Input File'!$B$71:$L$93,15,FALSE)) -> 8.4215918 | L17: =D17-INDIRECT("'"&RIGHT($B14,2)&" Seg Dev'!"&"$K$72") -> 0 | M17: Verify Matches Seg Dev
B18: TOTAL O&M | D18: =SUM(D15:D17) -> 187733.54 | E18: =SUM(E15:E17) -> 187733.54 | L18: =D18-'Segmented Rev Req.'!L11 -> 8.4215918 | M18: Verify Ties to Segmented Rev Req - Value will be Non-BBL (In Segmented Rev Req: Non-BBL is excluded from O&M, included in Trans Acquisition line item)
B19: GENERATION INPUTS | D19: =HLOOKUP($B14,'Expense Input File'!$B$71:$L$92,2,FALSE)+HLOOKUP($B14,'Expense Input File'!$B$71:$L$1010,26,FALSE) -> 128028.08 | E19: 0 | L19: =D19-'Segmented Rev Req.'!L12 -> -8.4215918 | M19: =L18+L19 -> -1.4551915e-11 | N19: Verify Ties to Segmented Rev Req - Value will be Negative Non-BBL (In Segmented Rev Req: Non-BBL is excluded from O&M, included in Trans Acquisition line item)
B20: DEPRECIATION | D20: =E20 -> 47135.484 | E20: =INDIRECT("'"& RIGHT($B14,2) & " Seg Dev'!"&"$K$33") -> 47135.484
B21: NET INTEREST | D21: =E21 -> 4028.0204 | E21: =+'28 Seg Dev'!E21 -> 4028.0204
B22: PLANNED NET REVENUES | D22: =E22 -> 7370.7577 | E22: =INDIRECT("'"& RIGHT($B14,2) & " Seg Dev'!"&"$K$28") -> 7370.7577
B23: TOTAL REVENUE REQUIREMENT | D23: =SUM(D18:D22) -> 374295.88 | E23: =SUM(E18:E22) -> 246267.8 | L23: =D23-'Segmented Rev Req.'!L16 -> -5609.0658 | M23: Verify Total Matches Segmented Rev Req
B25: =OFFSET(B25,-11,0)+1 -> 2027
B26: DIRECT O&M | D26: =E26 -> 93354.124 | E26: =SUM((HLOOKUP(B25,'Expense Input File'!$A$27:$L$70,3,FALSE)),(HLOOKUP(B25,'Expense Input File'!$A$27:$L$70,4,FALSE)),(HLOOKUP(B25,'Expense Input File'!$A$27:$L$70,5,FALSE)),(HLOOKUP(B25,'Expense Input File'!$A$27:$L$70,6,FALSE)),(HLOOKUP(B25,'Expense Input File'!$A$27:$L$70,34,FALSE)),(HLOOKUP(B25,'Expense Input File'!$A$27:$L$70,35,FALSE)),(HLOOKUP(B25,'Expense Input File'!$A$27:$L$70,36,FALSE)),(HLOOKUP(B25,'Expense Input File'!$A$27:$L$70,37,FALSE)),(HLOOKUP(B25,'Expense Input File'!$A$27:$L$70,38,FALSE)))-(HLOOKUP(B25,'Expense Input File'!$A$27:$L$70,8,FALSE)) -> 93354.124 | L26: =E26-INDIRECT("'"&RIGHT($B25,2)&" Seg Dev'!"&"$K$49") -> 0 | M26: Verify Matches Seg Dev
B27: O&M OVERHEADS | D27: =SUM(INDIRECT("'"&RIGHT($B25,2)&" Seg Dev'!"&"$K$51:$K$54")) -> 105685.01 | E27: =D27 -> 105685.01 | L27: =D27-INDIRECT("'"&RIGHT($B25,2)&" Seg Dev'!"&"$K$55") -> 0 | M27: Verify Matches Seg Dev
B28: NON-BBL /Acq. & Ancillary | D28: =SUM(INDIRECT("'"& RIGHT($B25,2) & " Seg Dev'!"&"$K$68"),INDIRECT("'"& RIGHT($B25,2) & " Seg Dev'!"&"$K$70:$K$71")) -> 10.245299 | E28: =D28-(HLOOKUP(B25,'Expense Input File'!$B$71:$L$93,15,FALSE)) -> 10.245299 | L28: =D28-INDIRECT("'"&RIGHT($B25,2)&" Seg Dev'!"&"$K$72") -> 0 | M28: Verify Matches Seg Dev
B29: TOTAL O&M | D29: =SUM(D26:D28) -> 199049.38 | E29: =SUM(E26:E28) -> 199049.38 | L29: =D29-'Segmented Rev Req.'!L19 -> 10.245299 | M29: Verify Ties to Segmented Rev Req - Value will be Non-BBL (In Segmented Rev Req: Non-BBL is excluded from O&M, included in Trans Acquisition line item)
B30: GENERATION INPUTS | D30: =HLOOKUP($B25,'Expense Input File'!$B$71:$L$92,2,FALSE)+HLOOKUP($B25,'Expense Input File'!$B$71:$L$1010,26,FALSE) -> 128028.08 | E30: 0 | L30: =D30-'Segmented Rev Req.'!L20 -> -10.245299 | M30: =L29+L30 -> 0 | N30: Verify Ties to Segmented Rev Req - Value will be Negative Non-BBL (In Segmented Rev Req: Non-BBL is excluded from O&M, included in Trans Acquisition line item)
B31: DEPRECIATION | D31: =E31 -> 51879.824 | E31: =INDIRECT("'"& RIGHT($B25,2) & " Seg Dev'!"&"$K$33") -> 51879.824
B32: NET INTEREST | D32: =E32 -> 13979.807 | E32: =INDIRECT("'"& RIGHT($B25,2) & " Seg Dev'!"&"$K$21") -> 13979.807
B33: PLANNED NET REVENUES | D33: =E33 -> 5980.0138 | E33: =INDIRECT("'"& RIGHT($B25,2) & " Seg Dev'!"&"$K$28") -> 5980.0138
B34: TOTAL REVENUE REQUIREMENT | D34: =SUM(D29:D33) -> 398917.09 | E34: =SUM(E29:E33) -> 270889.02 | L34: =D34-'Segmented Rev Req.'!L24 -> 0 | M34: Verify Total Matches Segmented Rev Req
B36: =OFFSET(B36,-11,0)+1 -> 2028
B37: DIRECT O&M | D37: =E37 -> 98095.824 | E37: =SUM((HLOOKUP(B36,'Expense Input File'!$A$27:$L$70,3,FALSE)),(HLOOKUP(B36,'Expense Input File'!$A$27:$L$70,4,FALSE)),(HLOOKUP(B36,'Expense Input File'!$A$27:$L$70,5,FALSE)),(HLOOKUP(B36,'Expense Input File'!$A$27:$L$70,6,FALSE)),(HLOOKUP(B36,'Expense Input File'!$A$27:$L$70,34,FALSE)),(HLOOKUP(B36,'Expense Input File'!$A$27:$L$70,35,FALSE)),(HLOOKUP(B36,'Expense Input File'!$A$27:$L$70,36,FALSE)),(HLOOKUP(B36,'Expense Input File'!$A$27:$L$70,37,FALSE)),(HLOOKUP(B36,'Expense Input File'!$A$27:$L$70,38,FALSE)))-(HLOOKUP(B36,'Expense Input File'!$A$27:$L$70,8,FALSE)) -> 98095.824 | L37: =E37-INDIRECT("'"&RIGHT($B36,2)&" Seg Dev'!"&"$K$49") -> 0 | M37: Verify Matches Seg Dev
B38: O&M OVERHEADS | D38: =SUM(INDIRECT("'"&RIGHT($B36,2)&" Seg Dev'!"&"$K$51:$K$54")) -> 111519.5 | E38: =D38 -> 111519.5 | L38: =D38-INDIRECT("'"&RIGHT($B36,2)&" Seg Dev'!"&"$K$55") -> 0 | M38: Verify Matches Seg Dev
B39: NON-BBL /Acq. & Ancillary | D39: =SUM(INDIRECT("'"& RIGHT($B36,2) & " Seg Dev'!"&"$K$68"),INDIRECT("'"& RIGHT($B36,2) & " Seg Dev'!"&"$K$70:$K$71")) -> 11.932242 | E39: =D39-(HLOOKUP(B36,'Expense Input File'!$B$71:$L$93,15,FALSE)) -> 11.932242 | L39: =D39-INDIRECT("'"&RIGHT($B36,2)&" Seg Dev'!"&"$K$72") -> 0 | M39: Verify Matches Seg Dev
B40: TOTAL O&M | D40: =SUM(D37:D39) -> 209627.25 | E40: =SUM(E37:E39) -> 209627.25 | L40: =D40-'Segmented Rev Req.'!L27 -> 11.932242 | M40: Verify Ties to Segmented Rev Req - Value will be Non-BBL (In Segmented Rev Req: Non-BBL is excluded from O&M, included in Trans Acquisition line item)
B41: GENERATION INPUTS | D41: =HLOOKUP($B36,'Expense Input File'!$B$71:$L$92,2,FALSE)+HLOOKUP($B36,'Expense Input File'!$B$71:$L$1010,26,FALSE) -> 128028.08 | E41: 0 | L41: =D41-'Segmented Rev Req.'!L28 -> -11.932242 | M41: =L40+L41 -> 0 | N41: Verify Ties to Segmented Rev Req - Value will be Negative Non-BBL (In Segmented Rev Req: Non-BBL is excluded from O&M, included in Trans Acquisition line item)
B42: DEPRECIATION | D42: =E42 -> 55336.476 | E42: =INDIRECT("'"& RIGHT($B36,2) & " Seg Dev'!"&"$K$33") -> 55336.476
B43: NET INTEREST | D43: =E43 -> 19177.097 | E43: =INDIRECT("'"& RIGHT($B36,2) & " Seg Dev'!"&"$K$21") -> 19177.097
B44: PLANNED NET REVENUES | D44: =E44 -> 8499.8284 | E44: =INDIRECT("'"& RIGHT($B36,2) & " Seg Dev'!"&"$K$28") -> 8499.8284
B45: TOTAL REVENUE REQUIREMENT | D45: =SUM(D40:D44) -> 420668.73 | E45: =SUM(E40:E44) -> 292640.66 | L45: =D45-'Segmented Rev Req.'!L32 -> 0 | M45: Verify Total Matches Segmented Rev Req

Sheet Segmented Rev Req.
B7: Timeperiod - Start: | C7: 2026
B8: End: | C8: 2028
E9: TOTAL | F9: GENERATION INTEGRATION | G9: NETWORK | H9: SOUTHERN INTERTIE | I9: EASTERN INTERTIE | J9: UTILITY DELIVERY | K9: DSI DELIVERY | L9: ANCILLARY SERVICES | M9: QC CHECK
B10: =C7 -> 2026 | C10: SEGMENTED REVENUE REQUIREMENT
A11: Total O&M | B11: OPERATIONS & MAINTENANCE | E11: =SUM(F11:L11) -> 721862.39 | F11: =VLOOKUP($A11,INDIRECT("'"& RIGHT($B$10,2) & " Seg Dev'!"&"a:x"),MATCH(F$9,INDIRECT("'"& RIGHT($B$10,2) & " Seg Dev'!"&"a12:x12"),0),0) -> 11747.729 | G11: =VLOOKUP($A11,INDIRECT("'"& RIGHT($B$10,2) & " Seg Dev'!"&"a:x"),MATCH(G$9,INDIRECT("'"& RIGHT($B$10,2) & " Seg Dev'!"&"a12:x12"),0),0) -> 450701.36 | H11: =VLOOKUP($A11,INDIRECT("'"& RIGHT($B$10,2) & " Seg Dev'!"&"a:x"),MATCH(H$9,INDIRECT("'"& RIGHT($B$10,2) & " Seg Dev'!"&"a12:x12"),0),0) -> 61912.02 | I11: =VLOOKUP($A11,INDIRECT("'"& RIGHT($B$10,2) & " Seg Dev'!"&"a:x"),MATCH(I$9,INDIRECT("'"& RIGHT($B$10,2) & " Seg Dev'!"&"a12:x12"),0),0) -> 5925.8288 | J11: =VLOOKUP($A11,INDIRECT("'"& RIGHT($B$10,2) & " Seg Dev'!"&"a:x"),MATCH(J$9,INDIRECT("'"& RIGHT($B$10,2) & " Seg Dev'!"&"a12:x12"),0),0) -> 3089.5261 | K11: =VLOOKUP($A11,INDIRECT("'"& RIGHT($B$10,2) & " Seg Dev'!"&"a:x"),MATCH(K$9,INDIRECT("'"& RIGHT($B$10,2) & " Seg Dev'!"&"a12:x12"),0),0) -> 760.80015 | L11: =VLOOKUP($A11,INDIRECT("'"& RIGHT($B$10,2) & " Seg Dev'!"&"a:x"),MATCH(L$9,INDIRECT("'"& RIGHT($B$10,2) & " Seg Dev'!"&"a12:x12"),0),0) -> 187725.12 | M11: =SUM(HLOOKUP($B10,'Revenue Requirement'!$A$2:$I$12,4,FALSE),HLOOKUP($B10,'Revenue Requirement'!$A$2:$I$12,5,FALSE),HLOOKUP($B10,'Revenue Requirement'!$A$2:$I$12,6,FALSE),HLOOKUP($B10,'Revenue Requirement'!$A$2:$I$12,8,FALSE),HLOOKUP($B10,'Revenue Requirement'!$A$2:$I$12,9,FALSE)) -> 721862.39 | N11: =M11-E11 -> 0 | O11: matched to Seg Dev
A12: TOTAL TRANS ACQ AND ANCILLARY | B12: TRANS ACQUISITION AND ANCILLARY SERVICES | E12: =SUM(F12:L12) -> 146541.12 | F12: =VLOOKUP($A12,INDIRECT("'"& RIGHT($B10,2) & " Seg Dev'!"&"a:x"),MATCH(F$9,INDIRECT("'"& RIGHT($B10,2) & " Seg Dev'!"&"a12:x12"),0),0)+VLOOKUP("EIM Unallocated Charges",INDIRECT("'"& RIGHT($B10,2) & " Seg Dev'!"&"a:x"),MATCH(F$9,INDIRECT("'"& RIGHT($B10,2) & " Seg Dev'!"&"a12:x12"),0),0) -> 87.826252 | G12: =VLOOKUP($A12,INDIRECT("'"& RIGHT($B10,2) & " Seg Dev'!"&"a:x"),MATCH(G$9,INDIRECT("'"& RIGHT($B10,2) & " Seg Dev'!"&"a12:x12"),0),0)+VLOOKUP("EIM Unallocated Charges",INDIRECT("'"& RIGHT($B10,2) & " Seg Dev'!"&"a:x"),MATCH(G$9,INDIRECT("'"& RIGHT($B10,2) & " Seg Dev'!"&"a12:x12"),0),0) -> 15785.621 | H12: =VLOOKUP($A12,INDIRECT("'"& RIGHT($B10,2) & " Seg Dev'!"&"a:x"),MATCH(H$9,INDIRECT("'"& RIGHT($B10,2) & " Seg Dev'!"&"a12:x12"),0),0)+VLOOKUP("EIM Unallocated Charges",INDIRECT("'"& RIGHT($B10,2) & " Seg Dev'!"&"a:x"),MATCH(H$9,INDIRECT("'"& RIGHT($B10,2) & " Seg Dev'!"&"a12:x12"),0),0) -> 2315.0971 | I12: =VLOOKUP($A12,INDIRECT("'"& RIGHT($B10,2) & " Seg Dev'!"&"a:x"),MATCH(I$9,INDIRECT("'"& RIGHT($B10,2) & " Seg Dev'!"&"a12:x12"),0),0)+VLOOKUP("EIM Unallocated Charges",INDIRECT("'"& RIGHT($B10,2) & " Seg Dev'!"&"a:x"),MATCH(I$9,INDIRECT("'"& RIGHT($B10,2) & " Seg Dev'!"&"a12:x12"),0),0) -> 42.566666 | J12: =VLOOKUP($A12,INDIRECT("'"& RIGHT($B10,2) & " Seg Dev'!"&"a:x"),MATCH(J$9,INDIRECT("'"& RIGHT($B10,2) & " Seg Dev'!"&"a12:x12"),0),0)+VLOOKUP("EIM Unallocated Charges",INDIRECT("'"& RIGHT($B10,2) & " Seg Dev'!"&"a:x"),MATCH(J$9,INDIRECT("'"& RIGHT($B10,2) & " Seg Dev'!"&"a12:x12"),0),0) -> 266.87667 | K12: =VLOOKUP($A12,INDIRECT("'"& RIGHT($B10,2) & " Seg Dev'!"&"a:x"),MATCH(K$9,INDIRECT("'"& RIGHT($B10,2) & " Seg Dev'!"&"a12:x12"),0),0)+VLOOKUP("EIM Unallocated Charges",INDIRECT("'"& RIGHT($B10,2) & " Seg Dev'!"&"a:x"),MATCH(K$9,INDIRECT("'"& RIGHT($B10,2) & " Seg Dev'!"&"a12:x12"),0),0) -> 6.6356465 | L12: =VLOOKUP($A12,INDIRECT("'"& RIGHT($B10,2) & " Seg Dev'!"&"a:x"),MATCH(L$9,INDIRECT("'"& RIGHT($B10,2) & " Seg Dev'!"&"a12:x12"),0),0)+VLOOKUP("EIM Unallocated Charges",INDIRECT("'"& RIGHT($B10,2) & " Seg Dev'!"&"a:x"),MATCH(L$9,INDIRECT("'"& RIGHT($B10,2) & " Seg Dev'!"&"a12:x12"),0),0) -> 128036.5 | M12: =HLOOKUP($B10,'Revenue Requirement'!$A$2:$I$12,7,FALSE) -> 146541.12 | N12: =M12-E12 -> -0.0016679768 | O12: matched to Seg Dev
A13: TOTAL DEPRECIATION EXPENSE | B13: DEPRECIATION | E13: =SUM(F13:L13) -> 377162.05 | F13: =VLOOKUP($A13,INDIRECT("'"& RIGHT($B$10,2) & " Seg Dev'!"&"a:x"),MATCH(F$9,INDIRECT("'"& RIGHT($B$10,2) & " Seg Dev'!"&"a12:x12"),0),0) -> 6257.7689 | G13: =VLOOKUP($A13,INDIRECT("'"& RIGHT($B$10,2) & " Seg Dev'!"&"a:x"),MATCH(G$9,INDIRECT("'"& RIGHT($B$10,2) & " Seg Dev'!"&"a12:x12"),0),0) -> 283133.76 | H13: =VLOOKUP($A13,INDIRECT("'"& RIGHT($B$10,2) & " Seg Dev'!"&"a:x"),MATCH(H$9,INDIRECT("'"& RIGHT($B$10,2) & " Seg Dev'!"&"a12:x12"),0),0) -> 35442.736 | I13: =VLOOKUP($A13,INDIRECT("'"& RIGHT($B$10,2) & " Seg Dev'!"&"a:x"),MATCH(I$9,INDIRECT("'"& RIGHT($B$10,2) & " Seg Dev'!"&"a12:x12"),0),0) -> 4080.8017 | J13: =VLOOKUP($A13,INDIRECT("'"& RIGHT($B$10,2) & " Seg Dev'!"&"a:x"),MATCH(J$9,INDIRECT("'"& RIGHT($B$10,2) & " Seg Dev'!"&"a12:x12"),0),0) -> 829.53659 | K13: =VLOOKUP($A13,INDIRECT("'"& RIGHT($B$10,2) & " Seg Dev'!"&"a:x"),MATCH(K$9,INDIRECT("'"& RIGHT($B$10,2) & " Seg Dev'!"&"a12:x12"),0),0) -> 281.95392 | L13: =VLOOKUP($A13,INDIRECT("'"& RIGHT($B$10,2) & " Seg Dev'!"&"a:x"),MATCH(L$9,INDIRECT("'"& RIGHT($B$10,2) & " Seg Dev'!"&"a12:x12"),0),0) -> 47135.484 | M13: =HLOOKUP($B10,'Revenue Requirement'!$A$2:$I$12,10,FALSE) -> 377162.05 | N13: =M13-E13 -> 0 | O13: matched to Seg Dev
A14: TOTAL NET INTEREST EXPENSE | B14: NET INTEREST EXPENSE | E14: =SUM(F14:L14) -> 203728.94 | F14: =VLOOKUP($A14,INDIRECT("'"& RIGHT($B$10,2) & " Seg Dev'!"&"a:x"),MATCH(F$9,INDIRECT("'"& RIGHT($B$10,2) & " Seg Dev'!"&"a12:x12"),0),0) -> 3645.7283 | G14: =VLOOKUP($A14,INDIRECT("'"& RIGHT($B$10,2) & " Seg Dev'!"&"a:x"),MATCH(G$9,INDIRECT("'"& RIGHT($B$10,2) & " Seg Dev'!"&"a12:x12"),0),0) -> 169357.79 | H14: =VLOOKUP($A14,INDIRECT("'"& RIGHT($B$10,2) & " Seg Dev'!"&"a:x"),MATCH(H$9,INDIRECT("'"& RIGHT($B$10,2) & " Seg Dev'!"&"a12:x12"),0),0) -> 18530.478 | I14: =VLOOKUP($A14,INDIRECT("'"& RIGHT($B$10,2) & " Seg Dev'!"&"a:x"),MATCH(I$9,INDIRECT("'"& RIGHT($B$10,2) & " Seg Dev'!"&"a12:x12"),0),0) -> 2032.7248 | J14: =VLOOKUP($A14,INDIRECT("'"& RIGHT($B$10,2) & " Seg Dev'!"&"a:x"),MATCH(J$9,INDIRECT("'"& RIGHT($B$10,2) & " Seg Dev'!"&"a12:x12"),0),0) -> 368.2891 | K14: =VLOOKUP($A14,INDIRECT("'"& RIGHT($B$10,2) & " Seg Dev'!"&"a:x"),MATCH(K$9,INDIRECT("'"& RIGHT($B$10,2) & " Seg Dev'!"&"a12:x12"),0),0) -> 156.83463 | L14: =VLOOKUP($A14,INDIRECT("'"& RIGHT($B$10,2) & " Seg Dev'!"&"a:x"),MATCH(L$9,INDIRECT("'"& RIGHT($B$10,2) & " Seg Dev'!"&"a12:x12"),0),0) -> 9637.0862 | M14: =HLOOKUP($B10,'Revenue Requirement'!$A$2:$I$26,25,FALSE) -> 203728.94 | N14: =M14-E14 -> 0 | O14: matched to Seg Dev
A15: TOTAL MINIMUM REQUIRED NET REVENUE | B15: PLANNED NET REVENUES | E15: =SUM(F15:L15) -> 177401.27 | F15: =VLOOKUP($A15,INDIRECT("'"& RIGHT($B$10,2) & " Seg Dev'!"&"a:x"),MATCH(F$9,INDIRECT("'"& RIGHT($B$10,2) & " Seg Dev'!"&"a12:x12"),0),0) -> 2788.3719 | G15: =VLOOKUP($A15,INDIRECT("'"& RIGHT($B$10,2) & " Seg Dev'!"&"a:x"),MATCH(G$9,INDIRECT("'"& RIGHT($B$10,2) & " Seg Dev'!"&"a12:x12"),0),0) -> 151113.1 | H15: =VLOOKUP($A15,INDIRECT("'"& RIGHT($B$10,2) & " Seg Dev'!"&"a:x"),MATCH(H$9,INDIRECT("'"& RIGHT($B$10,2) & " Seg Dev'!"&"a12:x12"),0),0) -> 14172.713 | I15: =VLOOKUP($A15,INDIRECT("'"& RIGHT($B$10,2) & " Seg Dev'!"&"a:x"),MATCH(I$9,INDIRECT("'"& RIGHT($B$10,2) & " Seg Dev'!"&"a12:x12"),0),0) -> 1554.6942 | J15: =VLOOKUP($A15,INDIRECT("'"& RIGHT($B$10,2) & " Seg Dev'!"&"a:x"),MATCH(J$9,INDIRECT("'"& RIGHT($B$10,2) & " Seg Dev'!"&"a12:x12"),0),0) -> 281.67951 | K15: =VLOOKUP($A15,INDIRECT("'"& RIGHT($B$10,2) & " Seg Dev'!"&"a:x"),MATCH(K$9,INDIRECT("'"& RIGHT($B$10,2) & " Seg Dev'!"&"a12:x12"),0),0) -> 119.95224 | L15: =VLOOKUP($A15,INDIRECT("'"& RIGHT($B$10,2) & " Seg Dev'!"&"a:x"),MATCH(L$9,INDIRECT("'"& RIGHT($B$10,2) & " Seg Dev'!"&"a12:x12"),0),0) -> 7370.7577 | M15: =HLOOKUP($B10,'Revenue Requirement'!$A$2:$I$32,31,FALSE) -> 177401.27 | N15: =M15-E15 -> 0 | O15: matched to Seg Dev
B16: TOTAL TRANSMISSION REVENUE REQUIREMENT | E16: =SUM(E11:E15) -> 1626695.8 | F16: =SUM(F11:F15) -> 24527.424 | G16: =SUM(G11:G15) -> 1070091.6 | H16: =SUM(H11:H15) -> 132373.04 | I16: =SUM(I11:I15) -> 13636.616 | J16: =SUM(J11:J15) -> 4835.9079 | K16: =SUM(K11:K15) -> 1326.1766 | L16: =SUM(L11:L15) -> 379904.94 | M16: =HLOOKUP($B10,'Revenue Requirement'!$A$2:$I$34,33,FALSE) -> 1626695.8 | N16: =M16-E16 -> -0.0016679768
B18: =B10+1 -> 2027 | C18: SEGMENTED REVENUE REQUIREMENT
A19: =IF(A11=0," ",A11) -> Total O&M | B19: OPERATIONS & MAINTENANCE | E19: =SUM(F19:L19) -> 774349.24 | F19: =VLOOKUP($A19,INDIRECT("'"& RIGHT($B$18,2) & " Seg Dev'!"&"a:x"),MATCH(F$9,INDIRECT("'"& RIGHT($B$18,2) & " Seg Dev'!"&"a12:x12"),0),0) -> 12653.277 | G19: =VLOOKUP($A19,INDIRECT("'"& RIGHT($B$18,2) & " Seg Dev'!"&"a:x"),MATCH(G$9,INDIRECT("'"& RIGHT($B$18,2) & " Seg Dev'!"&"a12:x12"),0),0) -> 485442.72 | H19: =VLOOKUP($A19,INDIRECT("'"& RIGHT($B$18,2) & " Seg Dev'!"&"a:x"),MATCH(H$9,INDIRECT("'"& RIGHT($B$18,2) & " Seg Dev'!"&"a12:x12"),0),0) -> 66684.377 | I19: =VLOOKUP($A19,INDIRECT("'"& RIGHT($B$18,2) & " Seg Dev'!"&"a:x"),MATCH(I$9,INDIRECT("'"& RIGHT($B$18,2) & " Seg Dev'!"&"a12:x12"),0),0) -> 6382.6088 | J19: =VLOOKUP($A19,INDIRECT("'"& RIGHT($B$18,2) & " Seg Dev'!"&"a:x"),MATCH(J$9,INDIRECT("'"& RIGHT($B$18,2) & " Seg Dev'!"&"a12:x12"),0),0) -> 3327.6756 | K19: =VLOOKUP($A19,INDIRECT("'"& RIGHT($B$18,2) & " Seg Dev'!"&"a:x"),MATCH(K$9,INDIRECT("'"& RIGHT($B$18,2) & " Seg Dev'!"&"a12:x12"),0),0) -> 819.44482 | L19: =VLOOKUP($A19,INDIRECT("'"& RIGHT($B$18,2) & " Seg Dev'!"&"a:x"),MATCH(L$9,INDIRECT("'"& RIGHT($B$18,2) & " Seg Dev'!"&"a12:x12"),0),0) -> 199039.13 | M19: =SUM(HLOOKUP($B18,'Revenue Requirement'!$A$2:$I$12,4,FALSE),HLOOKUP($B18,'Revenue Requirement'!$A$2:$I$12,5,FALSE),HLOOKUP($B18,'Revenue Requirement'!$A$2:$I$12,6,FALSE),HLOOKUP($B18,'Revenue Requirement'!$A$2:$I$12,8,FALSE),HLOOKUP($B18,'Revenue Requirement'!$A$2:$I$12,9,FALSE)) -> 774349.24 | N19: =M19-E19 -> 0 | O19: matched to Seg Dev
A20: =IF(A12=0," ",A12) -> TOTAL TRANS ACQ AND ANCILLARY | B20: TRANS ACQUISITION AND ANCILLARY SERVICES | E20: =SUM(F20:L20) -> 146179.46 | F20: =VLOOKUP($A20,INDIRECT("'"& RIGHT($B18,2) & " Seg Dev'!"&"a:x"),MATCH(F$9,INDIRECT("'"& RIGHT($B18,2) & " Seg Dev'!"&"a12:x12"),0),0)+VLOOKUP("EIM Unallocated Charges",INDIRECT("'"& RIGHT($B18,2) & " Seg Dev'!"&"a:x"),MATCH(F$9,INDIRECT("'"& RIGHT($B18,2) & " Seg Dev'!"&"a12:x12"),0),0) -> 88.979369 | G20: =VLOOKUP($A20,INDIRECT("'"& RIGHT($B18,2) & " Seg Dev'!"&"a:x"),MATCH(G$9,INDIRECT("'"& RIGHT($B18,2) & " Seg Dev'!"&"a12:x12"),0),0)+VLOOKUP("EIM Unallocated Charges",INDIRECT("'"& RIGHT($B18,2) & " Seg Dev'!"&"a:x"),MATCH(G$9,INDIRECT("'"& RIGHT($B18,2) & " Seg Dev'!"&"a12:x12"),0),0) -> 15782.997 | H20: =VLOOKUP($A20,INDIRECT("'"& RIGHT($B18,2) & " Seg Dev'!"&"a:x"),MATCH(H$9,INDIRECT("'"& RIGHT($B18,2) & " Seg Dev'!"&"a12:x12"),0),0)+VLOOKUP("EIM Unallocated Charges",INDIRECT("'"& RIGHT($B18,2) & " Seg Dev'!"&"a:x"),MATCH(H$9,INDIRECT("'"& RIGHT($B18,2) & " Seg Dev'!"&"a12:x12"),0),0) -> 1952.2692 | I20: =VLOOKUP($A20,INDIRECT("'"& RIGHT($B18,2) & " Seg Dev'!"&"a:x"),MATCH(I$9,INDIRECT("'"& RIGHT($B18,2) & " Seg Dev'!"&"a12:x12"),0),0)+VLOOKUP("EIM Unallocated Charges",INDIRECT("'"& RIGHT($B18,2) & " Seg Dev'!"&"a:x"),MATCH(I$9,INDIRECT("'"& RIGHT($B18,2) & " Seg Dev'!"&"a12:x12"),0),0) -> 42.851025 | J20: =VLOOKUP($A20,INDIRECT("'"& RIGHT($B18,2) & " Seg Dev'!"&"a:x"),MATCH(J$9,INDIRECT("'"& RIGHT($B18,2) & " Seg Dev'!"&"a12:x12"),0),0)+VLOOKUP("EIM Unallocated Charges",INDIRECT("'"& RIGHT($B18,2) & " Seg Dev'!"&"a:x"),MATCH(J$9,INDIRECT("'"& RIGHT($B18,2) & " Seg Dev'!"&"a12:x12"),0),0) -> 267.30316 | K20: =VLOOKUP($A20,INDIRECT("'"& RIGHT($B18,2) & " Seg Dev'!"&"a:x"),MATCH(K$9,INDIRECT("'"& RIGHT($B18,2) & " Seg Dev'!"&"a12:x12"),0),0)+VLOOKUP("EIM Unallocated Charges",INDIRECT("'"& RIGHT($B18,2) & " Seg Dev'!"&"a:x"),MATCH(K$9,INDIRECT("'"& RIGHT($B18,2) & " Seg Dev'!"&"a12:x12"),0),0) -> 6.736229 | L20: =VLOOKUP($A20,INDIRECT("'"& RIGHT($B18,2) & " Seg Dev'!"&"a:x"),MATCH(L$9,INDIRECT("'"& RIGHT($B18,2) & " Seg Dev'!"&"a12:x12"),0),0)+VLOOKUP("EIM Unallocated Charges",INDIRECT("'"& RIGHT($B18,2) & " Seg Dev'!"&"a:x"),MATCH(L$9,INDIRECT("'"& RIGHT($B18,2) & " Seg Dev'!"&"a12:x12"),0),0) -> 128038.32 | M20: =HLOOKUP($B18,'Revenue Requirement'!$A$2:$I$12,7,FALSE) -> 146179.46 | N20: =M20-E20 -> -0.001316548 | O20: matched to Seg Dev
A21: =IF(A13=0," ",A13) -> TOTAL DEPRECIATION EXPENSE | B21: DEPRECIATION | E21: =SUM(F21:L21) -> 403792.33 | F21: =VLOOKUP($A21,INDIRECT("'"& RIGHT($B$18,2) & " Seg Dev'!"&"a:x"),MATCH(F$9,INDIRECT("'"& RIGHT($B$18,2) & " Seg Dev'!"&"a12:x12"),0),0) -> 6378.9538 | G21: =VLOOKUP($A21,INDIRECT("'"& RIGHT($B$18,2) & " Seg Dev'!"&"a:x"),MATCH(G$9,INDIRECT("'"& RIGHT($B$18,2) & " Seg Dev'!"&"a12:x12"),0),0) -> 304132.02 | H21: =VLOOKUP($A21,INDIRECT("'"& RIGHT($B$18,2) & " Seg Dev'!"&"a:x"),MATCH(H$9,INDIRECT("'"& RIGHT($B$18,2) & " Seg Dev'!"&"a12:x12"),0),0) -> 36108.396 | I21: =VLOOKUP($A21,INDIRECT("'"& RIGHT($B$18,2) & " Seg Dev'!"&"a:x"),MATCH(I$9,INDIRECT("'"& RIGHT($B$18,2) & " Seg Dev'!"&"a12:x12"),0),0) -> 4141.9303 | J21: =VLOOKUP($A21,INDIRECT("'"& RIGHT($B$18,2) & " Seg Dev'!"&"a:x"),MATCH(J$9,INDIRECT("'"& RIGHT($B$18,2) & " Seg Dev'!"&"a12:x12"),0),0) -> 861.40692 | K21: =VLOOKUP($A21,INDIRECT("'"& RIGHT($B$18,2) & " Seg Dev'!"&"a:x"),MATCH(K$9,INDIRECT("'"& RIGHT($B$18,2) & " Seg Dev'!"&"a12:x12"),0),0) -> 289.80204 | L21: =VLOOKUP($A21,INDIRECT("'"& RIGHT($B$18,2) & " Seg Dev'!"&"a:x"),MATCH(L$9,INDIRECT("'"& RIGHT($B$18,2) & " Seg Dev'!"&"a12:x12"),0),0) -> 51879.824 | M21: =HLOOKUP($B18,'Revenue Requirement'!$A$2:$I$12,10,FALSE) -> 403792.33 | N21: =M21-E21 -> 0 | O21: matched to Seg Dev
A22: =IF(A14=0," ",A14) -> TOTAL NET INTEREST EXPENSE | B22: NET INTEREST EXPENSE | E22: =SUM(F22:L22) -> 241158.51 | F22: =VLOOKUP($A22,INDIRECT("'"& RIGHT($B$18,2) & " Seg Dev'!"&"a:x"),MATCH(F$9,INDIRECT("'"& RIGHT($B$18,2) & " Seg Dev'!"&"a12:x12"),0),0) -> 3878.0409 | G22: =VLOOKUP($A22,INDIRECT("'"& RIGHT($B$18,2) & " Seg Dev'!"&"a:x"),MATCH(G$9,INDIRECT("'"& RIGHT($B$18,2) & " Seg Dev'!"&"a12:x12"),0),0) -> 200847.87 | H22: =VLOOKUP($A22,INDIRECT("'"& RIGHT($B$18,2) & " Seg Dev'!"&"a:x"),MATCH(H$9,INDIRECT("'"& RIGHT($B$18,2) & " Seg Dev'!"&"a12:x12"),0),0) -> 19751.506 | I22: =VLOOKUP($A22,INDIRECT("'"& RIGHT($B$18,2) & " Seg Dev'!"&"a:x"),MATCH(I$9,INDIRECT("'"& RIGHT($B$18,2) & " Seg Dev'!"&"a12:x12"),0),0) -> 2140.8977 | J22: =VLOOKUP($A22,INDIRECT("'"& RIGHT($B$18,2) & " Seg Dev'!"&"a:x"),MATCH(J$9,INDIRECT("'"& RIGHT($B$18,2) & " Seg Dev'!"&"a12:x12"),0),0) -> 392.95782 | K22: =VLOOKUP($A22,INDIRECT("'"& RIGHT($B$18,2) & " Seg Dev'!"&"a:x"),MATCH(K$9,INDIRECT("'"& RIGHT($B$18,2) & " Seg Dev'!"&"a12:x12"),0),0) -> 167.42846 | L22: =VLOOKUP($A22,INDIRECT("'"& RIGHT($B$18,2) & " Seg Dev'!"&"a:x"),MATCH(L$9,INDIRECT("'"& RIGHT($B$18,2) & " Seg Dev'!"&"a12:x12"),0),0) -> 13979.807 | M22: =HLOOKUP($B18,'Revenue Requirement'!$A$2:$I$26,25,FALSE) -> 241158.51 | N22: =M22-E22 -> 0 | O22: matched to Seg Dev
A23: =IF(A15=0," ",A15) -> TOTAL MINIMUM REQUIRED NET REVENUE | B23: PLANNED NET REVENUES | E23: =SUM(F23:L23) -> 150226.48 | F23: =VLOOKUP($A23,INDIRECT("'"& RIGHT($B$18,2) & " Seg Dev'!"&"a:x"),MATCH(F$9,INDIRECT("'"& RIGHT($B$18,2) & " Seg Dev'!"&"a12:x12"),0),0) -> 1658.874 | G23: =VLOOKUP($A23,INDIRECT("'"& RIGHT($B$18,2) & " Seg Dev'!"&"a:x"),MATCH(G$9,INDIRECT("'"& RIGHT($B$18,2) & " Seg Dev'!"&"a12:x12"),0),0) -> 132983.17 | H23: =VLOOKUP($A23,INDIRECT("'"& RIGHT($B$18,2) & " Seg Dev'!"&"a:x"),MATCH(H$9,INDIRECT("'"& RIGHT($B$18,2) & " Seg Dev'!"&"a12:x12"),0),0) -> 8448.9206 | I23: =VLOOKUP($A23,INDIRECT("'"& RIGHT($B$18,2) & " Seg Dev'!"&"a:x"),MATCH(I$9,INDIRECT("'"& RIGHT($B$18,2) & " Seg Dev'!"&"a12:x12"),0),0) -> 915.79218 | J23: =VLOOKUP($A23,INDIRECT("'"& RIGHT($B$18,2) & " Seg Dev'!"&"a:x"),MATCH(J$9,INDIRECT("'"& RIGHT($B$18,2) & " Seg Dev'!"&"a12:x12"),0),0) -> 168.09196 | K23: =VLOOKUP($A23,INDIRECT("'"& RIGHT($B$18,2) & " Seg Dev'!"&"a:x"),MATCH(K$9,INDIRECT("'"& RIGHT($B$18,2) & " Seg Dev'!"&"a12:x12"),0),0) -> 71.619338 | L23: =VLOOKUP($A23,INDIRECT("'"& RIGHT($B$18,2) & " Seg Dev'!"&"a:x"),MATCH(L$9,INDIRECT("'"& RIGHT($B$18,2) & " Seg Dev'!"&"a12:x12"),0),0) -> 5980.0138 | M23: =HLOOKUP($B18,'Revenue Requirement'!$A$2:$I$32,31,FALSE) -> 150226.48 | N23: =M23-E23 -> 0 | O23: matched to Seg Dev
A24: =IF(A16=0," ",A16) | B24: TOTAL TRANSMISSION REVENUE REQUIREMENT | E24: =SUM(E19:E23) -> 1715706 | F24: =SUM(F19:F23) -> 24658.125 | G24: =SUM(G19:G23) -> 1139188.8 | H24: =SUM(H19:H23) -> 132945.47 | I24: =SUM(I19:I23) -> 13624.08 | J24: =SUM(J19:J23) -> 5017.4355 | K24: =SUM(K19:K23) -> 1355.0309 | L24: =SUM(L19:L23) -> 398917.09 | M24: =HLOOKUP($B18,'Revenue Requirement'!$A$2:$I$34,33,FALSE) -> 1715706 | N24: =M24-E24 -> -0.0013165479
A26: =IF(A18=0," ",A18) | B26: =B18+1 -> 2028 | C26: SEGMENTED REVENUE REQUIREMENT
A27: =IF(A19=0," ",A19) -> Total O&M | B27: OPERATIONS & MAINTENANCE | E27: =SUM(F27:L27) -> 818143.53 | F27: =VLOOKUP($A27,INDIRECT("'"& RIGHT($B$26,2) & " Seg Dev'!"&"a:x"),MATCH(F$9,INDIRECT("'"& RIGHT($B$26,2) & " Seg Dev'!"&"a12:x12"),0),0) -> 13383.871 | G27: =VLOOKUP($A27,INDIRECT("'"& RIGHT($B$26,2) & " Seg Dev'!"&"a:x"),MATCH(G$9,INDIRECT("'"& RIGHT($B$26,2) & " Seg Dev'!"&"a12:x12"),0),0) -> 513471.92 | H27: =VLOOKUP($A27,INDIRECT("'"& RIGHT($B$26,2) & " Seg Dev'!"&"a:x"),MATCH(H$9,INDIRECT("'"& RIGHT($B$26,2) & " Seg Dev'!"&"a12:x12"),0),0) -> 70534.697 | I27: =VLOOKUP($A27,INDIRECT("'"& RIGHT($B$26,2) & " Seg Dev'!"&"a:x"),MATCH(I$9,INDIRECT("'"& RIGHT($B$26,2) & " Seg Dev'!"&"a12:x12"),0),0) -> 6751.1372 | J27: =VLOOKUP($A27,INDIRECT("'"& RIGHT($B$26,2) & " Seg Dev'!"&"a:x"),MATCH(J$9,INDIRECT("'"& RIGHT($B$26,2) & " Seg Dev'!"&"a12:x12"),0),0) -> 3519.8138 | K27: =VLOOKUP($A27,INDIRECT("'"& RIGHT($B$26,2) & " Seg Dev'!"&"a:x"),MATCH(K$9,INDIRECT("'"& RIGHT($B$26,2) & " Seg Dev'!"&"a12:x12"),0),0) -> 866.75912 | L27: =VLOOKUP($A27,INDIRECT("'"& RIGHT($B$26,2) & " Seg Dev'!"&"a:x"),MATCH(L$9,INDIRECT("'"& RIGHT($B$26,2) & " Seg Dev'!"&"a12:x12"),0),0) -> 209615.32 | M27: =SUM(HLOOKUP($B26,'Revenue Requirement'!$A$2:$I$12,4,FALSE),HLOOKUP($B26,'Revenue Requirement'!$A$2:$I$12,5,FALSE),HLOOKUP($B26,'Revenue Requirement'!$A$2:$I$12,6,FALSE),HLOOKUP($B26,'Revenue Requirement'!$A$2:$I$12,8,FALSE),HLOOKUP($B26,'Revenue Requirement'!$A$2:$I$12,9,FALSE)) -> 818143.53 | N27: =M27-E27 -> 0 | O27: matched to Seg Dev
A28: =IF(A20=0," ",A20) -> TOTAL TRANS ACQ AND ANCILLARY | B28: TRANS ACQUISITION AND ANCILLARY SERVICES | E28: =SUM(F28:L28) -> 146179.46 | F28: =VLOOKUP($A28,INDIRECT("'"& RIGHT($B26,2) & " Seg Dev'!"&"a:x"),MATCH(F$9,INDIRECT("'"& RIGHT($B26,2) & " Seg Dev'!"&"a12:x12"),0),0)+VLOOKUP("EIM Unallocated Charges",INDIRECT("'"& RIGHT($B26,2) & " Seg Dev'!"&"a:x"),MATCH(F$9,INDIRECT("'"& RIGHT($B26,2) & " Seg Dev'!"&"a12:x12"),0),0) -> 88.64358 | G28: =VLOOKUP($A28,INDIRECT("'"& RIGHT($B26,2) & " Seg Dev'!"&"a:x"),MATCH(G$9,INDIRECT("'"& RIGHT($B26,2) & " Seg Dev'!"&"a12:x12"),0),0)+VLOOKUP("EIM Unallocated Charges",INDIRECT("'"& RIGHT($B26,2) & " Seg Dev'!"&"a:x"),MATCH(G$9,INDIRECT("'"& RIGHT($B26,2) & " Seg Dev'!"&"a12:x12"),0),0) -> 15783.567 | H28: =VLOOKUP($A28,INDIRECT("'"& RIGHT($B26,2) & " Seg Dev'!"&"a:x"),MATCH(H$9,INDIRECT("'"& RIGHT($B26,2) & " Seg Dev'!"&"a12:x12"),0),0)+VLOOKUP("EIM Unallocated Charges",INDIRECT("'"& RIGHT($B26,2) & " Seg Dev'!"&"a:x"),MATCH(H$9,INDIRECT("'"& RIGHT($B26,2) & " Seg Dev'!"&"a12:x12"),0),0) -> 1950.5953 | I28: =VLOOKUP($A28,INDIRECT("'"& RIGHT($B26,2) & " Seg Dev'!"&"a:x"),MATCH(I$9,INDIRECT("'"& RIGHT($B26,2) & " Seg Dev'!"&"a12:x12"),0),0)+VLOOKUP("EIM Unallocated Charges",INDIRECT("'"& RIGHT($B26,2) & " Seg Dev'!"&"a:x"),MATCH(I$9,INDIRECT("'"& RIGHT($B26,2) & " Seg Dev'!"&"a12:x12"),0),0) -> 42.65071 | J28: =VLOOKUP($A28,INDIRECT("'"& RIGHT($B26,2) & " Seg Dev'!"&"a:x"),MATCH(J$9,INDIRECT("'"& RIGHT($B26,2) & " Seg Dev'!"&"a12:x12"),0),0)+VLOOKUP("EIM Unallocated Charges",INDIRECT("'"& RIGHT($B26,2) & " Seg Dev'!"&"a:x"),MATCH(J$9,INDIRECT("'"& RIGHT($B26,2) & " Seg Dev'!"&"a12:x12"),0),0) -> 267.26997 | K28: =VLOOKUP($A28,INDIRECT("'"& RIGHT($B26,2) & " Seg Dev'!"&"a:x"),MATCH(K$9,INDIRECT("'"& RIGHT($B26,2) & " Seg Dev'!"&"a12:x12"),0),0)+VLOOKUP("EIM Unallocated Charges",INDIRECT("'"& RIGHT($B26,2) & " Seg Dev'!"&"a:x"),MATCH(K$9,INDIRECT("'"& RIGHT($B26,2) & " Seg Dev'!"&"a12:x12"),0),0) -> 6.7221516 | L28: =VLOOKUP($A28,INDIRECT("'"& RIGHT($B26,2) & " Seg Dev'!"&"a:x"),MATCH(L$9,INDIRECT("'"& RIGHT($B26,2) & " Seg Dev'!"&"a12:x12"),0),0)+VLOOKUP("EIM Unallocated Charges",INDIRECT("'"& RIGHT($B26,2) & " Seg Dev'!"&"a:x"),MATCH(L$9,INDIRECT("'"& RIGHT($B26,2) & " Seg Dev'!"&"a12:x12"),0),0) -> 128040.01 | M28: =HLOOKUP($B26,'Revenue Requirement'!$A$2:$I$12,7,FALSE) -> 146179.46 | N28: =M28-E28 -> -0.001316548 | O28: matched to Seg Dev
A29: =IF(A21=0," ",A21) -> TOTAL DEPRECIATION EXPENSE | B29: DEPRECIATION | E29: =SUM(F29:L29) -> 431924.68 | F29: =VLOOKUP($A29,INDIRECT("'"& RIGHT($B$26,2) & " Seg Dev'!"&"a:x"),MATCH(F$9,INDIRECT("'"& RIGHT($B$26,2) & " Seg Dev'!"&"a12:x12"),0),0) -> 6496.4163 | G29: =VLOOKUP($A29,INDIRECT("'"& RIGHT($B$26,2) & " Seg Dev'!"&"a:x"),MATCH(G$9,INDIRECT("'"& RIGHT($B$26,2) & " Seg Dev'!"&"a12:x12"),0),0) -> 327931.47 | H29: =VLOOKUP($A29,INDIRECT("'"& RIGHT($B$26,2) & " Seg Dev'!"&"a:x"),MATCH(H$9,INDIRECT("'"& RIGHT($B$26,2) & " Seg Dev'!"&"a12:x12"),0),0) -> 36769.438 | I29: =VLOOKUP($A29,INDIRECT("'"& RIGHT($B$26,2) & " Seg Dev'!"&"a:x"),MATCH(I$9,INDIRECT("'"& RIGHT($B$26,2) & " Seg Dev'!"&"a12:x12"),0),0) -> 4201.181 | J29: =VLOOKUP($A29,INDIRECT("'"& RIGHT($B$26,2) & " Seg Dev'!"&"a:x"),MATCH(J$9,INDIRECT("'"& RIGHT($B$26,2) & " Seg Dev'!"&"a12:x12"),0),0) -> 892.29828 | K29: =VLOOKUP($A29,INDIRECT("'"& RIGHT($B$26,2) & " Seg Dev'!"&"a:x"),MATCH(K$9,INDIRECT("'"& RIGHT($B$26,2) & " Seg Dev'!"&"a12:x12"),0),0) -> 297.40908 | L29: =VLOOKUP($A29,INDIRECT("'"& RIGHT($B$26,2) & " Seg Dev'!"&"a:x"),MATCH(L$9,INDIRECT("'"& RIGHT($B$26,2) & " Seg Dev'!"&"a12:x12"),0),0) -> 55336.476 | M29: =HLOOKUP($B26,'Revenue Requirement'!$A$2:$I$12,10,FALSE) -> 431924.68 | N29: =M29-E29 -> 0 | O29: matched to Seg Dev
A30: =IF(A22=0," ",A22) -> TOTAL NET INTEREST EXPENSE | B30: NET INTEREST EXPENSE | E30: =SUM(F30:L30) -> 281056.3 | F30: =VLOOKUP($A30,INDIRECT("'"& RIGHT($B$26,2) & " Seg Dev'!"&"a:x"),MATCH(F$9,INDIRECT("'"& RIGHT($B$26,2) & " Seg Dev'!"&"a12:x12"),0),0) -> 4028.0204 | G30: =VLOOKUP($A30,INDIRECT("'"& RIGHT($B$26,2) & " Seg Dev'!"&"a:x"),MATCH(G$9,INDIRECT("'"& RIGHT($B$26,2) & " Seg Dev'!"&"a12:x12"),0),0) -> 234493.53 | H30: =VLOOKUP($A30,INDIRECT("'"& RIGHT($B$26,2) & " Seg Dev'!"&"a:x"),MATCH(H$9,INDIRECT("'"& RIGHT($B$26,2) & " Seg Dev'!"&"a12:x12"),0),0) -> 20573.892 | I30: =VLOOKUP($A30,INDIRECT("'"& RIGHT($B$26,2) & " Seg Dev'!"&"a:x"),MATCH(I$9,INDIRECT("'"& RIGHT($B$26,2) & " Seg Dev'!"&"a12:x12"),0),0) -> 2199.6845 | J30: =VLOOKUP($A30,INDIRECT("'"& RIGHT($B$26,2) & " Seg Dev'!"&"a:x"),MATCH(J$9,INDIRECT("'"& RIGHT($B$26,2) & " Seg Dev'!"&"a12:x12"),0),0) -> 409.50497 | K30: =VLOOKUP($A30,INDIRECT("'"& RIGHT($B$26,2) & " Seg Dev'!"&"a:x"),MATCH(K$9,INDIRECT("'"& RIGHT($B$26,2) & " Seg Dev'!"&"a12:x12"),0),0) -> 174.57822 | L30: =VLOOKUP($A30,INDIRECT("'"& RIGHT($B$26,2) & " Seg Dev'!"&"a:x"),MATCH(L$9,INDIRECT("'"& RIGHT($B$26,2) & " Seg Dev'!"&"a12:x12"),0),0) -> 19177.097 | M30: =HLOOKUP($B26,'Revenue Requirement'!$A$2:$I$26,25,FALSE) -> 281056.3 | N30: =M30-E30 -> 0 | O30: matched to Seg Dev
